Workbook

Sheet Indicadores financieros
D1: CAPACIDAD FINANCIERA (CF) | H1: CAPACIDAD ORGANIZACIONAL (CO)
B2: NIT | C2: Razón social de la sociedad | D2: Índice de liquidez | E2: Índice de endeudamiento | F2: Razón de cobertura de intereses | G2: Capital de trabajo | H2: Rentabilidad sobre el patrimonio (RP) | I2: Rentabilidad sobre activos (RA)
B3: 810002618 | C3: INGENIEROS CALDERON Y JARAMILLO SAS | D3: ='Estado de situacion financiera'!V3/'Estado de situacion financiera'!AX3 -> 1.2280029 | G3: ='Estado de situacion financiera'!V3-'Estado de situacion financiera'!AX3 -> 2178796 | H3: ='Estado de resultado integral'!U3/'Estado de situacion financiera'!BR3 -> 1.6456208 | I3: ='Estado de resultado integral'!U3/'Estado de situacion financiera'!AL3 -> 0.48100492
B4: 800000296 | C4: ZR INGENIERIA SA | D4: ='Estado de situacion financiera'!V4/'Estado de situacion financiera'!AX4 -> 21.808157 | E4: ='Estado de situacion financiera'!BI3/'Estado de situacion financiera'!AL3 -> 0.70770611 | G4: ='Estado de situacion financiera'!V4-'Estado de situacion financiera'!AX4 -> 2323418 | H4: ='Estado de resultado integral'!U4/'Estado de situacion financiera'!BR4 -> -0.011608405 | I4: ='Estado de resultado integral'!U4/'Estado de situacion financiera'!AL4 -> -0.0062793119
B5: 800009612 | C5: JUAN HARKERS SAS | D5: ='Estado de situacion financiera'!V5/'Estado de situacion financiera'!AX5 -> 7.0497271 | E5: ='Estado de situacion financiera'!BI4/'Estado de situacion financiera'!AL4 -> 0.45907195 | G5: ='Estado de situacion financiera'!V5-'Estado de situacion financiera'!AX5 -> 290399 | H5: ='Estado de resultado integral'!U5/'Estado de situacion financiera'!BR5 -> 0.011853945 | I5: ='Estado de resultado integral'!U5/'Estado de situacion financiera'!AL5 -> 0.010175242
B6: 800012888 | C6: SOFAN INGENIERIA SAS | D6: ='Estado de situacion financiera'!V6/'Estado de situacion financiera'!AX6 -> 4.5796243 | E6: ='Estado de situacion financiera'!BI5/'Estado de situacion financiera'!AL5 -> 0.14161553 | F6: ='Estado de resultado integral'!U6/'Estado de resultado integral'!W6 -> 5.2425689 | G6: ='Estado de situacion financiera'!V6-'Estado de situacion financiera'!AX6 -> 12274403 | H6: ='Estado de resultado integral'!U6/'Estado de situacion financiera'!BR6 -> 0.18766724 | I6: ='Estado de resultado integral'!U6/'Estado de situacion financiera'!AL6 -> 0.10830839
B7: 800015079 | C7: ESGUERRA Y GOMEZ SAS | D7: ='Estado de situacion financiera'!V7/'Estado de situacion financiera'!AX7 -> 2.1847046 | E7: ='Estado de situacion financiera'!BI6/'Estado de situacion financiera'!AL6 -> 0.42287005 | G7: ='Estado de situacion financiera'!V7-'Estado de situacion financiera'!AX7 -> 957034 | H7: ='Estado de resultado integral'!U7/'Estado de situacion financiera'!BR7 -> -0.060145292 | I7: ='Estado de resultado integral'!U7/'Estado de situacion financiera'!AL7 -> -0.028993681
B8: 800016281 | C8: CONSTRUCCIONES CIVILES Y PAVIMENTOS S.A.S | D8: ='Estado de situacion financiera'!V8/'Estado de situacion financiera'!AX8 -> 3.6964785 | E8: ='Estado de situacion financiera'!BI7/'Estado de situacion financiera'!AL7 -> 0.51793931 | F8: ='Estado de resultado integral'!U8/'Estado de resultado integral'!W8 -> 1.432637 | G8: ='Estado de situacion financiera'!V8-'Estado de situacion financiera'!AX8 -> 14267855 | H8: ='Estado de resultado integral'!U8/'Estado de situacion financiera'!BR8 -> 0.021210598 | I8: ='Estado de resultado integral'!U8/'Estado de situacion financiera'!AL8 -> 0.016083116
B9: 800019654 | C9: ESGAMO INGENIEROS CONSTRUCTORES S.A.S | D9: ='Estado de situacion financiera'!V9/'Estado de situacion financiera'!AX9 -> 3.7844421 | E9: ='Estado de situacion financiera'!BI8/'Estado de situacion financiera'!AL8 -> 0.24174149 | G9: ='Estado de situacion financiera'!V9-'Estado de situacion financiera'!AX9 -> 5451804 | H9: ='Estado de resultado integral'!U9/'Estado de situacion financiera'!BR9 -> -0.039323361 | I9: ='Estado de resultado integral'!U9/'Estado de situacion financiera'!AL9 -> -0.0263074
B10: 800032838 | C10: CONSTRUCTORA BG SAS | D10: ='Estado de situacion financiera'!V10/'Estado de situacion financiera'!AX10 -> 45.71915 | E10: ='Estado de situacion financiera'!BI9/'Estado de situacion financiera'!AL9 -> 0.33099819 | F10: ='Estado de resultado integral'!U10/'Estado de resultado integral'!W10 -> 41.110261 | G10: ='Estado de situacion financiera'!V10-'Estado de situacion financiera'!AX10 -> 3064022 | H10: ='Estado de resultado integral'!U10/'Estado de situacion financiera'!BR10 -> 0.017039625 | I10: ='Estado de resultado integral'!U10/'Estado de situacion financiera'!AL10 -> 0.011548041
B11: 800041077 | C11: JORGE USCATEGUI Y ASOCIADOS LTDA | D11: ='Estado de situacion financiera'!V11/'Estado de situacion financiera'!AX11 -> 3.4389896 | E11: ='Estado de situacion financiera'!BI10/'Estado de situacion financiera'!AL10 -> 0.32228313 | G11: ='Estado de situacion financiera'!V11-'Estado de situacion financiera'!AX11 -> 669249 | H11: ='Estado de resultado integral'!U11/'Estado de situacion financiera'!BR11 -> 0.18493277 | I11: ='Estado de resultado integral'!U11/'Estado de situacion financiera'!AL11 -> 0.13987293
B12: 800042119 | C12: VICPAR S A | D12: ='Estado de situacion financiera'!V12/'Estado de situacion financiera'!AX12 -> 1.5862867 | E12: ='Estado de situacion financiera'!BI11/'Estado de situacion financiera'!AL11 -> 0.24365524 | F12: ='Estado de resultado integral'!U12/'Estado de resultado integral'!W12 -> 0.84134339 | G12: ='Estado de situacion financiera'!V12-'Estado de situacion financiera'!AX12 -> 4557524 | H12: ='Estado de resultado integral'!U12/'Estado de situacion financiera'!BR12 -> 0.045688599 | I12: ='Estado de resultado integral'!U12/'Estado de situacion financiera'!AL12 -> 0.030264423
B13: 800043769 | C13: SERVICIOS DE DRAGADOS Y CONSTRUCCIONES SAS | D13: ='Estado de situacion financiera'!V13/'Estado de situacion financiera'!AX13 -> 4.1158298 | E13: ='Estado de situacion financiera'!BI12/'Estado de situacion financiera'!AL12 -> 0.33759354 | F13: ='Estado de resultado integral'!U13/'Estado de resultado integral'!W13 -> 2.2689771 | G13: ='Estado de situacion financiera'!V13-'Estado de situacion financiera'!AX13 -> 6296148 | H13: ='Estado de resultado integral'!U13/'Estado de situacion financiera'!BR13 -> 0.14432406 | I13: ='Estado de resultado integral'!U13/'Estado de situacion financiera'!AL13 -> 0.083176058
B14: 800043977 | C14: COZADEL SAS | D14: ='Estado de situacion financiera'!V14/'Estado de situacion financiera'!AX14 -> 1.070716 | E14: ='Estado de situacion financiera'!BI13/'Estado de situacion financiera'!AL13 -> 0.42368544 | F14: ='Estado de resultado integral'!U14/'Estado de resultado integral'!W14 -> 1.109939 | G14: ='Estado de situacion financiera'!V14-'Estado de situacion financiera'!AX14 -> 859291 | H14: ='Estado de resultado integral'!U14/'Estado de situacion financiera'!BR14 -> 0.66907468 | I14: ='Estado de resultado integral'!U14/'Estado de situacion financiera'!AL14 -> 0.074239136
B15: 800044735 | C15: SERVI-METAL SAS | D15: ='Estado de situacion financiera'!V15/'Estado de situacion financiera'!AX15 -> 2.7737484 | E15: ='Estado de situacion financiera'!BI14/'Estado de situacion financiera'!AL14 -> 0.88904208 | F15: ='Estado de resultado integral'!U15/'Estado de resultado integral'!W15 -> 8.2972705 | G15: ='Estado de situacion financiera'!V15-'Estado de situacion financiera'!AX15 -> 2925085 | H15: ='Estado de resultado integral'!U15/'Estado de situacion financiera'!BR15 -> 0.078857404 | I15: ='Estado de resultado integral'!U15/'Estado de situacion financiera'!AL15 -> 0.056409526
B16: 800045199 | C16: CONSTRUDISEÑOS AGROEQUIPOS COMERCIAL CONACOM SAS | D16: ='Estado de situacion financiera'!V16/'Estado de situacion financiera'!AX16 -> 2.1249223 | E16: ='Estado de situacion financiera'!BI15/'Estado de situacion financiera'!AL15 -> 0.28466418 | F16: ='Estado de resultado integral'!U16/'Estado de resultado integral'!W16 -> 6.0216766 | G16: ='Estado de situacion financiera'!V16-'Estado de situacion financiera'!AX16 -> 1705326 | H16: ='Estado de resultado integral'!U16/'Estado de situacion financiera'!BR16 -> 0.13004034 | I16: ='Estado de resultado integral'!U16/'Estado de situacion financiera'!AL16 -> 0.089295973
B17: 800049960 | C17: TECNITENQUES INGENIEROS S.AS. EN REORGANIZACION | D17: ='Estado de situacion financiera'!V17/'Estado de situacion financiera'!AX17 -> 1.5238718 | E17: ='Estado de situacion financiera'!BI16/'Estado de situacion financiera'!AL16 -> 0.313321 | F17: ='Estado de resultado integral'!U17/'Estado de resultado integral'!W17 -> 14.125877 | G17: ='Estado de situacion financiera'!V17-'Estado de situacion financiera'!AX17 -> 11911111 | H17: ='Estado de resultado integral'!U17/'Estado de situacion financiera'!BR17 -> 0.093303756 | I17: ='Estado de resultado integral'!U17/'Estado de situacion financiera'!AL17 -> 0.050363122
B18: 800050326 | C18: IOV Y CIA S.A.S | D18: ='Estado de situacion financiera'!V18/'Estado de situacion financiera'!AX18 -> 1.7671139 | E18: ='Estado de situacion financiera'!BI17/'Estado de situacion financiera'!AL17 -> 0.46022407 | G18: ='Estado de situacion financiera'!V18-'Estado de situacion financiera'!AX18 -> 891216 | H18: ='Estado de resultado integral'!U18/'Estado de situacion financiera'!BR18 -> 0.024313437 | I18: ='Estado de resultado integral'!U18/'Estado de situacion financiera'!AL18 -> 0.015895289
B19: 800050699 | C19: ALEMAN BELLO S.A.S. | D19: ='Estado de situacion financiera'!V19/'Estado de situacion financiera'!AX19 -> 3.1098105 | E19: ='Estado de situacion financiera'!BI18/'Estado de situacion financiera'!AL18 -> 0.34623438 | G19: ='Estado de situacion financiera'!V19-'Estado de situacion financiera'!AX19 -> 2779956 | H19: ='Estado de resultado integral'!U19/'Estado de situacion financiera'!BR19 -> 0.054093576 | I19: ='Estado de resultado integral'!U19/'Estado de situacion financiera'!AL19 -> 0.027620445
B20: 800055215 | C20: Valores Rivera Vergara SAS | D20: ='Estado de situacion financiera'!V20/'Estado de situacion financiera'!AX20 -> 2.9422275 | E20: ='Estado de situacion financiera'!BI19/'Estado de situacion financiera'!AL19 -> 0.48939509 | G20: ='Estado de situacion financiera'!V20-'Estado de situacion financiera'!AX20 -> 2348829 | H20: ='Estado de resultado integral'!U20/'Estado de situacion financiera'!BR20 -> 0.60178598 | I20: ='Estado de resultado integral'!U20/'Estado de situacion financiera'!AL20 -> 0.39195324
B21: 800055393 | C21: INTRICON SA | D21: ='Estado de situacion financiera'!V21/'Estado de situacion financiera'!AX21 -> 10.024338 | E21: ='Estado de situacion financiera'!BI20/'Estado de situacion financiera'!AL20 -> 0.34868333 | F21: ='Estado de resultado integral'!U21/'Estado de resultado integral'!W21 -> 5.561823 | G21: ='Estado de situacion financiera'!V21-'Estado de situacion financiera'!AX21 -> 15221604 | H21: ='Estado de resultado integral'!U21/'Estado de situacion financiera'!BR21 -> 0.079148642 | I21: ='Estado de resultado integral'!U21/'Estado de situacion financiera'!AL21 -> 0.030721781
B22: 800056653 | C22: GAVIRIA Y BORBON ASOCIADOS LTDA | D22: ='Estado de situacion financiera'!V22/'Estado de situacion financiera'!AX22 -> 2.6752062 | E22: ='Estado de situacion financiera'!BI21/'Estado de situacion financiera'!AL21 -> 0.61184703 | G22: ='Estado de situacion financiera'!V22-'Estado de situacion financiera'!AX22 -> 965810 | H22: ='Estado de resultado integral'!U22/'Estado de situacion financiera'!BR22 -> 0.068080147 | I22: ='Estado de resultado integral'!U22/'Estado de situacion financiera'!AL22 -> 0.024862171
B23: 800063392 | C23: Alfa SAIT S.A.S.BIC | D23: ='Estado de situacion financiera'!V23/'Estado de situacion financiera'!AX23 -> 1.5261612 | E23: ='Estado de situacion financiera'!BI22/'Estado de situacion financiera'!AL22 -> 0.63481026 | F23: ='Estado de resultado integral'!U23/'Estado de resultado integral'!W23 -> 6.1890194 | G23: ='Estado de situacion financiera'!V23-'Estado de situacion financiera'!AX23 -> 2025802 | H23: ='Estado de resultado integral'!U23/'Estado de situacion financiera'!BR23 -> 0.34540752 | I23: ='Estado de resultado integral'!U23/'Estado de situacion financiera'!AL23 -> 0.13857194
B24: 800067647 | C24: Colserpetrol SAS | D24: ='Estado de situacion financiera'!V24/'Estado de situacion financiera'!AX24 -> 4.1424736 | E24: ='Estado de situacion financiera'!BI23/'Estado de situacion financiera'!AL23 -> 0.5988161 | G24: ='Estado de situacion financiera'!V24-'Estado de situacion financiera'!AX24 -> 6859429 | H24: ='Estado de resultado integral'!U24/'Estado de situacion financiera'!BR24 -> 0.017414236 | I24: ='Estado de resultado integral'!U24/'Estado de situacion financiera'!AL24 -> 0.013986395
B25: 800071658 | C25: SOCIEDAD CONSTRUCTORA DE PROECTOS SAS | D25: ='Estado de situacion financiera'!V25/'Estado de situacion financiera'!AX25 -> 3.6084043 | E25: ='Estado de situacion financiera'!BI24/'Estado de situacion financiera'!AL24 -> 0.19684129 | F25: ='Estado de resultado integral'!U25/'Estado de resultado integral'!W25 -> 4.229436 | G25: ='Estado de situacion financiera'!V25-'Estado de situacion financiera'!AX25 -> 2460333 | H25: ='Estado de resultado integral'!U25/'Estado de situacion financiera'!BR25 -> 0.090812733 | I25: ='Estado de resultado integral'!U25/'Estado de situacion financiera'!AL25 -> 0.057280214
B26: 800071993 | C26: MANSER INGENIERIA SAS | D26: ='Estado de situacion financiera'!V26/'Estado de situacion financiera'!AX26 -> 111.11318 | E26: ='Estado de situacion financiera'!BI25/'Estado de situacion financiera'!AL25 -> 0.36924908 | G26: ='Estado de situacion financiera'!V26-'Estado de situacion financiera'!AX26 -> 4001623 | H26: ='Estado de resultado integral'!U26/'Estado de situacion financiera'!BR26 -> -0.016196677 | I26: ='Estado de resultado integral'!U26/'Estado de situacion financiera'!AL26 -> -0.013959994
B27: 800072941 | C27: INVERSIONES Y CONSTRUCCIONES DONADO SAS | D27: ='Estado de situacion financiera'!V27/'Estado de situacion financiera'!AX27 -> 2.1447968 | E27: ='Estado de situacion financiera'!BI26/'Estado de situacion financiera'!AL26 -> 0.13809521 | G27: ='Estado de situacion financiera'!V27-'Estado de situacion financiera'!AX27 -> 123353 | H27: ='Estado de resultado integral'!U27/'Estado de situacion financiera'!BR27 -> 0.022096846 | I27: ='Estado de resultado integral'!U27/'Estado de situacion financiera'!AL27 -> 0.014839153
B28: 800075337 | C28: SUELOS INGENIERIA SAS | D28: ='Estado de situacion financiera'!V28/'Estado de situacion financiera'!AX28 -> 2.1623815 | E28: ='Estado de situacion financiera'!BI27/'Estado de situacion financiera'!AL27 -> 0.32844926 | F28: ='Estado de resultado integral'!U28/'Estado de resultado integral'!W28 -> 2.3000167 | G28: ='Estado de situacion financiera'!V28-'Estado de situacion financiera'!AX28 -> 1886143 | H28: ='Estado de resultado integral'!U28/'Estado de situacion financiera'!BR28 -> 0.024709019 | I28: ='Estado de resultado integral'!U28/'Estado de situacion financiera'!AL28 -> 0.009278982
B29: 800075746 | C29: SINFOROSO ROBLEDO Y CIA S.A.S. | D29: ='Estado de situacion financiera'!V29/'Estado de situacion financiera'!AX29 -> 38.295653 | E29: ='Estado de situacion financiera'!BI28/'Estado de situacion financiera'!AL28 -> 0.62446984 | G29: ='Estado de situacion financiera'!V29-'Estado de situacion financiera'!AX29 -> 811628 | H29: ='Estado de resultado integral'!U29/'Estado de situacion financiera'!BR29 -> 0.023152847 | I29: ='Estado de resultado integral'!U29/'Estado de situacion financiera'!AL29 -> 0.022835845
B30: 800075951 | C30: GARPER CONSTRUCCIONES Y MAQUINARIA SAS | D30: ='Estado de situacion financiera'!V30/'Estado de situacion financiera'!AX30 -> 2.7812312 | E30: ='Estado de situacion financiera'!BI29/'Estado de situacion financiera'!AL29 -> 0.013691692 | G30: ='Estado de situacion financiera'!V30-'Estado de situacion financiera'!AX30 -> 222132 | H30: ='Estado de resultado integral'!U30/'Estado de situacion financiera'!BR30 -> -0.018002577 | I30: ='Estado de resultado integral'!U30/'Estado de situacion financiera'!AL30 -> -0.011554185
B31: 800078011 | C31: ICMO SOCIEDAD POR ACCIONES SIMPLIFICADA | D31: ='Estado de situacion financiera'!V31/'Estado de situacion financiera'!AX31 -> 1.4142572 | E31: ='Estado de situacion financiera'!BI30/'Estado de situacion financiera'!AL30 -> 0.35819273 | G31: ='Estado de situacion financiera'!V31-'Estado de situacion financiera'!AX31 -> 5487672 | H31: ='Estado de resultado integral'!U31/'Estado de situacion financiera'!BR31 -> 0.030274556 | I31: ='Estado de resultado integral'!U31/'Estado de situacion financiera'!AL31 -> 0.0079396584
B32: 800078608 | C32: INARCON SAS | D32: ='Estado de situacion financiera'!V32/'Estado de situacion financiera'!AX32 -> 5.8098028 | E32: ='Estado de situacion financiera'!BI31/'Estado de situacion financiera'!AL31 -> 0.73774484 | F32: ='Estado de resultado integral'!U32/'Estado de resultado integral'!W32 -> 20.192679 | G32: ='Estado de situacion financiera'!V32-'Estado de situacion financiera'!AX32 -> 4740306 | H32: ='Estado de resultado integral'!U32/'Estado de situacion financiera'!BR32 -> 0.41619529 | I32: ='Estado de resultado integral'!U32/'Estado de situacion financiera'!AL32 -> 0.24010624
B33: 800079382 | C33: UNION INDUSTRIAL DE BARRANCABERMEJA SAS | D33: ='Estado de situacion financiera'!V33/'Estado de situacion financiera'!AX33 -> 3.2418564 | E33: ='Estado de situacion financiera'!BI32/'Estado de situacion financiera'!AL32 -> 0.42309237 | G33: ='Estado de situacion financiera'!V33-'Estado de situacion financiera'!AX33 -> 1913272 | H33: ='Estado de resultado integral'!U33/'Estado de situacion financiera'!BR33 -> 0.023074034 | I33: ='Estado de resultado integral'!U33/'Estado de situacion financiera'!AL33 -> 0.012698257
B34: 800079482 | C34: EQUIPOS CONSTRUCCIONES Y OBRAS S.A. | D34: ='Estado de situacion financiera'!V34/'Estado de situacion financiera'!AX34 -> 1.8582965 | E34: ='Estado de situacion financiera'!BI33/'Estado de situacion financiera'!AL33 -> 0.44967329 | F34: ='Estado de resultado integral'!U34/'Estado de resultado integral'!W34 -> 11.566312 | G34: ='Estado de situacion financiera'!V34-'Estado de situacion financiera'!AX34 -> 21812877 | H34: ='Estado de resultado integral'!U34/'Estado de situacion financiera'!BR34 -> 0.16275311 | I34: ='Estado de resultado integral'!U34/'Estado de situacion financiera'!AL34 -> 0.082811593
B35: 800085861 | C35: SILVA ARIZA SA | D35: ='Estado de situacion financiera'!V35/'Estado de situacion financiera'!AX35 -> 1.4359332 | E35: ='Estado de situacion financiera'!BI34/'Estado de situacion financiera'!AL34 -> 0.49118273 | F35: ='Estado de resultado integral'!U35/'Estado de resultado integral'!W35 -> 3.4167266 | G35: ='Estado de situacion financiera'!V35-'Estado de situacion financiera'!AX35 -> 2875917 | H35: ='Estado de resultado integral'!U35/'Estado de situacion financiera'!BR35 -> 0.17188351 | I35: ='Estado de resultado integral'!U35/'Estado de situacion financiera'!AL35 -> 0.082791563
B36: 800088443 | C36: ITAC CONSTRUCCIONES SAS | D36: ='Estado de situacion financiera'!V36/'Estado de situacion financiera'!AX36 -> 2.8976124 | E36: ='Estado de situacion financiera'!BI35/'Estado de situacion financiera'!AL35 -> 0.51832749 | G36: ='Estado de situacion financiera'!V36-'Estado de situacion financiera'!AX36 -> 2343779 | H36: ='Estado de resultado integral'!U36/'Estado de situacion financiera'!BR36 -> 0.064696322 | I36: ='Estado de resultado integral'!U36/'Estado de situacion financiera'!AL36 -> 0.036373216
B37: 800089032 | C37: ANDINA POZOS LTDA | D37: ='Estado de situacion financiera'!V37/'Estado de situacion financiera'!AX37 -> 8.2260934 | E37: ='Estado de situacion financiera'!BI36/'Estado de situacion financiera'!AL36 -> 0.43778541 | F37: ='Estado de resultado integral'!U37/'Estado de resultado integral'!W37 -> 3.0792683 | G37: ='Estado de situacion financiera'!V37-'Estado de situacion financiera'!AX37 -> 9748000 | H37: ='Estado de resultado integral'!U37/'Estado de situacion financiera'!BR37 -> 0.042125459 | I37: ='Estado de resultado integral'!U37/'Estado de situacion financiera'!AL37 -> 0.037864587
B38: 800089623 | C38: CORROSION Y SERVICIOS SAS | D38: ='Estado de situacion financiera'!V38/'Estado de situacion financiera'!AX38 -> 7.8093891 | E38: ='Estado de situacion financiera'!BI37/'Estado de situacion financiera'!AL37 -> 0.10114718 | F38: ='Estado de resultado integral'!U38/'Estado de resultado integral'!W38 -> 0.34677831 | G38: ='Estado de situacion financiera'!V38-'Estado de situacion financiera'!AX38 -> 3183546 | H38: ='Estado de resultado integral'!U38/'Estado de situacion financiera'!BR38 -> 0.021344269 | I38: ='Estado de resultado integral'!U38/'Estado de situacion financiera'!AL38 -> 0.016725109
B39: 800092242 | C39: CABALLERO ACEVEDO SAS | D39: ='Estado de situacion financiera'!V39/'Estado de situacion financiera'!AX39 -> 4.6007492 | E39: ='Estado de situacion financiera'!BI38/'Estado de situacion financiera'!AL38 -> 0.21641218 | G39: ='Estado de situacion financiera'!V39-'Estado de situacion financiera'!AX39 -> 5343555 | H39: ='Estado de resultado integral'!U39/'Estado de situacion financiera'!BR39 -> 0.067418124 | I39: ='Estado de resultado integral'!U39/'Estado de situacion financiera'!AL39 -> 0.035717855
B40: 800093266 | C40: GARCIA RIOS CONSTRUCTORES SAS | D40: ='Estado de situacion financiera'!V40/'Estado de situacion financiera'!AX40 -> 1.3786811 | E40: ='Estado de situacion financiera'!BI39/'Estado de situacion financiera'!AL39 -> 0.47020396 | F40: ='Estado de resultado integral'!U40/'Estado de resultado integral'!W40 -> -18.180151 | G40: ='Estado de situacion financiera'!V40-'Estado de situacion financiera'!AX40 -> 1086987 | H40: ='Estado de resultado integral'!U40/'Estado de situacion financiera'!BR40 -> 1.4537358 | I40: ='Estado de resultado integral'!U40/'Estado de situacion financiera'!AL40 -> -0.96470175
B41: 800096053 | C41: EDYCON CUBIERTAS S.A.S. | D41: ='Estado de situacion financiera'!V41/'Estado de situacion financiera'!AX41 -> 1.0137939 | E41: ='Estado de situacion financiera'!BI40/'Estado de situacion financiera'!AL40 -> 1.6636018 | G41: ='Estado de situacion financiera'!V41-'Estado de situacion financiera'!AX41 -> 8338 | H41: ='Estado de resultado integral'!U41/'Estado de situacion financiera'!BR41 -> 0.34461681 | I41: ='Estado de resultado integral'!U41/'Estado de situacion financiera'!AL41 -> 0.17000966
B42: 800100277 | C42: LAGUNA MORANTE SAS EN REORGANIZACION | D42: ='Estado de situacion financiera'!V42/'Estado de situacion financiera'!AX42 -> 13.966462 | E42: ='Estado de situacion financiera'!BI41/'Estado de situacion financiera'!AL41 -> 0.50667045 | F42: ='Estado de resultado integral'!U42/'Estado de resultado integral'!W42 -> 10.343296 | G42: ='Estado de situacion financiera'!V42-'Estado de situacion financiera'!AX42 -> 5097609 | H42: ='Estado de resultado integral'!U42/'Estado de situacion financiera'!BR42 -> 0.0045169675 | I42: ='Estado de resultado integral'!U42/'Estado de situacion financiera'!AL42 -> 0.0028069602
B43: 800102384 | C43: IMECONS LIMITADA | D43: ='Estado de situacion financiera'!V43/'Estado de situacion financiera'!AX43 -> 52.6187 | E43: ='Estado de situacion financiera'!BI42/'Estado de situacion financiera'!AL42 -> 0.37857419 | F43: ='Estado de resultado integral'!U43/'Estado de resultado integral'!W43 -> 351.19364 | G43: ='Estado de situacion financiera'!V43-'Estado de situacion financiera'!AX43 -> 644253 | H43: ='Estado de resultado integral'!U43/'Estado de situacion financiera'!BR43 -> 0.12910214 | I43: ='Estado de resultado integral'!U43/'Estado de situacion financiera'!AL43 -> 0.12741258
B44: 800104214 | C44: INCITECO SAS | D44: ='Estado de situacion financiera'!V44/'Estado de situacion financiera'!AX44 -> 5.0325354 | E44: ='Estado de situacion financiera'!BI43/'Estado de situacion financiera'!AL43 -> 0.013086966 | G44: ='Estado de situacion financiera'!V44-'Estado de situacion financiera'!AX44 -> 25250043 | H44: ='Estado de resultado integral'!U44/'Estado de situacion financiera'!BR44 -> 0.26120854 | I44: ='Estado de resultado integral'!U44/'Estado de situacion financiera'!AL44 -> 0.19739581
B45: 800107800 | C45: PAVIMENTOS EL DORADO S.A.S. | D45: ='Estado de situacion financiera'!V45/'Estado de situacion financiera'!AX45 -> 35.855921 | E45: ='Estado de situacion financiera'!BI44/'Estado de situacion financiera'!AL44 -> 0.24429802 | F45: ='Estado de resultado integral'!U45/'Estado de resultado integral'!W45 -> 24.774872 | G45: ='Estado de situacion financiera'!V45-'Estado de situacion financiera'!AX45 -> 44883133 | H45: ='Estado de resultado integral'!U45/'Estado de situacion financiera'!BR45 -> 0.097391018 | I45: ='Estado de resultado integral'!U45/'Estado de situacion financiera'!AL45 -> 0.059070256
B46: 800109273 | C46: CNV CONSTRUCCIONES SAS | D46: ='Estado de situacion financiera'!V46/'Estado de situacion financiera'!AX46 -> 1.4439165 | E46: ='Estado de situacion financiera'!BI45/'Estado de situacion financiera'!AL45 -> 0.39347327 | F46: ='Estado de resultado integral'!U46/'Estado de resultado integral'!W46 -> 0.66784498 | G46: ='Estado de situacion financiera'!V46-'Estado de situacion financiera'!AX46 -> 13466323 | H46: ='Estado de resultado integral'!U46/'Estado de situacion financiera'!BR46 -> 0.090818391 | I46: ='Estado de resultado integral'!U46/'Estado de situacion financiera'!AL46 -> 0.027305313
B47: 800112169 | C47: CONSTRUOBRAS SAS | D47: ='Estado de situacion financiera'!V47/'Estado de situacion financiera'!AX47 -> 1.2068708 | E47: ='Estado de situacion financiera'!BI46/'Estado de situacion financiera'!AL46 -> 0.69934159 | F47: ='Estado de resultado integral'!U47/'Estado de resultado integral'!W47 -> 5.8429626 | G47: ='Estado de situacion financiera'!V47-'Estado de situacion financiera'!AX47 -> 528905 | H47: ='Estado de resultado integral'!U47/'Estado de situacion financiera'!BR47 -> 0.71342512 | I47: ='Estado de resultado integral'!U47/'Estado de situacion financiera'!AL47 -> 0.13056071
B48: 800112185 | C48: CONSTRUCCIONES PUBENZA SAS | D48: ='Estado de situacion financiera'!V48/'Estado de situacion financiera'!AX48 -> 3.3163999 | E48: ='Estado de situacion financiera'!BI47/'Estado de situacion financiera'!AL47 -> 0.81699451 | F48: ='Estado de resultado integral'!U48/'Estado de resultado integral'!W48 -> 4.7114309 | G48: ='Estado de situacion financiera'!V48-'Estado de situacion financiera'!AX48 -> 4770116 | H48: ='Estado de resultado integral'!U48/'Estado de situacion financiera'!BR48 -> 0.076940443 | I48: ='Estado de resultado integral'!U48/'Estado de situacion financiera'!AL48 -> 0.025234627
B49: 800112904 | C49: TEMPLADO SAS | D49: ='Estado de situacion financiera'!V49/'Estado de situacion financiera'!AX49 -> 1.4804216 | E49: ='Estado de situacion financiera'!BI48/'Estado de situacion financiera'!AL48 -> 0.6720239 | F49: ='Estado de resultado integral'!U49/'Estado de resultado integral'!W49 -> 11.915465 | G49: ='Estado de situacion financiera'!V49-'Estado de situacion financiera'!AX49 -> 7752506 | H49: ='Estado de resultado integral'!U49/'Estado de situacion financiera'!BR49 -> 0.20096266 | I49: ='Estado de resultado integral'!U49/'Estado de situacion financiera'!AL49 -> 0.11729488
B50: 800113634 | C50: CAPRELCO SAS | D50: ='Estado de situacion financiera'!V50/'Estado de situacion financiera'!AX50 -> 21.023934 | E50: ='Estado de situacion financiera'!BI49/'Estado de situacion financiera'!AL49 -> 0.41633493 | G50: ='Estado de situacion financiera'!V50-'Estado de situacion financiera'!AX50 -> 2811100 | H50: ='Estado de resultado integral'!U50/'Estado de situacion financiera'!BR50 -> 0.0061406806 | I50: ='Estado de resultado integral'!U50/'Estado de situacion financiera'!AL50 -> 0.0025883978
B51: 800113677 | C51: PETROLABIN S.A.S | D51: ='Estado de situacion financiera'!V51/'Estado de situacion financiera'!AX51 -> 6.5139368 | E51: ='Estado de situacion financiera'!BI50/'Estado de situacion financiera'!AL50 -> 0.57848357 | F51: ='Estado de resultado integral'!U51/'Estado de resultado integral'!W51 -> 1.9534595 | G51: ='Estado de situacion financiera'!V51-'Estado de situacion financiera'!AX51 -> 30094593 | H51: ='Estado de resultado integral'!U51/'Estado de situacion financiera'!BR51 -> 0.093116333 | I51: ='Estado de resultado integral'!U51/'Estado de situacion financiera'!AL51 -> 0.058470158
B52: 800113757 | C52: INGE C Y C S.A.S | D52: ='Estado de situacion financiera'!V52/'Estado de situacion financiera'!AX52 -> 5.691335 | E52: ='Estado de situacion financiera'!BI51/'Estado de situacion financiera'!AL51 -> 0.37207409 | G52: ='Estado de situacion financiera'!V52-'Estado de situacion financiera'!AX52 -> 163235 | H52: ='Estado de resultado integral'!U52/'Estado de situacion financiera'!BR52 -> 0.005351072 | I52: ='Estado de resultado integral'!U52/'Estado de situacion financiera'!AL52 -> 0.0051403086
B53: 800119086 | C53: PROYECTOS Y VIAS SASPROYECTOS Y VIAS SAS | D53: ='Estado de situacion financiera'!V53/'Estado de situacion financiera'!AX53 -> 13.892691 | E53: ='Estado de situacion financiera'!BI52/'Estado de situacion financiera'!AL52 -> 0.039387148 | F53: ='Estado de resultado integral'!U53/'Estado de resultado integral'!W53 -> 10.497051 | G53: ='Estado de situacion financiera'!V53-'Estado de situacion financiera'!AX53 -> 15384668 | H53: ='Estado de resultado integral'!U53/'Estado de situacion financiera'!BR53 -> 0.086445706 | I53: ='Estado de resultado integral'!U53/'Estado de situacion financiera'!AL53 -> 0.072332354
B54: 800124466 | C54: GABRIEL VERGARA VERGARA SAS | D54: ='Estado de situacion financiera'!V54/'Estado de situacion financiera'!AX54 -> 8.8747909 | E54: ='Estado de situacion financiera'!BI53/'Estado de situacion financiera'!AL53 -> 0.16326262 | F54: ='Estado de resultado integral'!U54/'Estado de resultado integral'!W54 -> -6.1710644 | G54: ='Estado de situacion financiera'!V54-'Estado de situacion financiera'!AX54 -> 1732580 | H54: ='Estado de resultado integral'!U54/'Estado de situacion financiera'!BR54 -> -0.37903854 | I54: ='Estado de resultado integral'!U54/'Estado de situacion financiera'!AL54 -> -0.15031354
B55: 800125980 | C55: EMECON SA EN REORGANIZACION | D55: ='Estado de situacion financiera'!V55/'Estado de situacion financiera'!AX55 -> 1.3409729 | E55: ='Estado de situacion financiera'!BI54/'Estado de situacion financiera'!AL54 -> 0.60343469 | F55: ='Estado de resultado integral'!U55/'Estado de resultado integral'!W55 -> 13.967815 | G55: ='Estado de situacion financiera'!V55-'Estado de situacion financiera'!AX55 -> 3205771 | H55: ='Estado de resultado integral'!U55/'Estado de situacion financiera'!BR55 -> 0.15889473 | I55: ='Estado de resultado integral'!U55/'Estado de situacion financiera'!AL55 -> 0.090599043
B56: 800129071 | C56: SOTARCO SAS | D56: ='Estado de situacion financiera'!V56/'Estado de situacion financiera'!AX56 -> 6.8269802 | E56: ='Estado de situacion financiera'!BI55/'Estado de situacion financiera'!AL55 -> 0.42981721 | G56: ='Estado de situacion financiera'!V56-'Estado de situacion financiera'!AX56 -> 4264254 | H56: ='Estado de resultado integral'!U56/'Estado de situacion financiera'!BR56 -> 0.25745428 | I56: ='Estado de resultado integral'!U56/'Estado de situacion financiera'!AL56 -> 0.18602973
B57: 800134130 | C57: solidos ingenieros civiles sa | D57: ='Estado de situacion financiera'!V57/'Estado de situacion financiera'!AX57 -> 1.7189129 | E57: ='Estado de situacion financiera'!BI56/'Estado de situacion financiera'!AL56 -> 0.27742613 | F57: ='Estado de resultado integral'!U57/'Estado de resultado integral'!W57 -> 4.1102805 | G57: ='Estado de situacion financiera'!V57-'Estado de situacion financiera'!AX57 -> 3204376 | H57: ='Estado de resultado integral'!U57/'Estado de situacion financiera'!BR57 -> 0.096947145 | I57: ='Estado de resultado integral'!U57/'Estado de situacion financiera'!AL57 -> 0.054823922
B58: 800137478 | C58: METALORIENTE SAS | D58: ='Estado de situacion financiera'!V58/'Estado de situacion financiera'!AX58 -> 1.4991685 | E58: ='Estado de situacion financiera'!BI57/'Estado de situacion financiera'!AL57 -> 0.43449679 | F58: ='Estado de resultado integral'!U58/'Estado de resultado integral'!W58 -> 2.8489861 | G58: ='Estado de situacion financiera'!V58-'Estado de situacion financiera'!AX58 -> 1804527 | H58: ='Estado de resultado integral'!U58/'Estado de situacion financiera'!BR58 -> 0.17509416 | I58: ='Estado de resultado integral'!U58/'Estado de situacion financiera'!AL58 -> 0.084905438
B59: 800140959 | C59: CYG INGENIERIA Y CONSTRUCCIONES S A S | D59: ='Estado de situacion financiera'!V59/'Estado de situacion financiera'!AX59 -> 2.8263859 | E59: ='Estado de situacion financiera'!BI58/'Estado de situacion financiera'!AL58 -> 0.51508699 | F59: ='Estado de resultado integral'!U59/'Estado de resultado integral'!W59 -> 1.0991066 | G59: ='Estado de situacion financiera'!V59-'Estado de situacion financiera'!AX59 -> 35979638 | H59: ='Estado de resultado integral'!U59/'Estado de situacion financiera'!BR59 -> 0.057476648 | I59: ='Estado de resultado integral'!U59/'Estado de situacion financiera'!AL59 -> 0.024833287
B60: 800141509 | C60: CORA SAS | D60: ='Estado de situacion financiera'!V60/'Estado de situacion financiera'!AX60 -> 1.1013493 | E60: ='Estado de situacion financiera'!BI59/'Estado de situacion financiera'!AL59 -> 0.56794128 | F60: ='Estado de resultado integral'!U60/'Estado de resultado integral'!W60 -> 8.0376631 | G60: ='Estado de situacion financiera'!V60-'Estado de situacion financiera'!AX60 -> 138974 | H60: ='Estado de resultado integral'!U60/'Estado de situacion financiera'!BR60 -> 0.64144041 | I60: ='Estado de resultado integral'!U60/'Estado de situacion financiera'!AL60 -> 0.26900186
B61: 800143273 | C61: MONTAJES Y CONSTRUCCIONES FERMAR SAS | D61: ='Estado de situacion financiera'!V61/'Estado de situacion financiera'!AX61 -> 20.329287 | E61: ='Estado de situacion financiera'!BI60/'Estado de situacion financiera'!AL60 -> 0.58062844 | F61: ='Estado de resultado integral'!U61/'Estado de resultado integral'!W61 -> 27.934821 | G61: ='Estado de situacion financiera'!V61-'Estado de situacion financiera'!AX61 -> 25921946 | H61: ='Estado de resultado integral'!U61/'Estado de situacion financiera'!BR61 -> 0.49911414 | I61: ='Estado de resultado integral'!U61/'Estado de situacion financiera'!AL61 -> 0.39810936
B62: 800143610 | C62: SOFORESTA SAS | D62: ='Estado de situacion financiera'!V62/'Estado de situacion financiera'!AX62 -> 3.0937668 | E62: ='Estado de situacion financiera'!BI61/'Estado de situacion financiera'!AL61 -> 0.20236811 | F62: ='Estado de resultado integral'!U62/'Estado de resultado integral'!W62 -> 1.9047633 | G62: ='Estado de situacion financiera'!V62-'Estado de situacion financiera'!AX62 -> 9904185 | H62: ='Estado de resultado integral'!U62/'Estado de situacion financiera'!BR62 -> 0.33649589 | I62: ='Estado de resultado integral'!U62/'Estado de situacion financiera'!AL62 -> 0.18645362
B63: 800144081 | C63: ODIS OBRAS Y DISEÑOS S A S | D63: ='Estado de situacion financiera'!V63/'Estado de situacion financiera'!AX63 -> 2.6782013 | E63: ='Estado de situacion financiera'!BI62/'Estado de situacion financiera'!AL62 -> 0.44589629 | G63: ='Estado de situacion financiera'!V63-'Estado de situacion financiera'!AX63 -> 338802 | H63: ='Estado de resultado integral'!U63/'Estado de situacion financiera'!BR63 -> 0.017789211 | I63: ='Estado de resultado integral'!U63/'Estado de situacion financiera'!AL63 -> 0.01585653
B64: 800144156 | C64: HIDROESTRUCTURAS SAS | D64: ='Estado de situacion financiera'!V64/'Estado de situacion financiera'!AX64 -> 76.140219 | E64: ='Estado de situacion financiera'!BI63/'Estado de situacion financiera'!AL63 -> 0.10864346 | G64: ='Estado de situacion financiera'!V64-'Estado de situacion financiera'!AX64 -> 1163922 | H64: ='Estado de resultado integral'!U64/'Estado de situacion financiera'!BR64 -> 0 | I64: ='Estado de resultado integral'!U64/'Estado de situacion financiera'!AL64 -> 0
B65: 800146310 | C65: AZUL URBANO LIMITADA | D65: ='Estado de situacion financiera'!V65/'Estado de situacion financiera'!AX65 -> 22.917189 | E65: ='Estado de situacion financiera'!BI64/'Estado de situacion financiera'!AL64 -> 0.069568057 | F65: ='Estado de resultado integral'!U65/'Estado de resultado integral'!W65 -> -1.0303035 | G65: ='Estado de situacion financiera'!V65-'Estado de situacion financiera'!AX65 -> 9952727 | H65: ='Estado de resultado integral'!U65/'Estado de situacion financiera'!BR65 -> -0.093321872 | I65: ='Estado de resultado integral'!U65/'Estado de situacion financiera'!AL65 -> -0.019189796
B66: 800147021 | C66: LLANOPOZO SA | D66: ='Estado de situacion financiera'!V66/'Estado de situacion financiera'!AX66 -> 2.0182404 | E66: ='Estado de situacion financiera'!BI65/'Estado de situacion financiera'!AL65 -> 0.79436979 | F66: ='Estado de resultado integral'!U66/'Estado de resultado integral'!W66 -> 1.6398739 | G66: ='Estado de situacion financiera'!V66-'Estado de situacion financiera'!AX66 -> 3264547 | H66: ='Estado de resultado integral'!U66/'Estado de situacion financiera'!BR66 -> 0.13164601 | I66: ='Estado de resultado integral'!U66/'Estado de situacion financiera'!AL66 -> 0.046931036
B67: 800150987 | C67: INGEDUCTOS S.A. EN REORGANIZACION | D67: ='Estado de situacion financiera'!V67/'Estado de situacion financiera'!AX67 -> 0.97714258 | E67: ='Estado de situacion financiera'!BI66/'Estado de situacion financiera'!AL66 -> 0.64350582 | G67: ='Estado de situacion financiera'!V67-'Estado de situacion financiera'!AX67 -> -124136 | H67: ='Estado de resultado integral'!U67/'Estado de situacion financiera'!BR67 -> -0.40942775 | I67: ='Estado de resultado integral'!U67/'Estado de situacion financiera'!AL67 -> -0.038447819
B68: 800155260 | C68: RAMIREZ ARENAS S.A.S | D68: ='Estado de situacion financiera'!V68/'Estado de situacion financiera'!AX68 -> 2.5420139 | E68: ='Estado de situacion financiera'!BI67/'Estado de situacion financiera'!AL67 -> 0.90609376 | F68: ='Estado de resultado integral'!U68/'Estado de resultado integral'!W68 -> 1.3054808 | G68: ='Estado de situacion financiera'!V68-'Estado de situacion financiera'!AX68 -> 607683 | H68: ='Estado de resultado integral'!U68/'Estado de situacion financiera'!BR68 -> 0.10497141 | I68: ='Estado de resultado integral'!U68/'Estado de situacion financiera'!AL68 -> 0.052515438
B69: 800159596 | C69: COMPAÑIA DE INGENIERIA Y CONSTRUCCIONES DEL CARIBE S.A.S. | D69: ='Estado de situacion financiera'!V69/'Estado de situacion financiera'!AX69 -> 1.6846337 | E69: ='Estado de situacion financiera'!BI68/'Estado de situacion financiera'!AL68 -> 0.49971675 | F69: ='Estado de resultado integral'!U69/'Estado de resultado integral'!W69 -> 4.2807495 | G69: ='Estado de situacion financiera'!V69-'Estado de situacion financiera'!AX69 -> 616260 | H69: ='Estado de resultado integral'!U69/'Estado de situacion financiera'!BR69 -> 0.033984676 | I69: ='Estado de resultado integral'!U69/'Estado de situacion financiera'!AL69 -> 0.011785428
B70: 800164423 | C70: PAMER INGENIERIA SAS | D70: ='Estado de situacion financiera'!V70/'Estado de situacion financiera'!AX70 -> 5.09214 | E70: ='Estado de situacion financiera'!BI69/'Estado de situacion financiera'!AL69 -> 0.65321347 | G70: ='Estado de situacion financiera'!V70-'Estado de situacion financiera'!AX70 -> 4332987 | H70: ='Estado de resultado integral'!U70/'Estado de situacion financiera'!BR70 -> 0.039720398 | I70: ='Estado de resultado integral'!U70/'Estado de situacion financiera'!AL70 -> 0.023151072
B71: 800170850 | C71: RAPITEC SAS | D71: ='Estado de situacion financiera'!V71/'Estado de situacion financiera'!AX71 -> 6.1741877 | E71: ='Estado de situacion financiera'!BI70/'Estado de situacion financiera'!AL70 -> 0.41714905 | F71: ='Estado de resultado integral'!U71/'Estado de resultado integral'!W71 -> 7.6772801 | G71: ='Estado de situacion financiera'!V71-'Estado de situacion financiera'!AX71 -> 2284378 | H71: ='Estado de resultado integral'!U71/'Estado de situacion financiera'!BR71 -> 0.057574396 | I71: ='Estado de resultado integral'!U71/'Estado de situacion financiera'!AL71 -> 0.0506173
B72: 800176128 | C72: CINCEL SAS | D72: ='Estado de situacion financiera'!V72/'Estado de situacion financiera'!AX72 -> 5.3156203 | E72: ='Estado de situacion financiera'!BI71/'Estado de situacion financiera'!AL71 -> 0.12083663 | F72: ='Estado de resultado integral'!U72/'Estado de resultado integral'!W72 -> 10.238484 | G72: ='Estado de situacion financiera'!V72-'Estado de situacion financiera'!AX72 -> 6985250 | H72: ='Estado de resultado integral'!U72/'Estado de situacion financiera'!BR72 -> 0.22426041 | I72: ='Estado de resultado integral'!U72/'Estado de situacion financiera'!AL72 -> 0.13539141
B73: 800177012 | C73: JASA LTDA | D73: ='Estado de situacion financiera'!V73/'Estado de situacion financiera'!AX73 -> 32.631094 | E73: ='Estado de situacion financiera'!BI72/'Estado de situacion financiera'!AL72 -> 0.39627591 | F73: ='Estado de resultado integral'!U73/'Estado de resultado integral'!W73 -> 1.9921517 | G73: ='Estado de situacion financiera'!V73-'Estado de situacion financiera'!AX73 -> 25417672 | H73: ='Estado de resultado integral'!U73/'Estado de situacion financiera'!BR73 -> 0.32169022 | I73: ='Estado de resultado integral'!U73/'Estado de situacion financiera'!AL73 -> 0.12817095
B74: 800177854 | C74: MONTAJES TECNICOS ZAMBRANO Y VARGAS SAS | D74: ='Estado de situacion financiera'!V74/'Estado de situacion financiera'!AX74 -> 1.6237047 | E74: ='Estado de situacion financiera'!BI73/'Estado de situacion financiera'!AL73 -> 0.60157027 | F74: ='Estado de resultado integral'!U74/'Estado de resultado integral'!W74 -> 9.1413906 | G74: ='Estado de situacion financiera'!V74-'Estado de situacion financiera'!AX74 -> 29617029 | H74: ='Estado de resultado integral'!U74/'Estado de situacion financiera'!BR74 -> 0.82144725 | I74: ='Estado de resultado integral'!U74/'Estado de situacion financiera'!AL74 -> 0.38003099
B75: 800186250 | C75: ESTAHL INGENIERIA SOCIEDAD POR ACCIONES SIMPLIFICADA SAS | D75: ='Estado de situacion financiera'!V75/'Estado de situacion financiera'!AX75 -> 1.1354035 | E75: ='Estado de situacion financiera'!BI74/'Estado de situacion financiera'!AL74 -> 0.53736409 | F75: ='Estado de resultado integral'!U75/'Estado de resultado integral'!W75 -> 0.44262426 | G75: ='Estado de situacion financiera'!V75-'Estado de situacion financiera'!AX75 -> 3813906 | H75: ='Estado de resultado integral'!U75/'Estado de situacion financiera'!BR75 -> 0.042547007 | I75: ='Estado de resultado integral'!U75/'Estado de situacion financiera'!AL75 -> 0.0076405718
B76: 800192570 | C76: AG CONSTRUCCION Y DISEÑO SAS | D76: ='Estado de situacion financiera'!V76/'Estado de situacion financiera'!AX76 -> 4.5098659 | E76: ='Estado de situacion financiera'!BI75/'Estado de situacion financiera'!AL75 -> 0.82042046 | F76: ='Estado de resultado integral'!U76/'Estado de resultado integral'!W76 -> 10.070467 | G76: ='Estado de situacion financiera'!V76-'Estado de situacion financiera'!AX76 -> 3274196 | H76: ='Estado de resultado integral'!U76/'Estado de situacion financiera'!BR76 -> 0.071040418 | I76: ='Estado de resultado integral'!U76/'Estado de situacion financiera'!AL76 -> 0.027482294
B77: 800192783 | C77: SOCIEDAD CORPORACION FINANZAS DE AMERICA CORFIAMERICA | D77: ='Estado de situacion financiera'!V77/'Estado de situacion financiera'!AX77 -> 2.4605823 | E77: ='Estado de situacion financiera'!BI76/'Estado de situacion financiera'!AL76 -> 0.61314566 | F77: ='Estado de resultado integral'!U77/'Estado de resultado integral'!W77 -> -0.91799286 | G77: ='Estado de situacion financiera'!V77-'Estado de situacion financiera'!AX77 -> 37051137 | H77: ='Estado de resultado integral'!U77/'Estado de situacion financiera'!BR77 -> 0.13166738 | I77: ='Estado de resultado integral'!U77/'Estado de situacion financiera'!AL77 -> -0.016493072
B78: 800193071 | C78: CASTRO ROJAS INGENIEROS Y ARQUITECTOS S.A.S. | D78: ='Estado de situacion financiera'!V78/'Estado de situacion financiera'!AX78 -> 1.609585 | E78: ='Estado de situacion financiera'!BI77/'Estado de situacion financiera'!AL77 -> 1.1252632 | G78: ='Estado de situacion financiera'!V78-'Estado de situacion financiera'!AX78 -> 911582 | H78: ='Estado de resultado integral'!U78/'Estado de situacion financiera'!BR78 -> -0.021663029 | I78: ='Estado de resultado integral'!U78/'Estado de situacion financiera'!AL78 -> -0.015791057
B79: 800193524 | C79: ELECTRICOS Y CIVILES CONSTRUCTORES SAS | D79: ='Estado de situacion financiera'!V79/'Estado de situacion financiera'!AX79 -> 59.415602 | E79: ='Estado de situacion financiera'!BI78/'Estado de situacion financiera'!AL78 -> 0.27105958 | F79: ='Estado de resultado integral'!U79/'Estado de resultado integral'!W79 -> 2.8819601 | G79: ='Estado de situacion financiera'!V79-'Estado de situacion financiera'!AX79 -> 1600938 | H79: ='Estado de resultado integral'!U79/'Estado de situacion financiera'!BR79 -> 0.033298656 | I79: ='Estado de resultado integral'!U79/'Estado de situacion financiera'!AL79 -> 0.024534487
B80: 800195564 | C80: HV INGENIERIA Y CONSTRUCCIONES SAS | D80: ='Estado de situacion financiera'!V80/'Estado de situacion financiera'!AX80 -> 2.356816 | E80: ='Estado de situacion financiera'!BI79/'Estado de situacion financiera'!AL79 -> 0.26319887 | F80: ='Estado de resultado integral'!U80/'Estado de resultado integral'!W80 -> 3.2927271 | G80: ='Estado de situacion financiera'!V80-'Estado de situacion financiera'!AX80 -> 1984338 | H80: ='Estado de resultado integral'!U80/'Estado de situacion financiera'!BR80 -> 0.16702016 | I80: ='Estado de resultado integral'!U80/'Estado de situacion financiera'!AL80 -> 0.089389016
B81: 800196467 | C81: INGENIERIA JOULES MEC SAS | D81: ='Estado de situacion financiera'!V81/'Estado de situacion financiera'!AX81 -> 3.3030355 | E81: ='Estado de situacion financiera'!BI80/'Estado de situacion financiera'!AL80 -> 0.46480105 | F81: ='Estado de resultado integral'!U81/'Estado de resultado integral'!W81 -> 10.569057 | G81: ='Estado de situacion financiera'!V81-'Estado de situacion financiera'!AX81 -> 15294270 | H81: ='Estado de resultado integral'!U81/'Estado de situacion financiera'!BR81 -> 0.22238786 | I81: ='Estado de resultado integral'!U81/'Estado de situacion financiera'!AL81 -> 0.15602902
B82: 800196832 | C82: FOMENTO CENTRAL MINERO SAS | D82: ='Estado de situacion financiera'!V82/'Estado de situacion financiera'!AX82 -> 4.8984495 | E82: ='Estado de situacion financiera'!BI81/'Estado de situacion financiera'!AL81 -> 0.29839236 | G82: ='Estado de situacion financiera'!V82-'Estado de situacion financiera'!AX82 -> 162924 | H82: ='Estado de resultado integral'!U82/'Estado de situacion financiera'!BR82 -> 0.002297203 | I82: ='Estado de resultado integral'!U82/'Estado de situacion financiera'!AL82 -> 0.0018576987
B83: 800198573 | C83: HAGSA EN REESTRUCTURACION | D83: ='Estado de situacion financiera'!V83/'Estado de situacion financiera'!AX83 -> 19.325405 | E83: ='Estado de situacion financiera'!BI82/'Estado de situacion financiera'!AL82 -> 0.19132152 | F83: ='Estado de resultado integral'!U83/'Estado de resultado integral'!W83 -> 3.7208924 | G83: ='Estado de situacion financiera'!V83-'Estado de situacion financiera'!AX83 -> 19116073 | H83: ='Estado de resultado integral'!U83/'Estado de situacion financiera'!BR83 -> 0.036589478 | I83: ='Estado de resultado integral'!U83/'Estado de situacion financiera'!AL83 -> 0.018920064
B84: 800199185 | C84: HIFO SA | D84: ='Estado de situacion financiera'!V84/'Estado de situacion financiera'!AX84 -> 1.6167859 | E84: ='Estado de situacion financiera'!BI83/'Estado de situacion financiera'!AL83 -> 0.48290971 | G84: ='Estado de situacion financiera'!V84-'Estado de situacion financiera'!AX84 -> 175998 | H84: ='Estado de resultado integral'!U84/'Estado de situacion financiera'!BR84 -> 0.065952158 | I84: ='Estado de resultado integral'!U84/'Estado de situacion financiera'!AL84 -> 0.022029887
B85: 800200439 | C85: UNIVERSAL DE PRODUCTOS Y SERVICIOS SAS | D85: ='Estado de situacion financiera'!V85/'Estado de situacion financiera'!AX85 -> 1.7495858 | E85: ='Estado de situacion financiera'!BI84/'Estado de situacion financiera'!AL84 -> 0.66597171 | F85: ='Estado de resultado integral'!U85/'Estado de resultado integral'!W85 -> 3.653494 | G85: ='Estado de situacion financiera'!V85-'Estado de situacion financiera'!AX85 -> 1531553 | H85: ='Estado de resultado integral'!U85/'Estado de situacion financiera'!BR85 -> 0.71453892 | I85: ='Estado de resultado integral'!U85/'Estado de situacion financiera'!AL85 -> 0.24224786
B86: 800203342 | C86: GRUCON SAS | D86: ='Estado de situacion financiera'!V86/'Estado de situacion financiera'!AX86 -> 4.1016847 | E86: ='Estado de situacion financiera'!BI85/'Estado de situacion financiera'!AL85 -> 0.66097318 | F86: ='Estado de resultado integral'!U86/'Estado de resultado integral'!W86 -> 14.138202 | G86: ='Estado de situacion financiera'!V86-'Estado de situacion financiera'!AX86 -> 8452066 | H86: ='Estado de resultado integral'!U86/'Estado de situacion financiera'!BR86 -> 0.44036693 | I86: ='Estado de resultado integral'!U86/'Estado de situacion financiera'!AL86 -> 0.2780327
B87: 800205166 | C87: ROCALES Y CONCRETOS SOCIEDAD POR ACCIONES SIMPLIFICADA | D87: ='Estado de situacion financiera'!V87/'Estado de situacion financiera'!AX87 -> 1.6668215 | E87: ='Estado de situacion financiera'!BI86/'Estado de situacion financiera'!AL86 -> 0.36863402 | F87: ='Estado de resultado integral'!U87/'Estado de resultado integral'!W87 -> 2.2694077 | G87: ='Estado de situacion financiera'!V87-'Estado de situacion financiera'!AX87 -> 13613469 | H87: ='Estado de resultado integral'!U87/'Estado de situacion financiera'!BR87 -> 0.21221638 | I87: ='Estado de resultado integral'!U87/'Estado de situacion financiera'!AL87 -> 0.088497513
B88: 800206723 | C88: CONSTRUCTORA LANDA SAS | D88: ='Estado de situacion financiera'!V88/'Estado de situacion financiera'!AX88 -> 3.376285 | E88: ='Estado de situacion financiera'!BI87/'Estado de situacion financiera'!AL87 -> 0.58298453 | F88: ='Estado de resultado integral'!U88/'Estado de resultado integral'!W88 -> 2.398078 | G88: ='Estado de situacion financiera'!V88-'Estado de situacion financiera'!AX88 -> 6451792 | H88: ='Estado de resultado integral'!U88/'Estado de situacion financiera'!BR88 -> 0.22548929 | I88: ='Estado de resultado integral'!U88/'Estado de situacion financiera'!AL88 -> 0.13039042
B89: 800207312 | C89: CANOGA GARDEN CONSTRUCCIONES S.A.S. | D89: ='Estado de situacion financiera'!V89/'Estado de situacion financiera'!AX89 -> 1.0807341 | E89: ='Estado de situacion financiera'!BI88/'Estado de situacion financiera'!AL88 -> 0.4217445 | G89: ='Estado de situacion financiera'!V89-'Estado de situacion financiera'!AX89 -> 8565 | H89: ='Estado de resultado integral'!U89/'Estado de situacion financiera'!BR89 -> -2.9834209 | I89: ='Estado de resultado integral'!U89/'Estado de situacion financiera'!AL89 -> -0.22287055
B90: 800207622 | C90: ICAGEL LIMITADA | D90: ='Estado de situacion financiera'!V90/'Estado de situacion financiera'!AX90 -> 106.04461 | E90: ='Estado de situacion financiera'!BI89/'Estado de situacion financiera'!AL89 -> 0.92529698 | F90: ='Estado de resultado integral'!U90/'Estado de resultado integral'!W90 -> 6.4776119 | G90: ='Estado de situacion financiera'!V90-'Estado de situacion financiera'!AX90 -> 788780 | H90: ='Estado de resultado integral'!U90/'Estado de situacion financiera'!BR90 -> 0.0033602589 | I90: ='Estado de resultado integral'!U90/'Estado de situacion financiera'!AL90 -> 0.0033325801
B91: 800208210 | C91: RCH CONSTRUCTORES ASOCIADOS SAS | D91: ='Estado de situacion financiera'!V91/'Estado de situacion financiera'!AX91 -> 7.1742232 | E91: ='Estado de situacion financiera'!BI90/'Estado de situacion financiera'!AL90 -> 0.0082371112 | F91: ='Estado de resultado integral'!U91/'Estado de resultado integral'!W91 -> 13.123548 | G91: ='Estado de situacion financiera'!V91-'Estado de situacion financiera'!AX91 -> 37400400 | H91: ='Estado de resultado integral'!U91/'Estado de situacion financiera'!BR91 -> 0.13791821 | I91: ='Estado de resultado integral'!U91/'Estado de situacion financiera'!AL91 -> 0.087572802
B92: 800209530 | C92: CONSTRUCTORA FG SAS | D92: ='Estado de situacion financiera'!V92/'Estado de situacion financiera'!AX92 -> 5.6553006 | E92: ='Estado de situacion financiera'!BI91/'Estado de situacion financiera'!AL91 -> 0.36503816 | F92: ='Estado de resultado integral'!U92/'Estado de resultado integral'!W92 -> 4.0316682 | G92: ='Estado de situacion financiera'!V92-'Estado de situacion financiera'!AX92 -> 36622435 | H92: ='Estado de resultado integral'!U92/'Estado de situacion financiera'!BR92 -> 0.1556627 | I92: ='Estado de resultado integral'!U92/'Estado de situacion financiera'!AL92 -> 0.091440057
B93: 800210073 | C93: O&P INGENIERIA SAS | D93: ='Estado de situacion financiera'!V93/'Estado de situacion financiera'!AX93 -> 4.2758798 | E93: ='Estado de situacion financiera'!BI92/'Estado de situacion financiera'!AL92 -> 0.41257567 | F93: ='Estado de resultado integral'!U93/'Estado de resultado integral'!W93 -> 0.0048485812 | G93: ='Estado de situacion financiera'!V93-'Estado de situacion financiera'!AX93 -> 5509260 | H93: ='Estado de resultado integral'!U93/'Estado de situacion financiera'!BR93 -> 0.0042621269 | I93: ='Estado de resultado integral'!U93/'Estado de situacion financiera'!AL93 -> 0.0017596798
B94: 800215694 | C94: VESGA MORENO INGENIEROS SAS BIC | D94: ='Estado de situacion financiera'!V94/'Estado de situacion financiera'!AX94 -> 3.9770983 | E94: ='Estado de situacion financiera'!BI93/'Estado de situacion financiera'!AL93 -> 0.58713576 | F94: ='Estado de resultado integral'!U94/'Estado de resultado integral'!W94 -> 12.03832 | G94: ='Estado de situacion financiera'!V94-'Estado de situacion financiera'!AX94 -> 5475113 | H94: ='Estado de resultado integral'!U94/'Estado de situacion financiera'!BR94 -> 0.39488491 | I94: ='Estado de resultado integral'!U94/'Estado de situacion financiera'!AL94 -> 0.18468758
B95: 800216899 | C95: CDC INGENIERIA SAS | D95: ='Estado de situacion financiera'!V95/'Estado de situacion financiera'!AX95 -> 8.7905011 | E95: ='Estado de situacion financiera'!BI94/'Estado de situacion financiera'!AL94 -> 0.53230024 | G95: ='Estado de situacion financiera'!V95-'Estado de situacion financiera'!AX95 -> 894778 | H95: ='Estado de resultado integral'!U95/'Estado de situacion financiera'!BR95 -> 0 | I95: ='Estado de resultado integral'!U95/'Estado de situacion financiera'!AL95 -> 0
B96: 800217690 | C96: COMEC LTDA CONSTRUCCION DE OBRA DE INGENIERIA MECANICA CIVIL Y ELECTRICA LTDA | D96: ='Estado de situacion financiera'!V96/'Estado de situacion financiera'!AX96 -> 11.094667 | E96: ='Estado de situacion financiera'!BI95/'Estado de situacion financiera'!AL95 -> 0.67116856 | G96: ='Estado de situacion financiera'!V96-'Estado de situacion financiera'!AX96 -> 24419 | H96: ='Estado de resultado integral'!U96/'Estado de situacion financiera'!BR96 -> -0.0016120348 | I96: ='Estado de resultado integral'!U96/'Estado de situacion financiera'!AL96 -> 0.011085906
B97: 800219705 | C97: ROCA + SAS | D97: ='Estado de situacion financiera'!V97/'Estado de situacion financiera'!AX97 -> 6.0211676 | E97: ='Estado de situacion financiera'!BI96/'Estado de situacion financiera'!AL96 -> 7.8769641 | G97: ='Estado de situacion financiera'!V97-'Estado de situacion financiera'!AX97 -> 2896335 | H97: ='Estado de resultado integral'!U97/'Estado de situacion financiera'!BR97 -> 0.077463272 | I97: ='Estado de resultado integral'!U97/'Estado de situacion financiera'!AL97 -> 0.050650525
B98: 800224899 | C98: FEYMA INGENIERIA S.A.S | D98: ='Estado de situacion financiera'!V98/'Estado de situacion financiera'!AX98 -> 2.4791481 | E98: ='Estado de situacion financiera'!BI97/'Estado de situacion financiera'!AL97 -> 0.34613496 | F98: ='Estado de resultado integral'!U98/'Estado de resultado integral'!W98 -> 1.4194249 | G98: ='Estado de situacion financiera'!V98-'Estado de situacion financiera'!AX98 -> 687048 | H98: ='Estado de resultado integral'!U98/'Estado de situacion financiera'!BR98 -> 0.39023549 | I98: ='Estado de resultado integral'!U98/'Estado de situacion financiera'!AL98 -> 0.26216174
B99: 800226646 | C99: BIOTECNOLOGIA DE COLOMBIA SAS | D99: ='Estado de situacion financiera'!V99/'Estado de situacion financiera'!AX99 -> 0.22452055 | E99: ='Estado de situacion financiera'!BI98/'Estado de situacion financiera'!AL98 -> 0.32819607 | G99: ='Estado de situacion financiera'!V99-'Estado de situacion financiera'!AX99 -> -6832644 | H99: ='Estado de resultado integral'!U99/'Estado de situacion financiera'!BR99 -> 1.1391856 | I99: ='Estado de resultado integral'!U99/'Estado de situacion financiera'!AL99 -> -2.3098055
B100: 800226833 | C100: RAMPINT SAS | D100: ='Estado de situacion financiera'!V100/'Estado de situacion financiera'!AX100 -> 2.5479476 | E100: ='Estado de situacion financiera'!BI99/'Estado de situacion financiera'!AL99 -> 3.0275938 | F100: ='Estado de resultado integral'!U100/'Estado de resultado integral'!W100 -> 4.5972542 | G100: ='Estado de situacion financiera'!V100-'Estado de situacion financiera'!AX100 -> 73849861 | H100: ='Estado de resultado integral'!U100/'Estado de situacion financiera'!BR100 -> 0.073041251 | I100: ='Estado de resultado integral'!U100/'Estado de situacion financiera'!AL100 -> 0.046070906
...

Sheet Estado de resultado integral
B2: Punto de Entrada | C2: Nombre Formulario | D2: NIT | E2: Fecha de Corte | F2: Razón social de la sociedad | G2: Clasificación Industrial Internacional Uniforme Versión 4 A.C (CIIU) | H2: Tipo societario | I2: Dirección de notificación judicial registrada en Cámara de Comercio | J2: Departamento de la dirección del domicilio | K2: Ciudad de la dirección del domicilio | L2: Periodo | M2: Ingresos de actividades ordinarias (Revenue) | N2: Costo de ventas (CostOfSales) | O2: Ganancia bruta (GrossProfit) | P2: Otros ingresos (OtherIncome) | Q2: Gastos de ventas (DistributionCosts) | R2: Gastos de administración (AdministrativeExpense) | S2: Otros gastos (OtherExpenseByFunction) | T2: Otras ganancias (pérdidas) (OtherGainsLosses) | U2: Ganancia (pérdida) por actividades de operación (GananciaPerdidaPorActividadesDeOperacion) | V2: Ingresos financieros (FinanceIncome) | W2: Costos financieros (FinanceCosts) | X2: Ganancia (pérdida), antes de impuestos (ProfitLossBeforeTax) | Y2: Ingreso (gasto) por impuestos (IncomeTaxExpenseContinuingOperations) | Z2: Ganancia (pérdida) procedente de operaciones continuadas (ProfitLossFromContinuingOperations) | AA2: Ganancia (pérdida) procedente de operaciones discontinuadas (ProfitLossFromDiscontinuedOperations) | AB2: Ganancia (pérdida) (ProfitLoss)
B3: Pymes-Individuales | C3: Estado de resultado integral, resultado del periodo, por funcion de gasto | D3: 810002618 | E3: 2022-10-31 | F3: INGENIEROS CALDERON Y JARAMILLO SAS | G3: F4290 - Construcción de otras obras de ingeniería civil | H3: 08. SOCIEDAD POR ACCIONES SIMPLIFICADA SAS | I3: CR 21 59 27 | J3: CALDAS | K3: MANIZALES-CALDAS | L3: Periodo Actual | M3: 27859265 | N3: 19331047 | O3: 8528218 | P3: 40982 | R3: 2074295 | U3: 6494905 | X3: 6494905 | Z3: 6494905 | AB3: 6494905
B4: Pymes-Individuales | C4: Estado de resultado integral, resultado del periodo, por funcion de gasto | D4: 800000296 | E4: 2022-12-31 | F4: ZR INGENIERIA SA | G4: F4290 - Construcción de otras obras de ingeniería civil | H4: 01. SOCIEDAD ANÓNIMA | I4: CL 106 57 23 OF 204 | J4: BOGOTA D.C. | K4: BOGOTA D.C. | L4: Periodo Actual | M4: 33529 | N4: 71674 | O4: -38145 | P4: 73575 | R4: 46865 | S4: 30419 | U4: -41854 | X4: -41854 | Y4: 2312 | Z4: -44166 | AB4: -44166
B5: Pymes-Individuales | C5: Estado de resultado integral, resultado del periodo, por funcion de gasto | D5: 800009612 | E5: 2022-12-31 | F5: JUAN HARKERS SAS | G5: F4290 - Construcción de otras obras de ingeniería civil | H5: 08. SOCIEDAD POR ACCIONES SIMPLIFICADA SAS | I5: Cl 94A # 9 - 56 | J5: BOGOTA D.C. | K5: BOGOTA D.C. | L5: Periodo Actual | M5: 77123 | O5: 77123 | P5: 3234 | R5: 74143 | S5: 2765 | U5: 3449 | X5: 3449 | Y5: 4864 | Z5: -1415 | AB5: -1415
B6: Pymes-Individuales | C6: Estado de resultado integral, resultado del periodo, por funcion de gasto | D6: 800012888 | E6: 2022-12-31 | F6: SOFAN INGENIERIA SAS | G6: F4290 - Construcción de otras obras de ingeniería civil | H6: 08. SOCIEDAD POR ACCIONES SIMPLIFICADA SAS | I6: CARRERA 6 NO 95-170 MOCARIO SECTOR BOSQUE | J6: CORDOBA | K6: MONTERIA-CORDOBA | L6: Periodo Actual | M6: 41115779 | N6: 36924508 | O6: 4191271 | P6: 614687 | Q6: 0 | R6: 1643761 | S6: 0 | U6: 3162197 | W6: 603177 | X6: 2559020 | Y6: 982817 | Z6: 1576203 | AB6: 1576203
B7: Pymes-Individuales | C7: Estado de resultado integral, resultado del periodo, por funcion de gasto | D7: 800015079 | E7: 2022-12-31 | F7: ESGUERRA Y GOMEZ SAS | G7: F4290 - Construcción de otras obras de ingeniería civil | H7: 08. SOCIEDAD POR ACCIONES SIMPLIFICADA SAS | I7: CRA. 16 No. 188-90 | J7: BOGOTA D.C. | K7: BOGOTA D.C. | L7: Periodo Actual | M7: 1108649 | N7: 443141 | O7: 665508 | P7: 0 | Q7: 0 | R7: 664465 | S7: 102364 | U7: -101321 | X7: -101321 | Y7: 0 | Z7: -101321 | AB7: -101321
B8: Pymes-Individuales | C8: Estado de resultado integral, resultado del periodo, por funcion de gasto | D8: 800016281 | E8: 2022-12-31 | F8: CONSTRUCCIONES CIVILES Y PAVIMENTOS S.A.S | G8: F4290 - Construcción de otras obras de ingeniería civil | H8: 08. SOCIEDAD POR ACCIONES SIMPLIFICADA SAS | I8: CARRERA 80AA 20A 98 | J8: ANTIOQUIA | K8: MEDELLIN-ANTIOQUIA | L8: Periodo Actual | M8: 8478749 | N8: 7057916 | O8: 1420833 | P8: 241441 | R8: 925060 | S8: 189716 | U8: 547498 | W8: 382161 | X8: 165337 | Y8: 107669 | Z8: 57668 | AB8: 57668
B9: Pymes-Individuales | C9: Estado de resultado integral, resultado del periodo, por funcion de gasto | D9: 800019654 | E9: 2022-12-31 | F9: ESGAMO INGENIEROS CONSTRUCTORES S.A.S | G9: F4290 - Construcción de otras obras de ingeniería civil | H9: 08. SOCIEDAD POR ACCIONES SIMPLIFICADA SAS | I9: CRA 7 156 80 OF 901 TORRE 1 NORTH POINT | J9: BOGOTA D.C. | K9: BOGOTA D.C. | L9: Periodo Actual | M9: 85037 | O9: 85037 | P9: 1124645 | R9: 1160636 | S9: 568924 | U9: -519878 | X9: -519878 | Y9: 68000 | Z9: -587878 | AB9: -587878
B10: Pymes-Individuales | C10: Estado de resultado integral, resultado del periodo, por funcion de gasto | D10: 800032838 | E10: 2022-12-31 | F10: CONSTRUCTORA BG SAS | G10: F4290 - Construcción de otras obras de ingeniería civil | H10: 08. SOCIEDAD POR ACCIONES SIMPLIFICADA SAS | I10: KRA 22 #13-61 | J10: LA GUAJIRA | K10: FONSECA-LA GUAJIRA | L10: Periodo Actual | M10: 392219 | O10: 392219 | R10: 327717 | U10: 64502 | V10: 43 | W10: 1569 | X10: 62976 | Y10: 22042 | Z10: 40934 | AB10: 40934
B11: Pymes-Individuales | C11: Estado de resultado integral, resultado del periodo, por funcion de gasto | D11: 800041077 | E11: 2022-12-31 | F11: JORGE USCATEGUI Y ASOCIADOS LTDA | G11: F4290 - Construcción de otras obras de ingeniería civil | H11: 03. SOCIEDAD LIMITADA | I11: CRA 18 78 74 OF 407 | J11: BOGOTA D.C. | K11: BOGOTA D.C. | L11: Periodo Actual | M11: 517436 | O11: 517436 | P11: 13315 | R11: 358947 | S11: 14284 | U11: 157520 | X11: 157520 | Y11: 58929 | Z11: 98591 | AB11: 98591
B12: Pymes-Individuales | C12: Estado de resultado integral, resultado del periodo, por funcion de gasto | D12: 800042119 | E12: 2022-12-31 | F12: VICPAR S A | G12: F4290 - Construcción de otras obras de ingeniería civil | H12: 01. SOCIEDAD ANÓNIMA | I12: KM 2.5 VIA COTA CHIA VDA CERCA DE PIEDRA | J12: CUNDINAMARCA | K12: CHIA-CUNDINAMARCA | L12: Periodo Actual | M12: 38596069 | N12: 34871395 | O12: 3724674 | P12: 0 | Q12: 0 | R12: 2421301 | S12: 0 | U12: 1303373 | V12: 677723 | W12: 1549157 | X12: 431939 | Y12: 41977 | Z12: 389962 | AA12: 0 | AB12: 389962
B13: Pymes-Individuales | C13: Estado de resultado integral, resultado del periodo, por funcion de gasto | D13: 800043769 | E13: 2022-12-31 | F13: SERVICIOS DE DRAGADOS Y CONSTRUCCIONES SAS | G13: F4290 - Construcción de otras obras de ingeniería civil | H13: 08. SOCIEDAD POR ACCIONES SIMPLIFICADA SAS | I13: CALLE 37 46-60 | J13: ATLANTICO | K13: BARRANQUILLA-ATLANTICO | L13: Periodo Actual | M13: 18686021 | N13: 15183393 | O13: 3502628 | P13: 30915 | Q13: 0 | R13: 792400 | S13: 40366 | T13: 0 | U13: 2700777 | V13: 0 | W13: 1190306 | X13: 1510471 | Y13: 1470128 | Z13: 40343 | AA13: 0 | AB13: 40343
B14: Pymes-Individuales | C14: Estado de resultado integral, resultado del periodo, por funcion de gasto | D14: 800043977 | E14: 2022-12-31 | F14: COZADEL SAS | G14: F4290 - Construcción de otras obras de ingeniería civil | H14: 08. SOCIEDAD POR ACCIONES SIMPLIFICADA SAS | I14: CR 67 75-112 | J14: ATLANTICO | K14: BARRANQUILLA-ATLANTICO | L14: Periodo Actual | M14: 20707217 | N14: 15748735 | O14: 4958482 | P14: 10492 | R14: 1952130 | S14: 1426691 | U14: 1590153 | V14: 54394 | W14: 1432649 | X14: 211898 | Y14: 169442 | Z14: 42456 | AB14: 42456
B15: Pymes-Individuales | C15: Estado de resultado integral, resultado del periodo, por funcion de gasto | D15: 800044735 | E15: 2022-12-31 | F15: SERVI-METAL SAS | G15: F4290 - Construcción de otras obras de ingeniería civil | H15: 08. SOCIEDAD POR ACCIONES SIMPLIFICADA SAS | I15: CL 73 19 56 BRR LA LIBERTAD | J15: SANTANDER | K15: BARRANCABERMEJA-SANTANDER | L15: Periodo Actual | M15: 14998990 | N15: 13772415 | O15: 1226575 | P15: 56863 | Q15: 206 | R15: 751562 | S15: 204882 | U15: 326788 | W15: 39385 | X15: 287403 | Z15: 287403 | AB15: 287403
B16: Pymes-Individuales | C16: Estado de resultado integral, resultado del periodo, por funcion de gasto | D16: 800045199 | E16: 2022-12-31 | F16: CONSTRUDISEÑOS AGROEQUIPOS COMERCIAL CONACOM SAS | G16: F4290 - Construcción de otras obras de ingeniería civil | H16: 08. SOCIEDAD POR ACCIONES SIMPLIFICADA SAS | I16: KM 2 VIA FLORENCIA - NEIVA | J16: CAQUETA | K16: FLORENCIA-CAQUETA | L16: Periodo Actual | M16: 1595349 | N16: 689472 | O16: 905877 | P16: 111044 | Q16: 69988 | R16: 328547 | S16: 111963 | U16: 506423 | W16: 84100 | X16: 422323 | Y16: 21983 | Z16: 400340 | AB16: 400340
B17: Pymes-Individuales | C17: Estado de resultado integral, resultado del periodo, por funcion de gasto | D17: 800049960 | E17: 2022-12-31 | F17: TECNITENQUES INGENIEROS S.AS. EN REORGANIZACION | G17: F4290 - Construcción de otras obras de ingeniería civil | H17: 08. SOCIEDAD POR ACCIONES SIMPLIFICADA SAS | I17: CR 9 115 06/30 OF 2603 | J17: BOGOTA D.C. | K17: BOGOTA D.C. | L17: Periodo Actual | M17: 47827220 | N17: 27441258 | O17: 20385962 | P17: 12136919 | R17: 9917416 | S17: 14723466 | U17: 7881999 | V17: 32177 | W17: 557983 | X17: 7356193 | Y17: 3923010 | Z17: 3433183 | AB17: 3433183
B18: Pymes-Individuales | C18: Estado de resultado integral, resultado del periodo, por funcion de gasto | D18: 800050326 | E18: 2022-12-31 | F18: IOV Y CIA S.A.S | G18: F4290 - Construcción de otras obras de ingeniería civil | H18: 08. SOCIEDAD POR ACCIONES SIMPLIFICADA SAS | I18: CL 24 16 07 OF 403 ED OFICENTRO | J18: SUCRE | K18: SINCELEJO-SUCRE | L18: Periodo Actual | M18: 1865759 | N18: 1469316 | O18: 396443 | R18: 283740 | S18: 47115 | U18: 65588 | X18: 65588 | Z18: 65588 | AB18: 65588
B19: Pymes-Individuales | C19: Estado de resultado integral, resultado del periodo, por funcion de gasto | D19: 800050699 | E19: 2022-12-31 | F19: ALEMAN BELLO S.A.S. | G19: F4290 - Construcción de otras obras de ingeniería civil | H19: 08. SOCIEDAD POR ACCIONES SIMPLIFICADA SAS | I19: CLL 25 SUR 69 A 22 | J19: BOGOTA D.C. | K19: BOGOTA D.C. | L19: Periodo Actual | M19: 4931386 | N19: 3619147 | O19: 1312239 | R19: 711092 | S19: 362695 | U19: 238452 | V19: 49903 | X19: 288355 | Y19: 470489 | Z19: -182134 | AB19: -182134
B20: Pymes-Individuales | C20: Estado de resultado integral, resultado del periodo, por funcion de gasto | D20: 800055215 | E20: 2022-12-31 | F20: Valores Rivera Vergara SAS | G20: F4290 - Construcción de otras obras de ingeniería civil | H20: 08. SOCIEDAD POR ACCIONES SIMPLIFICADA SAS | I20: CALLE 10 Via Zaragoza Cartago - CONDOMINIO COLINAS DEL CAMPESTRE Casa 67 | J20: VALLE | K20: CARTAGO-VALLE | L20: Periodo Actual | M20: 2118146 | N20: 788699 | O20: 1329447 | P20: 644 | Q20: 200208 | R20: 595545 | T20: 860301 | U20: 1394639 | V20: 9084 | X20: 1403723 | Y20: 282489 | Z20: 1121234 | AB20: 1121234
B21: Pymes-Individuales | C21: Estado de resultado integral, resultado del periodo, por funcion de gasto | D21: 800055393 | E21: 2022-12-31 | F21: INTRICON SA | G21: F4290 - Construcción de otras obras de ingeniería civil | H21: 01. SOCIEDAD ANÓNIMA | I21: CL 72 9 55 OF704 | J21: BOGOTA D.C. | K21: BOGOTA D.C. | L21: Periodo Actual | M21: 11301647 | N21: 9956712 | O21: 1344935 | R21: 657388 | U21: 687547 | V21: 85339 | W21: 123619 | X21: 649267 | Y21: 253829 | Z21: 395438 | AB21: 395438
B22: Pymes-Individuales | C22: Estado de resultado integral, resultado del periodo, por funcion de gasto | D22: 800056653 | E22: 2022-12-31 | F22: GAVIRIA Y BORBON ASOCIADOS LTDA | G22: F4290 - Construcción de otras obras de ingeniería civil | H22: 03. SOCIEDAD LIMITADA | I22: CARRERA 66 96 38 | J22: BOGOTA D.C. | K22: BOGOTA D.C. | L22: Periodo Actual | M22: 1506484 | N22: 1064294 | O22: 442190 | P22: 350517 | R22: 666025 | S22: 23227 | U22: 103455 | X22: 103455 | Y22: 50696 | Z22: 52759 | AB22: 52759
B23: Pymes-Individuales | C23: Estado de resultado integral, resultado del periodo, por funcion de gasto | D23: 800063392 | E23: 2022-12-31 | F23: Alfa SAIT S.A.S.BIC | G23: F4290 - Construcción de otras obras de ingeniería civil | H23: 08. SOCIEDAD POR ACCIONES SIMPLIFICADA SAS | I23: KM 7 + 400 ANILLO VIAL - PALENQUE - FLORIDABLANCA 22 31 CENTRO INDUSTRIAL Y LOGISTICO SAN JORGE BG 54 | J23: SANTANDER | K23: GIRON-SANTANDER | L23: Periodo Actual | M23: 11850991 | N23: 9427449 | O23: 2423542 | P23: 0 | Q23: 165949 | R23: 1236968 | S23: 0 | U23: 1020625 | V23: 0 | W23: 164909 | X23: 855716 | Y23: 349225 | Z23: 506491 | AB23: 506491
B24: Pymes-Individuales | C24: Estado de resultado integral, resultado del periodo, por funcion de gasto | D24: 800067647 | E24: 2022-12-31 | F24: Colserpetrol SAS | G24: F4290 - Construcción de otras obras de ingeniería civil | H24: 05. SOCIEDAD EN COMANDITA POR ACCIONES | I24: CALLE 57B 35A46 | J24: META | K24: VILLAVICENCIO-META | L24: Periodo Actual | M24: 3623325 | N24: 2447577 | O24: 1175748 | P24: 183602 | R24: 719987 | S24: 306646 | U24: 332717 | X24: 332717 | Y24: 107358 | Z24: 225359 | AB24: 225359
B25: Pymes-Individuales | C25: Estado de resultado integral, resultado del periodo, por funcion de gasto | D25: 800071658 | E25: 2022-12-31 | F25: SOCIEDAD CONSTRUCTORA DE PROECTOS SAS | G25: F4290 - Construcción de otras obras de ingeniería civil | H25: 08. SOCIEDAD POR ACCIONES SIMPLIFICADA SAS | I25: AV COLOMBIA No 2 35 | J25: VALLE | K25: CALI-VALLE | L25: Periodo Actual | M25: 8175421 | N25: 7161746 | O25: 1013675 | P25: 114219 | R25: 290072 | S25: 9580 | U25: 828242 | V25: 14 | W25: 195828 | X25: 632428 | Y25: 251412 | Z25: 381016 | AB25: 381016
B26: Pymes-Individuales | C26: Estado de resultado integral, resultado del periodo, por funcion de gasto | D26: 800071993 | E26: 2022-12-31 | F26: MANSER INGENIERIA SAS | G26: F4290 - Construcción de otras obras de ingeniería civil | H26: 08. SOCIEDAD POR ACCIONES SIMPLIFICADA SAS | I26: CRA 19 6 14 P 2 | J26: CASANARE | K26: YOPAL-CASANARE | L26: Periodo Actual | M26: 661460 | N26: 214443 | O26: 447017 | P26: 2824 | R26: 51977 | S26: 469031 | U26: -71167 | X26: -71167 | Y26: 15348 | Z26: -86515 | AB26: -86515
B27: Pymes-Individuales | C27: Estado de resultado integral, resultado del periodo, por funcion de gasto | D27: 800072941 | E27: 2022-12-31 | F27: INVERSIONES Y CONSTRUCCIONES DONADO SAS | G27: F4290 - Construcción de otras obras de ingeniería civil | H27: 08. SOCIEDAD POR ACCIONES SIMPLIFICADA SAS | I27: CR 44 82 145 | J27: ATLANTICO | K27: BARRANQUILLA-ATLANTICO | L27: Periodo Actual | M27: 538783 | N27: 33907 | O27: 504876 | P27: 124198 | Q27: 0 | R27: 596935 | S27: 9991 | T27: 0 | U27: 22148 | V27: 0 | W27: 0 | X27: 22148 | Y27: 0 | Z27: 22148 | AA27: 0 | AB27: 22148
B28: Pymes-Individuales | C28: Estado de resultado integral, resultado del periodo, por funcion de gasto | D28: 800075337 | E28: 2022-12-31 | F28: SUELOS INGENIERIA SAS | G28: F4290 - Construcción de otras obras de ingeniería civil | H28: 01. SOCIEDAD ANÓNIMA | I28: CALLE 43 46 66 | J28: ATLANTICO | K28: BARRANQUILLA-ATLANTICO | L28: Periodo Actual | M28: 2683203 | N28: 2024471 | O28: 658732 | P28: 0 | Q28: 0 | R28: 452156 | S28: 0 | T28: 0 | U28: 206576 | V28: 6313 | W28: 89815 | X28: 123074 | Y28: 0 | Z28: 123074 | AA28: 0 | AB28: 123074
B29: Pymes-Individuales | C29: Estado de resultado integral, resultado del periodo, por funcion de gasto | D29: 800075746 | E29: 2022-12-31 | F29: SINFOROSO ROBLEDO Y CIA S.A.S. | G29: F4290 - Construcción de otras obras de ingeniería civil | H29: 08. SOCIEDAD POR ACCIONES SIMPLIFICADA SAS | I29: CRA 28 71 27 | J29: CALDAS | K29: MANIZALES-CALDAS | L29: Periodo Actual | M29: 162598 | O29: 162598 | R29: 124581 | S29: 1721 | U29: 36296 | V29: 6438 | X29: 42734 | Y29: 10120 | Z29: 32614 | AB29: 32614
B30: Pymes-Individuales | C30: Estado de resultado integral, resultado del periodo, por funcion de gasto | D30: 800075951 | E30: 2022-12-31 | F30: GARPER CONSTRUCCIONES Y MAQUINARIA SAS | G30: F4290 - Construcción de otras obras de ingeniería civil | H30: 08. SOCIEDAD POR ACCIONES SIMPLIFICADA SAS | I30: CL 93 18 81 | J30: BOGOTA D.C. | K30: BOGOTA D.C. | L30: Periodo Actual | M30: 0 | O30: 0 | Q30: 7993 | U30: -7993 | X30: -7993 | Z30: -7993 | AB30: -7993
B31: Pymes-Individuales | C31: Estado de resultado integral, resultado del periodo, por funcion de gasto | D31: 800078011 | E31: 2022-12-31 | F31: ICMO SOCIEDAD POR ACCIONES SIMPLIFICADA | G31: F4290 - Construcción de otras obras de ingeniería civil | H31: 08. SOCIEDAD POR ACCIONES SIMPLIFICADA SAS | I31: CR 129 17 F 64 | J31: BOGOTA D.C. | K31: BOGOTA D.C. | L31: Periodo Actual | M31: 9064560 | N31: 6405954 | O31: 2658606 | P31: 342675 | R31: 1048167 | S31: 1753520 | U31: 199594 | X31: 199594 | Z31: 199594 | AB31: 199594
B32: Pymes-Individuales | C32: Estado de resultado integral, resultado del periodo, por funcion de gasto | D32: 800078608 | E32: 2022-12-31 | F32: INARCON SAS | G32: F4290 - Construcción de otras obras de ingeniería civil | H32: 08. SOCIEDAD POR ACCIONES SIMPLIFICADA SAS | I32: Calle 36 # 31-39 of 228 Ctro Empresarial Chicamocha | J32: SANTANDER | K32: BUCARAMANGA-SANTANDER | L32: Periodo Actual | M32: 8483682 | N32: 6544894 | O32: 1938788 | P32: 44180 | Q32: 0 | R32: 611115 | S32: 15693 | T32: 285000 | U32: 1641160 | V32: 46590 | W32: 81275 | X32: 1606475 | Y32: 511030 | Z32: 1095445 | AB32: 1095445
B33: Pymes-Individuales | C33: Estado de resultado integral, resultado del periodo, por funcion de gasto | D33: 800079382 | E33: 2022-12-31 | F33: UNION INDUSTRIAL DE BARRANCABERMEJA SAS | G33: F4290 - Construcción de otras obras de ingeniería civil | H33: 08. SOCIEDAD POR ACCIONES SIMPLIFICADA SAS | I33: CR 3 48 40 | J33: SANTANDER | K33: BARRANCABERMEJA-SANTANDER | L33: Periodo Actual | M33: 593914 | N33: 236165 | O33: 357749 | R33: 290598 | U33: 67151 | X33: 67151 | Z33: 67151 | AB33: 67151
B34: Pymes-Individuales | C34: Estado de resultado integral, resultado del periodo, por funcion de gasto | D34: 800079482 | E34: 2022-12-31 | F34: EQUIPOS CONSTRUCCIONES Y OBRAS S.A. | G34: F4290 - Construcción de otras obras de ingeniería civil | H34: 01. SOCIEDAD ANÓNIMA | I34: cr 15 73 32 ofc 306 | J34: BOGOTA D.C. | K34: BOGOTA D.C. | L34: Periodo Actual | M34: 51466975 | N34: 35829945 | O34: 15637030 | P34: 916302 | Q34: 9111002 | R34: 1174540 | S34: 1024584 | U34: 5243206 | V34: 508129 | W34: 453317 | X34: 5298018 | Y34: 1252252 | Z34: 4045766 | AB34: 4045766
B35: Pymes-Individuales | C35: Estado de resultado integral, resultado del periodo, por funcion de gasto | D35: 800085861 | E35: 2022-12-31 | F35: SILVA ARIZA SA | G35: F4290 - Construcción de otras obras de ingeniería civil | H35: 01. SOCIEDAD ANÓNIMA | I35: AV CL 100 19A 50 OF 401Y402 | J35: BOGOTA D.C. | K35: BOGOTA D.C. | L35: Periodo Actual | M35: 28318055 | N35: 24408371 | O35: 3909684 | P35: 127951 | R35: 1581463 | S35: 1116658 | U35: 1339514 | V35: 16341 | W35: 392046 | X35: 963809 | Y35: 313551 | Z35: 650258 | AB35: 650258
B36: Pymes-Individuales | C36: Estado de resultado integral, resultado del periodo, por funcion de gasto | D36: 800088443 | E36: 2022-12-31 | F36: ITAC CONSTRUCCIONES SAS | G36: F4290 - Construcción de otras obras de ingeniería civil | H36: 08. SOCIEDAD POR ACCIONES SIMPLIFICADA SAS | I36: AK 45 #108A-50 PISO 6 | J36: BOGOTA D.C. | K36: BOGOTA D.C. | L36: Periodo Actual | M36: 2031073 | N36: 1797037 | O36: 234036 | P36: 62 | R36: 18797 | S36: 29597 | U36: 185704 | V36: 1968 | X36: 187672 | Y36: 72685 | Z36: 114987 | AB36: 114987
B37: Pymes-Individuales | C37: Estado de resultado integral, resultado del periodo, por funcion de gasto | D37: 800089032 | E37: 2022-12-31 | F37: ANDINA POZOS LTDA | G37: F4290 - Construcción de otras obras de ingeniería civil | H37: 03. SOCIEDAD LIMITADA | I37: CALLE 8N 4 28 | J37: CUNDINAMARCA | K37: COTA-CUNDINAMARCA | L37: Periodo Actual | M37: 5194000 | N37: 3663000 | O37: 1531000 | R37: 1026000 | U37: 505000 | W37: 164000 | X37: 341000 | Y37: 142000 | Z37: 199000 | AB37: 199000
B38: Pymes-Individuales | C38: Estado de resultado integral, resultado del periodo, por funcion de gasto | D38: 800089623 | E38: 2022-12-31 | F38: CORROSION Y SERVICIOS SAS | G38: F4290 - Construcción de otras obras de ingeniería civil | H38: 08. SOCIEDAD POR ACCIONES SIMPLIFICADA SAS | I38: CR 28 BIS 48A 22 | J38: BOGOTA D.C. | K38: BOGOTA D.C. | L38: Periodo Actual | M38: 3284368 | N38: 1996375 | O38: 1287993 | P38: 1069 | R38: 1163449 | S38: 57607 | U38: 68006 | V38: 1488 | W38: 196108 | X38: -126614 | Z38: -126614 | AB38: -126614
B39: Pymes-Individuales | C39: Estado de resultado integral, resultado del periodo, por funcion de gasto | D39: 800092242 | E39: 2022-12-31 | F39: CABALLERO ACEVEDO SAS | G39: F4290 - Construcción de otras obras de ingeniería civil | H39: 08. SOCIEDAD POR ACCIONES SIMPLIFICADA SAS | I39: BRR SANTA LUCIA CRA69 31 139 ED RONDA REAL P 10 OF 1003 | J39: BOLIVAR | K39: CARTAGENA-BOLIVAR | L39: Periodo Actual | M39: 7677866 | N39: 6047805 | O39: 1630061 | P39: 27183 | Q39: 0 | R39: 1065002 | S39: 290597 | T39: 0 | U39: 301645 | V39: 0 | W39: 0 | X39: 301645 | Y39: 215000 | Z39: 86645 | AA39: 0 | AB39: 86645
B40: Pymes-Individuales | C40: Estado de resultado integral, resultado del periodo, por funcion de gasto | D40: 800093266 | E40: 2022-12-31 | F40: GARCIA RIOS CONSTRUCTORES SAS | G40: F4290 - Construcción de otras obras de ingeniería civil | H40: 08. SOCIEDAD POR ACCIONES SIMPLIFICADA SAS | I40: CALLE 6 NORTE 2N 36 OFICINA 308 | J40: VALLE | K40: CALI-VALLE | L40: Periodo Actual | M40: 735385 | N40: 347431 | O40: 387954 | R40: 21110 | S40: 12810830 | U40: -12443986 | V40: 5 | W40: 684482 | X40: -13128463 | Y40: 21418 | Z40: -13149881 | AB40: -13149881
B41: Pymes-Individuales | C41: Estado de resultado integral, resultado del periodo, por funcion de gasto | D41: 800096053 | E41: 2022-12-31 | F41: EDYCON CUBIERTAS S.A.S. | G41: F4290 - Construcción de otras obras de ingeniería civil | H41: 08. SOCIEDAD POR ACCIONES SIMPLIFICADA SAS | I41: CALLE 100 SUR No 49 - 95 | J41: ANTIOQUIA | K41: LA-ESTRELLA-ANTIOQUIA | L41: Periodo Actual | M41: 1709852 | N41: 1155614 | O41: 554238 | P41: 30955 | Q41: 0 | R41: 305385 | S41: 60773 | U41: 219035 | V41: 20836 | W41: 0 | X41: 239871 | Y41: 98825 | Z41: 141046 | AA41: 0 | AB41: 141046
B42: Pymes-Individuales | C42: Estado de resultado integral, resultado del periodo, por funcion de gasto | D42: 800100277 | E42: 2022-12-31 | F42: LAGUNA MORANTE SAS EN REORGANIZACION | G42: F4290 - Construcción de otras obras de ingeniería civil | H42: 01. SOCIEDAD ANÓNIMA | I42: AV CRISANTO LUQUE URB EL REFUGIO BLO 14 APTO 4 | J42: BOLIVAR | K42: CARTAGENA-BOLIVAR | L42: Periodo Actual | M42: 5453577 | N42: 4691355 | O42: 762222 | P42: 779184 | R42: 1489969 | S42: 13715 | T42: 0 | U42: 37722 | W42: 3647 | X42: 34075 | Y42: 11926 | Z42: 22149 | AB42: 22149
B43: Pymes-Individuales | C43: Estado de resultado integral, resultado del periodo, por funcion de gasto | D43: 800102384 | E43: 2022-12-31 | F43: IMECONS LIMITADA | G43: F4290 - Construcción de otras obras de ingeniería civil | H43: 03. SOCIEDAD LIMITADA | I43: CARRERA 20 49 42 BARRIO COLOMBIA | J43: SANTANDER | K43: BARRANCABERMEJA-SANTANDER | L43: Periodo Actual | M43: 751574 | N43: 187142 | O43: 564432 | R43: 442919 | U43: 121513 | W43: 346 | X43: 121167 | Y43: 42409 | Z43: 78758 | AB43: 78758
B44: Pymes-Individuales | C44: Estado de resultado integral, resultado del periodo, por funcion de gasto | D44: 800104214 | E44: 2022-12-31 | F44: INCITECO SAS | G44: F4290 - Construcción de otras obras de ingeniería civil | H44: 08. SOCIEDAD POR ACCIONES SIMPLIFICADA SAS | I44: CL 127D 70D 27 | J44: BOGOTA D.C. | K44: BOGOTA D.C. | L44: Periodo Actual | M44: 45716388 | N44: 33178654 | O44: 12537734 | R44: 5439000 | S44: 228778 | U44: 6869956 | V44: 990814 | X44: 7860770 | Y44: 2799512 | Z44: 5061258 | AB44: 5061258
B45: Pymes-Individuales | C45: Estado de resultado integral, resultado del periodo, por funcion de gasto | D45: 800107800 | E45: 2022-12-31 | F45: PAVIMENTOS EL DORADO S.A.S. | G45: F4290 - Construcción de otras obras de ingeniería civil | H45: 08. SOCIEDAD POR ACCIONES SIMPLIFICADA SAS | I45: CR 16 A 80 63 OF 702 | J45: BOGOTA D.C. | K45: BOGOTA D.C. | L45: Periodo Actual | M45: 22620883 | N45: 18072124 | O45: 4548759 | P45: 500956 | R45: 1534533 | S45: 25121 | U45: 3490061 | V45: 1845994 | W45: 140871 | X45: 5195184 | Y45: 1766451 | Z45: 3428733 | AB45: 3428733
B46: Pymes-Individuales | C46: Estado de resultado integral, resultado del periodo, por funcion de gasto | D46: 800109273 | E46: 2022-12-31 | F46: CNV CONSTRUCCIONES SAS | G46: F4290 - Construcción de otras obras de ingeniería civil | H46: 08. SOCIEDAD POR ACCIONES SIMPLIFICADA SAS | I46: CR 25 3 45 OF 9921 CC DEL ESTE | J46: ANTIOQUIA | K46: MEDELLIN-ANTIOQUIA | L46: Periodo Actual | M46: 52956222 | N46: 57003999 | O46: -4047777 | P46: 10858246 | R46: 4375286 | S46: 237595 | U46: 2197588 | V46: 26765 | W46: 3290566 | X46: -1066213 | Y46: 78033 | Z46: -1144246 | AB46: -1144246
B47: Pymes-Individuales | C47: Estado de resultado integral, resultado del periodo, por funcion de gasto | D47: 800112169 | E47: 2022-12-31 | F47: CONSTRUOBRAS SAS | G47: F4290 - Construcción de otras obras de ingeniería civil | H47: 08. SOCIEDAD POR ACCIONES SIMPLIFICADA SAS | I47: CR 11A 11N 34 | J47: QUINDIO | K47: ARMENIA-QUINDIO | L47: Periodo Actual | M47: 6164955 | N47: 5336609 | O47: 828346 | P47: 66204 | Q47: 645 | R47: 457376 | S47: 27954 | U47: 408575 | V47: 2425 | W47: 69926 | X47: 341074 | Y47: 119376 | Z47: 221698 | AB47: 221698
B48: Pymes-Individuales | C48: Estado de resultado integral, resultado del periodo, por funcion de gasto | D48: 800112185 | E48: 2022-12-31 | F48: CONSTRUCCIONES PUBENZA SAS | G48: F4290 - Construcción de otras obras de ingeniería civil | H48: 08. SOCIEDAD POR ACCIONES SIMPLIFICADA SAS | I48: CL 77B 57 141 OF 708 | J48: ATLANTICO | K48: BARRANQUILLA-ATLANTICO | L48: Periodo Actual | M48: 4760815 | N48: 4195905 | O48: 564910 | P48: 45373 | R48: 246184 | S48: 123147 | U48: 240952 | V48: 105437 | W48: 51142 | X48: 295247 | Y48: 123075 | Z48: 172172 | AB48: 172172
B49: Pymes-Individuales | C49: Estado de resultado integral, resultado del periodo, por funcion de gasto | D49: 800112904 | E49: 2022-12-31 | F49: TEMPLADO SAS | G49: F4290 - Construcción de otras obras de ingeniería civil | H49: 08. SOCIEDAD POR ACCIONES SIMPLIFICADA SAS | I49: CL 72 65 228 | J49: ATLANTICO | K49: GALAPA-ATLANTICO | L49: Periodo Actual | M49: 45756958 | N49: 34292633 | O49: 11464325 | P49: 202000 | Q49: 3879915 | R49: 2906318 | S49: 268116 | U49: 4611976 | V49: 220453 | W49: 387058 | X49: 4445371 | Y49: 1509279 | Z49: 2936092 | AB49: 2936092
B50: Pymes-Individuales | C50: Estado de resultado integral, resultado del periodo, por funcion de gasto | D50: 800113634 | E50: 2022-12-31 | F50: CAPRELCO SAS | G50: F4290 - Construcción de otras obras de ingeniería civil | H50: 08. SOCIEDAD POR ACCIONES SIMPLIFICADA SAS | I50: Ak 15 No 124 29 Of 302 | J50: BOGOTA D.C. | K50: BOGOTA D.C. | L50: Periodo Actual | M50: 280568 | N50: 56173 | O50: 224395 | P50: 6 | R50: 65905 | S50: 150508 | U50: 7988 | X50: 7988 | Y50: 6429 | Z50: 1559 | AB50: 1559
B51: Pymes-Individuales | C51: Estado de resultado integral, resultado del periodo, por funcion de gasto | D51: 800113677 | E51: 2022-12-31 | F51: PETROLABIN S.A.S | G51: F4290 - Construcción de otras obras de ingeniería civil | H51: 08. SOCIEDAD POR ACCIONES SIMPLIFICADA SAS | I51: CRA 37 52 43 OFC 801 EDF VIP CENTER | J51: SANTANDER | K51: BUCARAMANGA-SANTANDER | L51: Periodo Actual | M51: 43092888 | N51: 35647116 | O51: 7445772 | P51: 964998 | R51: 3579690 | S51: 122090 | U51: 4708990 | V51: 16017 | W51: 2410590 | X51: 2314417 | Z51: 2314417 | AB51: 2314417
B52: Pymes-Individuales | C52: Estado de resultado integral, resultado del periodo, por funcion de gasto | D52: 800113757 | E52: 2022-12-31 | F52: INGE C Y C S.A.S | G52: F4290 - Construcción de otras obras de ingeniería civil | H52: 08. SOCIEDAD POR ACCIONES SIMPLIFICADA SAS | I52: CR 35A 57 91 OF 201 | J52: BOGOTA D.C. | K52: BOGOTA D.C. | L52: Periodo Actual | M52: 65833 | N52: 52031 | O52: 13802 | P52: 214 | R52: 7561 | S52: 1914 | U52: 4541 | X52: 4541 | Y52: 2160 | Z52: 2381 | AB52: 2381
B53: Pymes-Individuales | C53: Estado de resultado integral, resultado del periodo, por funcion de gasto | D53: 800119086 | E53: 2022-12-31 | F53: PROYECTOS Y VIAS SASPROYECTOS Y VIAS SAS | G53: F4290 - Construcción de otras obras de ingeniería civil | H53: 08. SOCIEDAD POR ACCIONES SIMPLIFICADA SAS | I53: CL 30A 81 37 | J53: ANTIOQUIA | K53: MEDELLIN-ANTIOQUIA | L53: Periodo Actual | M53: 26980999 | N53: 23454472 | O53: 3526527 | R53: 1390923 | U53: 2135604 | V53: 360204 | W53: 203448 | X53: 2292360 | Y53: 629728 | Z53: 1662632 | AB53: 1662632
B54: Pymes-Individuales | C54: Estado de resultado integral, resultado del periodo, por funcion de gasto | D54: 800124466 | E54: 2022-12-31 | F54: GABRIEL VERGARA VERGARA SAS | G54: F4290 - Construcción de otras obras de ingeniería civil | H54: 08. SOCIEDAD POR ACCIONES SIMPLIFICADA SAS | I54: CR 40 N NO 27 35 | J54: SUCRE | K54: SINCELEJO-SUCRE | L54: Periodo Actual | M54: 1755438 | N54: 1719849 | O54: 35589 | R54: 23973 | S54: 547647 | U54: -536031 | W54: 86862 | X54: -622893 | Y54: 9929 | Z54: -632822 | AB54: -632822
B55: Pymes-Individuales | C55: Estado de resultado integral, resultado del periodo, por funcion de gasto | D55: 800125980 | E55: 2022-12-31 | F55: EMECON SA EN REORGANIZACION | G55: F4290 - Construcción de otras obras de ingeniería civil | H55: 01. SOCIEDAD ANÓNIMA | I55: ZONA INDUSTRIAL KM 20.5 | J55: CUNDINAMARCA | K55: TOCANCIPA-CUNDINAMARCA | L55: Periodo Actual | M55: 22345016 | N55: 20546933 | O55: 1798083 | P55: 2367231 | Q55: 467091 | R55: 848875 | S55: 13714 | U55: 2835634 | V55: 42701 | W55: 203012 | X55: 2675323 | Y55: 208597 | Z55: 2466726 | AB55: 2466726
B56: Pymes-Individuales | C56: Estado de resultado integral, resultado del periodo, por funcion de gasto | D56: 800129071 | E56: 2022-12-31 | F56: SOTARCO SAS | G56: F4290 - Construcción de otras obras de ingeniería civil | H56: 08. SOCIEDAD POR ACCIONES SIMPLIFICADA SAS | I56: CARRERA 45 9 SUR 12 AP 603 | J56: ANTIOQUIA | K56: MEDELLIN-ANTIOQUIA | L56: Periodo Actual | M56: 14364529 | N56: 12899819 | O56: 1464710 | P56: 4217 | R56: 455783 | S56: 75564 | U56: 937580 | X56: 937580 | Y56: 339292 | Z56: 598288 | AB56: 598288
B57: Pymes-Individuales | C57: Estado de resultado integral, resultado del periodo, por funcion de gasto | D57: 800134130 | E57: 2022-12-31 | F57: solidos ingenieros civiles sa | G57: F4290 - Construcción de otras obras de ingeniería civil | H57: 01. SOCIEDAD ANÓNIMA | I57: cra 30 10c 228 of 405 | J57: ANTIOQUIA | K57: MEDELLIN-ANTIOQUIA | L57: Periodo Actual | M57: 6954609 | N57: 4869871 | O57: 2084738 | P57: 17495 | Q57: 112568 | R57: 1342489 | S57: 0 | U57: 647176 | V57: 0 | W57: 157453 | X57: 489723 | Y57: 52519 | Z57: 437204 | AA57: 0 | AB57: 437204
B58: Pymes-Individuales | C58: Estado de resultado integral, resultado del periodo, por funcion de gasto | D58: 800137478 | E58: 2022-12-31 | F58: METALORIENTE SAS | G58: F4290 - Construcción de otras obras de ingeniería civil | H58: 08. SOCIEDAD POR ACCIONES SIMPLIFICADA SAS | I58: KM 1.5 VIA CAVASA PARCELACION LA NUBIA VEREDA CAUCA SECO | J58: VALLE | K58: CANDELARIA-VALLE | L58: Periodo Actual | M58: 13899839 | N58: 11874564 | O58: 2025275 | P58: 33210 | R58: 1350485 | S58: 84884 | U58: 623116 | V58: 8126 | W58: 218715 | X58: 412527 | Y58: 230412 | Z58: 182115 | AB58: 182115
B59: Pymes-Individuales | C59: Estado de resultado integral, resultado del periodo, por funcion de gasto | D59: 800140959 | E59: 2022-12-31 | F59: CYG INGENIERIA Y CONSTRUCCIONES S A S | G59: F4290 - Construcción de otras obras de ingeniería civil | H59: 08. SOCIEDAD POR ACCIONES SIMPLIFICADA SAS | I59: CRA 7 75 -51 OF 602 | J59: BOGOTA D.C. | K59: BOGOTA D.C. | L59: Periodo Actual | M59: 32753680 | N59: 29367167 | O59: 3386513 | P59: 655692 | R59: 2379703 | S59: 275491 | U59: 1387011 | V59: 100340 | W59: 1261944 | X59: 225407 | Y59: 155189 | Z59: 70218 | AB59: 70218
B60: Pymes-Individuales | C60: Estado de resultado integral, resultado del periodo, por funcion de gasto | D60: 800141509 | E60: 2022-12-31 | F60: CORA SAS | G60: F4290 - Construcción de otras obras de ingeniería civil | H60: 08. SOCIEDAD POR ACCIONES SIMPLIFICADA SAS | I60: CARRERA 3 A 23-64 | J60: BOYACA | K60: PUERTO-BOYACA-BOYACA | L60: Periodo Actual | M60: 3426877 | N60: 1605574 | O60: 1821303 | P60: 9 | R60: 1105567 | S60: 63352 | U60: 652393 | W60: 81167 | X60: 571226 | Y60: 199929 | Z60: 371297 | AB60: 371297
B61: Pymes-Individuales | C61: Estado de resultado integral, resultado del periodo, por funcion de gasto | D61: 800143273 | E61: 2022-12-31 | F61: MONTAJES Y CONSTRUCCIONES FERMAR SAS | G61: F4290 - Construcción de otras obras de ingeniería civil | H61: 08. SOCIEDAD POR ACCIONES SIMPLIFICADA SAS | I61: CRA 19 55 59 | J61: SANTANDER | K61: BARRANCABERMEJA-SANTANDER | L61: Periodo Actual | M61: 101699889 | N61: 52546161 | O61: 49153728 | P61: 0 | Q61: 0 | R61: 36167109 | S61: 0 | U61: 12986619 | V61: 0 | W61: 464890 | X61: 12521729 | Y61: 4382605 | Z61: 8139124 | AA61: 0 | AB61: 8139124
B62: Pymes-Individuales | C62: Estado de resultado integral, resultado del periodo, por funcion de gasto | D62: 800143610 | E62: 2022-12-31 | F62: SOFORESTA SAS | G62: F4290 - Construcción de otras obras de ingeniería civil | H62: 08. SOCIEDAD POR ACCIONES SIMPLIFICADA SAS | I62: CRA 12 7 45 | J62: HUILA | K62: NEIVA-HUILA | L62: Periodo Actual | M62: 48748070 | N62: 41689888 | O62: 7058182 | P62: 597821 | R62: 2445883 | U62: 5210120 | V62: 15421 | W62: 2735311 | X62: 2490230 | Y62: 1489038 | Z62: 1001192 | AB62: 1001192
B63: Pymes-Individuales | C63: Estado de resultado integral, resultado del periodo, por funcion de gasto | D63: 800144081 | E63: 2022-12-31 | F63: ODIS OBRAS Y DISEÑOS S A S | G63: F4290 - Construcción de otras obras de ingeniería civil | H63: 08. SOCIEDAD POR ACCIONES SIMPLIFICADA SAS | I63: Carrera 27 A 50 34 | J63: BOGOTA D.C. | K63: BOGOTA D.C. | L63: Periodo Actual | M63: 245807 | O63: 245807 | R63: 211109 | S63: 5255 | T63: 22 | U63: 29465 | X63: 29465 | Y63: 15839 | Z63: 13626 | AB63: 13626
B64: Pymes-Individuales | C64: Estado de resultado integral, resultado del periodo, por funcion de gasto | D64: 800144156 | E64: 2022-12-31 | F64: HIDROESTRUCTURAS SAS | G64: F4290 - Construcción de otras obras de ingeniería civil | H64: 08. SOCIEDAD POR ACCIONES SIMPLIFICADA SAS | I64: CLL 6 44 37 OF 214 | J64: VALLE | K64: CALI-VALLE | L64: Periodo Actual | M64: 10019 | N64: 0 | O64: 10019 | P64: 0 | Q64: 0 | R64: 10019 | S64: 0 | U64: 0 | V64: 0 | W64: 0 | X64: 0 | Y64: 0 | Z64: 0 | AA64: 0 | AB64: 0
B65: Pymes-Individuales | C65: Estado de resultado integral, resultado del periodo, por funcion de gasto | D65: 800146310 | E65: 2022-12-31 | F65: AZUL URBANO LIMITADA | G65: F4290 - Construcción de otras obras de ingeniería civil | H65: 03. SOCIEDAD LIMITADA | I65: CR 8 45 35 OF 929 CENTRO DE NEGOCIOS ALAMEDAS DEL SINU | J65: CORDOBA | K65: MONTERIA-CORDOBA | L65: Periodo Actual | M65: 5841197 | N65: 5551049 | O65: 290148 | Q65: 26484 | R65: 543972 | T65: 73387 | U65: -206921 | W65: 200835 | X65: -407756 | Z65: -407756 | AB65: -407756
B66: Pymes-Individuales | C66: Estado de resultado integral, resultado del periodo, por funcion de gasto | D66: 800147021 | E66: 2022-12-31 | F66: LLANOPOZO SA | G66: F4290 - Construcción de otras obras de ingeniería civil | H66: 01. SOCIEDAD ANÓNIMA | I66: TV 93 53-32 IN 11 | J66: BOGOTA D.C. | K66: BOGOTA D.C. | L66: Periodo Actual | M66: 8260356 | N66: 5354258 | O66: 2906098 | P66: 71973 | Q66: 592965 | R66: 1739903 | S66: 222373 | U66: 422830 | W66: 257843 | X66: 164987 | Y66: 282798 | Z66: -117811 | AB66: -117811
B67: Pymes-Individuales | C67: Estado de resultado integral, resultado del periodo, por funcion de gasto | D67: 800150987 | E67: 2022-12-31 | F67: INGEDUCTOS S.A. EN REORGANIZACION | G67: F4290 - Construcción de otras obras de ingeniería civil | H67: 01. SOCIEDAD ANÓNIMA | I67: CL 45 B 22 54 | J67: BOGOTA D.C. | K67: BOGOTA D.C. | L67: Periodo Actual | M67: 0 | N67: 0 | O67: 0 | P67: 112016 | R67: 169761 | S67: 172701 | U67: -230446 | X67: -230446 | Z67: -230446 | AB67: -230446
B68: Pymes-Individuales | C68: Estado de resultado integral, resultado del periodo, por funcion de gasto | D68: 800155260 | E68: 2022-12-31 | F68: RAMIREZ ARENAS S.A.S | G68: F4290 - Construcción de otras obras de ingeniería civil | H68: 08. SOCIEDAD POR ACCIONES SIMPLIFICADA SAS | I68: PARQUE INDUSTRIAL PROVINCIA DE SOTO II ETP BODEGA 38 CL 73 42W 19 BR PORVENIR | J68: SANTANDER | K68: BUCARAMANGA-SANTANDER | L68: Periodo Actual | M68: 3094372 | N68: 2281385 | O68: 812987 | P68: 16050 | Q68: 33419 | R68: 645858 | S68: 13490 | U68: 136270 | V68: 1222 | W68: 104383 | X68: 33109 | Y68: 24265 | Z68: 8844 | AB68: 8844
B69: Pymes-Individuales | C69: Estado de resultado integral, resultado del periodo, por funcion de gasto | D69: 800159596 | E69: 2022-12-31 | F69: COMPAÑIA DE INGENIERIA Y CONSTRUCCIONES DEL CARIBE S.A.S. | G69: F4290 - Construcción de otras obras de ingeniería civil | H69: 08. SOCIEDAD POR ACCIONES SIMPLIFICADA SAS | I69: CR 51B #76-136 OF 409 | J69: ATLANTICO | K69: BARRANQUILLA-ATLANTICO | L69: Periodo Actual | M69: 408861 | N69: 143220 | O69: 265641 | P69: 10373 | Q69: 3155 | R69: 241758 | S69: 2771 | U69: 28330 | V69: 18189 | W69: 6618 | X69: 39901 | Y69: 12816 | Z69: 27085 | AB69: 27085
B70: Pymes-Individuales | C70: Estado de resultado integral, resultado del periodo, por funcion de gasto | D70: 800164423 | E70: 2022-12-31 | F70: PAMER INGENIERIA SAS | G70: F4290 - Construcción de otras obras de ingeniería civil | H70: 08. SOCIEDAD POR ACCIONES SIMPLIFICADA SAS | I70: CALLE 12 1D - 45 BARRIO EL CARMEN | J70: ATLANTICO | K70: MALAMBO-ATLANTICO | L70: Periodo Actual | M70: 3546151 | N70: 2297211 | O70: 1248940 | P70: 14255 | R70: 830703 | S70: 276373 | U70: 156119 | V70: 248 | X70: 156367 | Z70: 156367 | AB70: 156367
B71: Pymes-Individuales | C71: Estado de resultado integral, resultado del periodo, por funcion de gasto | D71: 800170850 | E71: 2022-12-31 | F71: RAPITEC SAS | G71: F4290 - Construcción de otras obras de ingeniería civil | H71: 08. SOCIEDAD POR ACCIONES SIMPLIFICADA SAS | I71: CR 11D 119 37CR 11D 119 37 | J71: BOGOTA D.C. | K71: BOGOTA D.C. | L71: Periodo Actual | M71: 4141731 | N71: 3471463 | O71: 670268 | P71: 18649 | Q71: 0 | R71: 257249 | S71: 246730 | U71: 184938 | V71: 28 | W71: 24089 | X71: 160877 | Y71: 88735 | Z71: 72142 | AB71: 72142
B72: Pymes-Individuales | C72: Estado de resultado integral, resultado del periodo, por funcion de gasto | D72: 800176128 | E72: 2022-12-31 | F72: CINCEL SAS | G72: F4290 - Construcción de otras obras de ingeniería civil | H72: 08. SOCIEDAD POR ACCIONES SIMPLIFICADA SAS | I72: DG 32 33A SUR 25 OF 101 | J72: ANTIOQUIA | K72: ENVIGADO-ANTIOQUIA | L72: Periodo Actual | M72: 1098634 | N72: 376804 | O72: 721830 | P72: 872054 | R72: 371796 | S72: 54092 | T72: 0 | U72: 1167996 | V72: 30 | W72: 114079 | X72: 1053947 | Y72: 188305 | Z72: 865642 | AB72: 865642
B73: Pymes-Individuales | C73: Estado de resultado integral, resultado del periodo, por funcion de gasto | D73: 800177012 | E73: 2022-12-31 | F73: JASA LTDA | G73: F4290 - Construcción de otras obras de ingeniería civil | H73: 03. SOCIEDAD LIMITADA | I73: AV 6 #7N-71 ZONA INDUSTRIAL | J73: NORTE DE SANTANDER | K73: CUCUTA-NORTE DE SANTANDER | L73: Periodo Actual | M73: 31472885 | N73: 25101108 | O73: 6371777 | P73: 240683 | Q73: 0 | R73: 2328280 | S73: 0 | T73: 0 | U73: 4284180 | V73: 0 | W73: 2150529 | X73: 2133651 | Y73: 927799 | Z73: 1205852 | AA73: 0 | AB73: 1205852
B74: Pymes-Individuales | C74: Estado de resultado integral, resultado del periodo, por funcion de gasto | D74: 800177854 | E74: 2022-12-31 | F74: MONTAJES TECNICOS ZAMBRANO Y VARGAS SAS | G74: F4290 - Construcción de otras obras de ingeniería civil | H74: 08. SOCIEDAD POR ACCIONES SIMPLIFICADA SAS | I74: CARRERA 34 22 - 56 BRR SAN BENITO | J74: META | K74: VILLAVICENCIO-META | L74: Periodo Actual | M74: 215141022 | N74: 177125896 | O74: 38015126 | P74: 769150 | R74: 2672158 | S74: 396138 | U74: 35715980 | V74: 426310 | W74: 3907062 | X74: 32235228 | Y74: 11702516 | Z74: 20532712 | AB74: 20532712
B75: Pymes-Individuales | C75: Estado de resultado integral, resultado del periodo, por funcion de gasto | D75: 800186250 | E75: 2022-12-31 | F75: ESTAHL INGENIERIA SOCIEDAD POR ACCIONES SIMPLIFICADA SAS | G75: F4290 - Construcción de otras obras de ingeniería civil | H75: 08. SOCIEDAD POR ACCIONES SIMPLIFICADA SAS | I75: KM 2 VIA FUNZA SIBERIA PARQUE INDUSTRIAL JAPON PERU BG 7 | J75: CUNDINAMARCA | K75: FUNZA-CUNDINAMARCA | L75: Periodo Actual | M75: 27589683 | N75: 21970803 | O75: 5618880 | P75: 1401318 | Q75: 74460 | R75: 5881202 | S75: 769889 | U75: 294647 | V75: 12376 | W75: 665682 | X75: -358659 | Y75: -864290 | Z75: 505631 | AB75: 505631
B76: Pymes-Individuales | C76: Estado de resultado integral, resultado del periodo, por funcion de gasto | D76: 800192570 | E76: 2022-12-31 | F76: AG CONSTRUCCION Y DISEÑO SAS | G76: F4290 - Construcción de otras obras de ingeniería civil | H76: 08. SOCIEDAD POR ACCIONES SIMPLIFICADA SAS | I76: CR 23 124 87 OF 205 | J76: BOGOTA D.C. | K76: BOGOTA D.C. | L76: Periodo Actual | M76: 830859 | N76: 0 | O76: 830859 | Q76: 28378 | R76: 627625 | S76: 1221 | U76: 173635 | W76: 17242 | X76: 156393 | Y76: 56769 | Z76: 99624 | AB76: 99624
B77: Pymes-Individuales | C77: Estado de resultado integral, resultado del periodo, por funcion de gasto | D77: 800192783 | E77: 2022-12-31 | F77: SOCIEDAD CORPORACION FINANZAS DE AMERICA CORFIAMERICA | G77: F4290 - Construcción de otras obras de ingeniería civil | H77: 08. SOCIEDAD POR ACCIONES SIMPLIFICADA SAS | I77: CRA 10 No. 16 92 OFI 607 | J77: BOGOTA D.C. | K77: BOGOTA D.C. | L77: Periodo Actual | M77: 31770 | O77: 31770 | P77: 62791 | Q77: 646858 | S77: 477176 | U77: -1029473 | W77: 1121439 | X77: -2150912 | Z77: -2150912 | AB77: -2150912
B78: Pymes-Individuales | C78: Estado de resultado integral, resultado del periodo, por funcion de gasto | D78: 800193071 | E78: 2022-12-31 | F78: CASTRO ROJAS INGENIEROS Y ARQUITECTOS S.A.S. | G78: F4290 - Construcción de otras obras de ingeniería civil | H78: 08. SOCIEDAD POR ACCIONES SIMPLIFICADA SAS | I78: CALLE 114 53 72 INT. 102 | J78: BOGOTA D.C. | K78: BOGOTA D.C. | L78: Periodo Actual | M78: 1489838 | N78: 708120 | O78: 781718 | P78: 48580 | R78: 879113 | S78: 38303 | U78: -87118 | X78: -87118 | Z78: -87118 | AB78: -87118
B79: Pymes-Individuales | C79: Estado de resultado integral, resultado del periodo, por funcion de gasto | D79: 800193524 | E79: 2022-12-31 | F79: ELECTRICOS Y CIVILES CONSTRUCTORES SAS | G79: F4290 - Construcción de otras obras de ingeniería civil | H79: 08. SOCIEDAD POR ACCIONES SIMPLIFICADA SAS | I79: CR 5 13 56 OF 601 | J79: HUILA | K79: NEIVA-HUILA | L79: Periodo Actual | M79: 377506 | N79: 109672 | O79: 267834 | P79: 1 | R79: 222960 | U79: 44875 | W79: 15571 | X79: 29304 | Y79: 9377 | Z79: 19927 | AB79: 19927
B80: Pymes-Individuales | C80: Estado de resultado integral, resultado del periodo, por funcion de gasto | D80: 800195564 | E80: 2022-12-31 | F80: HV INGENIERIA Y CONSTRUCCIONES SAS | G80: F4290 - Construcción de otras obras de ingeniería civil | H80: 08. SOCIEDAD POR ACCIONES SIMPLIFICADA SAS | I80: CL 77B 57 103 OF 1105 ED GREEN TOWERS | J80: ATLANTICO | K80: BARRANQUILLA-ATLANTICO | L80: Periodo Actual | M80: 4900405 | N80: 4090120 | O80: 810285 | P80: 4895 | R80: 416300 | S80: 33654 | U80: 365226 | V80: 13092 | W80: 110919 | X80: 267399 | Y80: 112193 | Z80: 155206 | AB80: 155206
B81: Pymes-Individuales | C81: Estado de resultado integral, resultado del periodo, por funcion de gasto | D81: 800196467 | E81: 2022-12-31 | F81: INGENIERIA JOULES MEC SAS | G81: F4290 - Construcción de otras obras de ingeniería civil | H81: 08. SOCIEDAD POR ACCIONES SIMPLIFICADA SAS | I81: CALLE 35 SUR N 5 150 ZONA INDUSTRIAL | J81: HUILA | K81: NEIVA-HUILA | L81: Periodo Actual | M81: 65665635 | N81: 57862820 | O81: 7802815 | P81: 321518 | R81: 1016893 | S81: 223771 | U81: 6883669 | W81: 651304 | X81: 6232365 | Y81: 2790304 | Z81: 3442061 | AB81: 3442061
B82: Pymes-Individuales | C82: Estado de resultado integral, resultado del periodo, por funcion de gasto | D82: 800196832 | E82: 2022-12-31 | F82: FOMENTO CENTRAL MINERO SAS | G82: F4290 - Construcción de otras obras de ingeniería civil | H82: 08. SOCIEDAD POR ACCIONES SIMPLIFICADA SAS | I82: calle 41N 4N 133 | J82: VALLE | K82: CALI-VALLE | L82: Periodo Actual | M82: 168481 | N82: 61883 | O82: 106598 | P82: 28084 | Q82: 0 | R82: 90163 | S82: 26066 | U82: 18453 | V82: 0 | W82: 0 | X82: 18453 | Y82: 6150 | Z82: 12303 | AA82: 0 | AB82: 12303
B83: Pymes-Individuales | C83: Estado de resultado integral, resultado del periodo, por funcion de gasto | D83: 800198573 | E83: 2022-12-31 | F83: HAGSA EN REESTRUCTURACION | G83: F4290 - Construcción de otras obras de ingeniería civil | H83: 01. SOCIEDAD ANÓNIMA | I83: CR 61 DD 40A 03 SANTA CLARA II | J83: ANTIOQUIA | K83: RIONEGRO-ANTIOQUIA | L83: Periodo Actual | M83: 7636226 | N83: 6848254 | O83: 787972 | P83: 35774 | R83: 350515 | S83: 51959 | U83: 421272 | W83: 113218 | X83: 308054 | Y83: 155070 | Z83: 152984 | AB83: 152984
B84: Pymes-Individuales | C84: Estado de resultado integral, resultado del periodo, por funcion de gasto | D84: 800199185 | E84: 2022-12-31 | F84: HIFO SA | G84: F4290 - Construcción de otras obras de ingeniería civil | H84: 01. SOCIEDAD ANÓNIMA | I84: CRA 7B No. 126-61 | J84: BOGOTA D.C. | K84: BOGOTA D.C. | L84: Periodo Actual | M84: 79412 | N84: 37473 | O84: 41939 | R84: 25492 | S84: 2066 | U84: 14381 | X84: 14381 | Y84: 5968 | Z84: 8413 | AB84: 8413
B85: Pymes-Individuales | C85: Estado de resultado integral, resultado del periodo, por funcion de gasto | D85: 800200439 | E85: 2022-12-31 | F85: UNIVERSAL DE PRODUCTOS Y SERVICIOS SAS | G85: F4290 - Construcción de otras obras de ingeniería civil | H85: 08. SOCIEDAD POR ACCIONES SIMPLIFICADA SAS | I85: AUTOPISTA SUR CRA 7 39A 119 | J85: CUNDINAMARCA | K85: SOACHA-CUNDINAMARCA | L85: Periodo Actual | M85: 7231550 | N85: 3011755 | O85: 4219795 | P85: 0 | Q85: 2029974 | R85: 1102132 | S85: 0 | U85: 1087689 | V85: 12375 | W85: 297712 | X85: 802352 | Y85: 302836 | Z85: 499516 | AA85: 0 | AB85: 499516
B86: Pymes-Individuales | C86: Estado de resultado integral, resultado del periodo, por funcion de gasto | D86: 800203342 | E86: 2022-12-31 | F86: GRUCON SAS | G86: F4290 - Construcción de otras obras de ingeniería civil | H86: 08. SOCIEDAD POR ACCIONES SIMPLIFICADA SAS | I86: CALLE 37 B 84 A 63 | J86: ANTIOQUIA | K86: MEDELLIN-ANTIOQUIA | L86: Periodo Actual | M86: 36906295 | N86: 29069944 | O86: 7836351 | P86: 183142 | R86: 4647960 | S86: 102300 | U86: 3269233 | W86: 231234 | X86: 3037999 | Y86: 1063300 | Z86: 1974699 | AB86: 1974699
B87: Pymes-Individuales | C87: Estado de resultado integral, resultado del periodo, por funcion de gasto | D87: 800205166 | E87: 2022-12-31 | F87: ROCALES Y CONCRETOS SOCIEDAD POR ACCIONES SIMPLIFICADA | G87: F4290 - Construcción de otras obras de ingeniería civil | H87: 08. SOCIEDAD POR ACCIONES SIMPLIFICADA SAS | I87: CALLE 6 NORTE 2N 36 OFICINA 516 | J87: VALLE | K87: CALI-VALLE | L87: Periodo Actual | M87: 49583717 | N87: 40296198 | O87: 9287519 | Q87: 132045 | R87: 2741922 | S87: 1000343 | U87: 5413209 | V87: 2444 | W87: 2385296 | X87: 3030357 | Y87: 1399564 | Z87: 1630793 | AB87: 1630793
B88: Pymes-Individuales | C88: Estado de resultado integral, resultado del periodo, por funcion de gasto | D88: 800206723 | E88: 2022-12-31 | F88: CONSTRUCTORA LANDA SAS | G88: F4290 - Construcción de otras obras de ingeniería civil | H88: 08. SOCIEDAD POR ACCIONES SIMPLIFICADA SAS | I88: CRA 46 94 36 | J88: BOGOTA D.C. | K88: BOGOTA D.C. | L88: Periodo Actual | M88: 32865342 | N88: 25899604 | O88: 6965738 | P88: 300822 | R88: 1902436 | U88: 5364124 | W88: 2236843 | X88: 3127281 | Y88: 818988 | Z88: 2308293 | AB88: 2308293
B89: Pymes-Individuales | C89: Estado de resultado integral, resultado del periodo, por funcion de gasto | D89: 800207312 | E89: 2022-12-31 | F89: CANOGA GARDEN CONSTRUCCIONES S.A.S. | G89: F4290 - Construcción de otras obras de ingeniería civil | H89: 08. SOCIEDAD POR ACCIONES SIMPLIFICADA SAS | I89: CL 110 9 25 OF 1706 | J89: BOGOTA D.C. | K89: BOGOTA D.C. | L89: Periodo Actual | M89: 0 | N89: 0 | O89: 0 | P89: 0 | Q89: 0 | R89: 5074 | S89: 20479 | U89: -25553 | V89: 20 | W89: 0 | X89: -25533 | Y89: 0 | Z89: -25533 | AA89: 0 | AB89: -25533
B90: Pymes-Individuales | C90: Estado de resultado integral, resultado del periodo, por funcion de gasto | D90: 800207622 | E90: 2022-12-31 | F90: ICAGEL LIMITADA | G90: F4290 - Construcción de otras obras de ingeniería civil | H90: 03. SOCIEDAD LIMITADA | I90: CONJUNTO VILLA ROCIO CASA 10 | J90: TOLIMA | K90: IBAGUE-TOLIMA | L90: Periodo Actual | M90: 60755 | N90: 40706 | O90: 20049 | R90: 17011 | U90: 3038 | W90: 469 | X90: 2569 | Y90: 1230 | Z90: 1339 | AB90: 1339
B91: Pymes-Individuales | C91: Estado de resultado integral, resultado del periodo, por funcion de gasto | D91: 800208210 | E91: 2022-12-31 | F91: RCH CONSTRUCTORES ASOCIADOS SAS | G91: F4290 - Construcción de otras obras de ingeniería civil | H91: 08. SOCIEDAD POR ACCIONES SIMPLIFICADA SAS | I91: CRA 7 127 48 OFC 701 | J91: BOGOTA D.C. | K91: BOGOTA D.C. | L91: Periodo Actual | M91: 56395486 | N91: 48577800 | O91: 7817686 | P91: 30688 | R91: 2999417 | S91: 896118 | U91: 3952839 | V91: 300377 | W91: 301202 | X91: 3952014 | Y91: 1387513 | Z91: 2564501 | AB91: 2564501
B92: Pymes-Individuales | C92: Estado de resultado integral, resultado del periodo, por funcion de gasto | D92: 800209530 | E92: 2022-12-31 | F92: CONSTRUCTORA FG SAS | G92: F4290 - Construcción de otras obras de ingeniería civil | H92: 08. SOCIEDAD POR ACCIONES SIMPLIFICADA SAS | I92: CRA 57 84 211 | J92: ATLANTICO | K92: BARRANQUILLA-ATLANTICO | L92: Periodo Actual | M92: 60043128 | N92: 51689621 | O92: 8353507 | P92: 81702 | R92: 1844722 | S92: 913233 | U92: 5677254 | W92: 1408165 | X92: 4269089 | Y92: 1023378 | Z92: 3245711 | AB92: 3245711
B93: Pymes-Individuales | C93: Estado de resultado integral, resultado del periodo, por funcion de gasto | D93: 800210073 | E93: 2022-12-31 | F93: O&P INGENIERIA SAS | G93: F4290 - Construcción de otras obras de ingeniería civil | H93: 08. SOCIEDAD POR ACCIONES SIMPLIFICADA SAS | I93: CALLE 93 N 15-59 OFC 104 | J93: BOGOTA D.C. | K93: BOGOTA D.C. | L93: Periodo Actual | M93: 5321992 | O93: 5321992 | P93: 118529 | Q93: 3295732 | R93: 1526526 | S93: 591984 | U93: 26279 | V93: 5909350 | W93: 5419936 | X93: 515693 | Y93: 180493 | Z93: 335200 | AB93: 335200
B94: Pymes-Individuales | C94: Estado de resultado integral, resultado del periodo, por funcion de gasto | D94: 800215694 | E94: 2022-12-31 | F94: VESGA MORENO INGENIEROS SAS BIC | G94: F4290 - Construcción de otras obras de ingeniería civil | H94: 08. SOCIEDAD POR ACCIONES SIMPLIFICADA SAS | I94: CALLE 31A 26 15 OFC 602 C.E LA FLORIDA | J94: SANTANDER | K94: FLORIDABLANCA-SANTANDER | L94: Periodo Actual | M94: 13089633 | N94: 9230139 | O94: 3859494 | P94: 521743 | R94: 2460036 | S94: 375240 | U94: 1545961 | V94: 978 | W94: 128420 | X94: 1418519 | Y94: 180383 | Z94: 1238136 | AB94: 1238136
B95: Pymes-Individuales | C95: Estado de resultado integral, resultado del periodo, por funcion de gasto | D95: 800216899 | E95: 2022-12-31 | F95: CDC INGENIERIA SAS | G95: F4290 - Construcción de otras obras de ingeniería civil | H95: 08. SOCIEDAD POR ACCIONES SIMPLIFICADA SAS | I95: CRA. 7 #237-04, K3, FLORESTA DE LA SABANA | J95: BOGOTA D.C. | K95: BOGOTA D.C. | L95: Periodo Actual | M95: 0 | N95: 0 | O95: 0 | P95: 0 | Q95: 0 | R95: 0 | S95: 0 | T95: 0 | U95: 0 | V95: 0 | W95: 0 | X95: 0 | Y95: 0 | Z95: 0 | AA95: 0 | AB95: 0
B96: Pymes-Individuales | C96: Estado de resultado integral, resultado del periodo, por funcion de gasto | D96: 800217690 | E96: 2022-12-31 | F96: COMEC LTDA CONSTRUCCION DE OBRA DE INGENIERIA MECANICA CIVIL Y ELECTRICA LTDA | G96: F4290 - Construcción de otras obras de ingeniería civil | H96: 03. SOCIEDAD LIMITADA | I96: CRA 26 47-36 | J96: SANTANDER | K96: BARRANCABERMEJA-SANTANDER | L96: Periodo Actual | M96: 0 | N96: 0 | O96: 0 | P96: 15177 | Q96: 0 | R96: 11966 | S96: 142 | U96: 3069 | V96: 0 | W96: 0 | X96: 3069 | Y96: 0 | Z96: 3069 | AA96: 0 | AB96: 3069
B97: Pymes-Individuales | C97: Estado de resultado integral, resultado del periodo, por funcion de gasto | D97: 800219705 | E97: 2022-12-31 | F97: ROCA + SAS | G97: F4290 - Construcción de otras obras de ingeniería civil | H97: 07. EMPRESA UNIPERSONAL | I97: AV CR 28 37 52 | J97: BOGOTA D.C. | K97: BOGOTA D.C. | L97: Periodo Actual | M97: 347132 | N97: 166812 | O97: 180320 | P97: 179 | S97: 4284 | U97: 176215 | X97: 176215 | Y97: 61675 | Z97: 114540 | AA97: -3464 | AB97: 111076
B98: Pymes-Individuales | C98: Estado de resultado integral, resultado del periodo, por funcion de gasto | D98: 800224899 | E98: 2022-12-31 | F98: FEYMA INGENIERIA S.A.S | G98: F4290 - Construcción de otras obras de ingeniería civil | H98: 08. SOCIEDAD POR ACCIONES SIMPLIFICADA SAS | I98: CARRERA 1 13 80 | J98: BOYACA | K98: TUNJA-BOYACA | L98: Periodo Actual | M98: 7470444 | N98: 5090499 | O98: 2379945 | Q98: 1906920 | R98: 101993 | U98: 371032 | W98: 261396 | X98: 109636 | Y98: 38373 | Z98: 71263 | AB98: 71263
B99: Pymes-Individuales | C99: Estado de resultado integral, resultado del periodo, por funcion de gasto | D99: 800226646 | E99: 2022-12-31 | F99: BIOTECNOLOGIA DE COLOMBIA SAS | G99: F4290 - Construcción de otras obras de ingeniería civil | H99: 08. SOCIEDAD POR ACCIONES SIMPLIFICADA SAS | I99: Cra 26 90 16 diamante 2 | J99: SANTANDER | K99: BARRANCABERMEJA-SANTANDER | L99: Periodo Actual | M99: 11321831 | N99: 15048527 | O99: -3726696 | R99: 582248 | S99: 2413022 | U99: -6721966 | X99: -6721966 | Z99: -6721966 | AB99: -6721966
B100: Pymes-Individuales | C100: Estado de resultado integral, resultado del periodo, por funcion de gasto | D100: 800226833 | E100: 2022-12-31 | F100: RAMPINT SAS | G100: F4290 - Construcción de otras obras de ingeniería civil | H100: 08. SOCIEDAD POR ACCIONES SIMPLIFICADA SAS | I100: CL 37 35 A 23 BRR YARIMA | J100: SANTANDER | K100: BARRANCABERMEJA-SANTANDER | L100: Periodo Actual | M100: 215291379 | N100: 197845781 | O100: 17445598 | P100: 4672983 | R100: 15146954 | S100: 718543 | U100: 6253084 | V100: 1908254 | W100: 1360178 | X100: 6801160 | Y100: 3030802 | Z100: 3770358 | AB100: 3770358
B101: Pymes-Individuales | C101: Estado de resultado integral, resultado del periodo, por funcion de gasto | D101: 800228872 | E101: 2022-12-31 | F101: CONCALI COLOMBIA SAS | G101: F4290 - Construcción de otras obras de ingeniería civil | H101: 08. SOCIEDAD POR ACCIONES SIMPLIFICADA SAS | I101: Calle 5 66 B 75 Ofic220A | J101: VALLE | K101: CALI-VALLE | L101: Periodo Actual | M101: 22419011 | N101: 13926537 | O101: 8492474 | P101: 231755 | R101: 7265930 | S101: 8091 | U101: 1450208 | W101: 168304 | X101: 1281904 | Y101: 405438 | Z101: 876466 | AB101: 876466
...

Sheet Estado de situacion financiera
B2: NIT | C2: Fecha de Corte | D2: Razón social de la sociedad | E2: Clasificación Industrial Internacional Uniforme Versión 4 A.C (CIIU) | F2: Tipo societario | G2: Dirección de notificación judicial registrada en Cámara de Comercio | H2: Departamento de la dirección del domicilio | I2: Ciudad de la dirección del domicilio | J2: Periodo | K2: Efectivo y equivalentes al efectivo (CashAndCashEquivalents) | L2: Cuentas comerciales por cobrar y otras cuentas por cobrar corrientes (TradeAndOtherCurrentReceivables) | M2: Inventarios corrientes (Inventories) | N2: Activos por impuestos corrientes, corriente (CurrentTaxAssetsCurrent) | O2: Activos biológicos corrientes, al costo menos depreciación acumulada y deterioro de valor (CurrentBiologicalAssetsAtCost) | P2: Activos biológicos corrientes, al valor razonable (CurrentBiologicalAssetsAtFairValue) | Q2: Otros activos financieros corrientes (OtherCurrentFinancialAssets) | R2: Otros activos no financieros corrientes (OtherCurrentNonfinancialAssets) | S2: Activos corrientes distintos al efectivo pignorados como garantía colateral para las que el receptor de transferencias tiene derecho por contrato o costumbre a vender o pignorar de nuevo dicha garantía colateral (CurrentNoncashAssetsPledgedAsCollateralForWhichTransfereeHasRightByContractOrCustomToSellOrRepledgeCollateral) | T2: Total activos corrientes distintos de los activos no corrientes o grupo de activos para su disposición clasificados como mantenidos para la venta o como mantenidos para distribuir a los propietarios (Total_activos_corrientes_distintos_de_los_activos_no_corrientes_o_grupo_de_activos_para_su_disposicion_clasificados_como_mantenidos_para_la_venta_o_como_mantenidos_para_distribuir_a_los_propietarios) | U2: Activos no corrientes o grupos de activos para su disposición clasificados como mantenidos para la venta o como mantenidos para distribuir a los propietarios (Activos_no_corrientes_o_grupos_de_activos_para_su_disposicion_clasificados_como_mantenidos_para_la_venta_o_como_mantenidos_para_distribuir_a_los_propietarios) | V2: Activos corrientes totales (CurrentAssets) | W2: Propiedades, planta y equipo (PropertyPlantAndEquipment) | X2: Propiedades de inversión al costo menos depreciación acumulada y deterioro (Propiedades_de_inversión_al_costo_menos_depreciacion_acumulada_y_deterioro) | Y2: Propiedades de inversión a valor razonable con cambios en resultados (InvestmentProperty) | Z2: Plusvalía (Goodwill) | AA2: Activos intangibles distintos de la plusvalía (IntangibleAssetsOtherThanGoodwill) | AB2: Activos biológicos no corrientes, al costo menos depreciación acumulada y deterioro del valor (NoncurrentBiologicalAssetsAtCost) | AC2: Activos biológicos no corrientes, al valor razonable (NoncurrentBiologicalAssetsAtFairValue) | AD2: Cuentas comerciales por cobrar y otras cuentas por cobrar no corrientes (NoncurrentReceivables) | AE2: Inventarios no corrientes (NoncurrentInventories) | AF2: Activos por impuestos diferidos (DeferredTaxAssets) | AG2: Activos por impuestos corrientes, no corriente (CurrentTaxAssetsNoncurrent) | AH2: Otros activos financieros no corrientes (OtherNoncurrentFinancialAssets) | AI2: Otros activos no financieros no corrientes (OtherNoncurrentNonfinancialAssets) | AJ2: Activos no corrientes distintos al efectivo pignorados como garantía colateral para las que el receptor de transferencias tiene derecho por contrato o costumbre a vender o pignorar de nuevo dicha garantía colateral (NoncurrentNoncashAssetsPledgedAsCollateralForWhichTransfereeHasRightByContractOrCustomToSellOrRepledgeCollateral) | AK2: Total de activos no corrientes (NoncurrentAssets) | AL2: Total de activos (Assets) | AM2: Provisiones corrientes por beneficios a los empleados (CurrentProvisionsForEmployeeBenefits) | AN2: Otras provisiones corrientes (OtherShorttermProvisions) | AO2: Total provisiones corrientes (CurrentProvisions) | AP2: Cuentas por pagar comerciales y otras cuentas por pagar corrientes (TradeAndOtherCurrentPayables) | AQ2: Pasivos por impuestos corrientes, corriente (CurrentTaxLiabilitiesCurrent) | AR2: Otros pasivos financieros corrientes (OtherCurrentFinancialLiabilities) | AS2: Préstamos corrientes (ShorttermBorrowings) | AT2: Parte corriente de préstamos no corrientes (CurrentPortionOfLongtermBorrowings) | AU2: Otros pasivos no financieros corrientes (OtherCurrentNonfinancialLiabilities) | AV2: Total pasivos corrientes distintos de los pasivos incluidos en grupos de activos para su disposición clasificados como mantenidos para la venta (Total_pasivos_corrientes_distintos_de_los_pasivos_incluidos_en_grupos_de_activos_para_su_disposicion_clasificados_como_mantenidos_para_la_venta) | AW2: Pasivos incluidos en grupos de activos para su disposición clasificados como mantenidos para la venta (Pasivos_incluidos_en_grupos_de_activos_para_su_disposicion_clasificados_como_mantenidos_para_la_venta) | AX2: Pasivos corrientes totales (CurrentLiabilities) | AY2: Provisiones no corrientes por beneficios a los empleados (NoncurrentProvisionsForEmployeeBenefits) | AZ2: Otras provisiones no corrientes (OtherLongtermProvisions) | BA2: Total provisiones no corrientes (NoncurrentProvisions) | BB2: Cuentas comerciales por pagar y otras cuentas por pagar no corrientes (NoncurrentPayables) | BC2: Pasivo por impuestos diferidos (DeferredTaxLiabilities) | BD2: Pasivos por impuestos corrientes, no corriente (CurrentTaxLiabilitiesNoncurrent) | BE2: Otros pasivos financieros no corrientes (OtherNoncurrentFinancialLiabilities) | BF2: Parte no corriente de préstamos no corrientes (LongtermBorrowings) | BG2: Otros pasivos no financieros no corrientes (OtherNoncurrentNonfinancialLiabilities) | BH2: Total de pasivos no corrientes (NoncurrentLiabilities) | BI2: Total pasivos (Liabilities) | BJ2: Capital emitido (IssuedCapital) | BK2: Prima de emisión (SharePremium) | BL2: Acciones propias en cartera (TreasuryShares) | BM2: Inversión suplementaria al capital asignado (InversionSuplementariaAlCapitalAsignado) | BN2: Otras participaciones en el patrimonio (OtherEquityInterest) | BO2: Superavit por revaluación (SuperavitPorRevaluacion) | BP2: Otras reservas (OtherReserves) | BQ2: Ganancias acumuladas (RetainedEarnings) | BR2: Patrimonio total (Equity) | BS2: Total de patrimonio y pasivos (EquityAndLiabilities)
B3: 810002618 | C3: 2022-10-31 | D3: INGENIEROS CALDERON Y JARAMILLO SAS | E3: F4290 - Construcción de otras obras de ingeniería civil | F3: 08. SOCIEDAD POR ACCIONES SIMPLIFICADA SAS | G3: CR 21 59 27 | H3: CALDAS | I3: MANIZALES-CALDAS | J3: Periodo Actual | K3: 1664437 | L3: 5286486 | R3: 4783875 | T3: 11734798 | V3: 11734798 | W3: 1767985 | AK3: 1767985 | AL3: 13502783 | AM3: 297542 | AO3: 297542 | AP3: 9232881 | AQ3: 25579 | AV3: 9556002 | AX3: 9556002 | BI3: 9556002 | BJ3: 680000 | BO3: 575190 | BP3: 421686 | BQ3: 2269905 | BR3: 3946781 | BS3: 13502783
B4: 800000296 | C4: 2022-12-31 | D4: ZR INGENIERIA SA | E4: F4290 - Construcción de otras obras de ingeniería civil | F4: 01. SOCIEDAD ANÓNIMA | G4: CL 106 57 23 OF 204 | H4: BOGOTA D.C. | I4: BOGOTA D.C. | J4: Periodo Actual | K4: 8991 | L4: 416673 | M4: 1482034 | Q4: 527379 | T4: 2435077 | V4: 2435077 | W4: 648 | AD4: 4202324 | AH4: 27131 | AJ4: 200 | AK4: 4230303 | AL4: 6665380 | AM4: 25059 | AO4: 25059 | AP4: 28018 | AQ4: 21233 | AU4: 37349 | AV4: 111659 | AX4: 111659 | BB4: 2665814 | BC4: 49490 | BD4: 232926 | BH4: 2948230 | BI4: 3059889 | BJ4: 1000000 | BP4: 276021 | BQ4: 2329470 | BR4: 3605491 | BS4: 6665380
B5: 800009612 | C5: 2022-12-31 | D5: JUAN HARKERS SAS | E5: F4290 - Construcción de otras obras de ingeniería civil | F5: 08. SOCIEDAD POR ACCIONES SIMPLIFICADA SAS | G5: Cl 94A # 9 - 56 | H5: BOGOTA D.C. | I5: BOGOTA D.C. | J5: Periodo Actual | K5: 95480 | L5: 130931 | N5: 11990 | Q5: 100000 | T5: 338401 | V5: 338401 | W5: 559 | AK5: 559 | AL5: 338960 | AP5: 48002 | AV5: 48002 | AX5: 48002 | BI5: 48002 | BJ5: 60000 | BN5: 49197 | BP5: 19394 | BQ5: 162367 | BR5: 290958 | BS5: 338960
B6: 800012888 | C6: 2022-12-31 | D6: SOFAN INGENIERIA SAS | E6: F4290 - Construcción de otras obras de ingeniería civil | F6: 08. SOCIEDAD POR ACCIONES SIMPLIFICADA SAS | G6: CARRERA 6 NO 95-170 MOCARIO SECTOR BOSQUE | H6: CORDOBA | I6: MONTERIA-CORDOBA | J6: Periodo Actual | K6: 271649 | L6: 15431718 | T6: 15703367 | V6: 15703367 | W6: 13492867 | AK6: 13492867 | AL6: 29196234 | AM6: 252836 | AO6: 252836 | AP6: 2745032 | AQ6: 82863 | AR6: 0 | AU6: 348233 | AV6: 3428964 | AX6: 3428964 | BC6: 877864 | BE6: 4136024 | BG6: 3903361 | BH6: 8917249 | BI6: 12346213 | BJ6: 2600000 | BN6: 1252672 | BO6: 3529347 | BP6: 1523408 | BQ6: 7944594 | BR6: 16850021 | BS6: 29196234
B7: 800015079 | C7: 2022-12-31 | D7: ESGUERRA Y GOMEZ SAS | E7: F4290 - Construcción de otras obras de ingeniería civil | F7: 08. SOCIEDAD POR ACCIONES SIMPLIFICADA SAS | G7: CRA. 16 No. 188-90 | H7: BOGOTA D.C. | I7: BOGOTA D.C. | J7: Periodo Actual | K7: 29603 | L7: 1527978 | Q7: 207278 | T7: 1764859 | V7: 1764859 | W7: 1729730 | AK7: 1729730 | AL7: 3494589 | AP7: 751715 | AQ7: 56110 | AR7: 0 | AV7: 807825 | AX7: 807825 | BB7: 297031 | BE7: 705129 | BF7: 705129 | BH7: 1002160 | BI7: 1809985 | BJ7: 300000 | BP7: 150000 | BQ7: 1234604 | BR7: 1684604 | BS7: 3494589
B8: 800016281 | C8: 2022-12-31 | D8: CONSTRUCCIONES CIVILES Y PAVIMENTOS S.A.S | E8: F4290 - Construcción de otras obras de ingeniería civil | F8: 08. SOCIEDAD POR ACCIONES SIMPLIFICADA SAS | G8: CARRERA 80AA 20A 98 | H8: ANTIOQUIA | I8: MEDELLIN-ANTIOQUIA | J8: Periodo Actual | K8: 1007996 | L8: 10086413 | M8: 605248 | N8: 1235025 | Q8: 6624465 | T8: 19559147 | V8: 19559147 | W8: 34677 | AA8: 66513 | AD8: 14381449 | AK8: 14482639 | AL8: 34041786 | AM8: 93911 | AO8: 93911 | AP8: 4106590 | AQ8: 263343 | AR8: 827448 | AS8: 827448 | AV8: 5291292 | AX8: 5291292 | BG8: 2938020 | BH8: 2938020 | BI8: 8229312 | BJ8: 500000 | BP8: 250000 | BQ8: 25062474 | BR8: 25812474 | BS8: 34041786
B9: 800019654 | C9: 2022-12-31 | D9: ESGAMO INGENIEROS CONSTRUCTORES S.A.S | E9: F4290 - Construcción de otras obras de ingeniería civil | F9: 08. SOCIEDAD POR ACCIONES SIMPLIFICADA SAS | G9: CRA 7 156 80 OF 901 TORRE 1 NORTH POINT | H9: BOGOTA D.C. | I9: BOGOTA D.C. | J9: Periodo Actual | K9: 3709 | L9: 7254680 | N9: 151367 | T9: 7409756 | V9: 7409756 | W9: 11735127 | AH9: 616781 | AK9: 12351908 | AL9: 19761664 | AM9: 763906 | AO9: 763906 | AP9: 17324 | AQ9: 11879 | AR9: 1164843 | AS9: 1164843 | AV9: 1957952 | AX9: 1957952 | BB9: 4583123 | BH9: 4583123 | BI9: 6541075 | BJ9: 960000 | BO9: 8877119 | BP9: 1152163 | BQ9: 2231307 | BR9: 13220589 | BS9: 19761664
B10: 800032838 | C10: 2022-12-31 | D10: CONSTRUCTORA BG SAS | E10: F4290 - Construcción de otras obras de ingeniería civil | F10: 08. SOCIEDAD POR ACCIONES SIMPLIFICADA SAS | G10: KRA 22 #13-61 | H10: LA GUAJIRA | I10: FONSECA-LA GUAJIRA | J10: Periodo Actual | K10: 57011 | L10: 2395977 | M10: 679551 | T10: 3132539 | V10: 3132539 | W10: 2452997 | AK10: 2452997 | AL10: 5585536 | AP10: 68517 | AV10: 68517 | AX10: 68517 | BB10: 1731607 | BH10: 1731607 | BI10: 1800124 | BJ10: 2600000 | BP10: 467195 | BQ10: 718217 | BR10: 3785412 | BS10: 5585536
B11: 800041077 | C11: 2022-12-31 | D11: JORGE USCATEGUI Y ASOCIADOS LTDA | E11: F4290 - Construcción de otras obras de ingeniería civil | F11: 03. SOCIEDAD LIMITADA | G11: CRA 18 78 74 OF 407 | H11: BOGOTA D.C. | I11: BOGOTA D.C. | J11: Periodo Actual | K11: 273882 | L11: 33919 | N11: 68537 | Q11: 567307 | T11: 943645 | V11: 943645 | W11: 182520 | AF11: 0 | AK11: 182520 | AL11: 1126165 | AM11: 4058 | AO11: 4058 | AP11: 60041 | AQ11: 210297 | AV11: 274396 | AX11: 274396 | BI11: 274396 | BJ11: 50000 | BO11: 484239 | BP11: 37787 | BQ11: 279743 | BR11: 851769 | BS11: 1126165
B12: 800042119 | C12: 2022-12-31 | D12: VICPAR S A | E12: F4290 - Construcción de otras obras de ingeniería civil | F12: 01. SOCIEDAD ANÓNIMA | G12: KM 2.5 VIA COTA CHIA VDA CERCA DE PIEDRA | H12: CUNDINAMARCA | I12: CHIA-CUNDINAMARCA | J12: Periodo Actual | K12: 4065993 | L12: 4363001 | M12: 2038955 | N12: 1825440 | O12: 0 | P12: 0 | Q12: 0 | R12: 37676 | S12: 0 | T12: 12331065 | U12: 0 | V12: 12331065 | W12: 16409996 | X12: 0 | Y12: 8057894 | Z12: 0 | AA12: 119482 | AB12: 0 | AC12: 0 | AD12: 6147740 | AE12: 0 | AF12: 0 | AG12: 0 | AH12: 0 | AI12: 0 | AJ12: 0 | AK12: 30735112 | AL12: 43066177 | AM12: 1691399 | AN12: 0 | AO12: 1691399 | AP12: 3352784 | AQ12: 364244 | AR12: 2362149 | AS12: 2362149 | AT12: 0 | AU12: 2965 | AV12: 7773541 | AW12: 0 | AX12: 7773541 | AY12: 0 | AZ12: 0 | BA12: 0 | BB12: 976542 | BC12: 3570910 | BD12: 0 | BE12: 2217870 | BF12: 2217870 | BG12: 0 | BH12: 6765322 | BI12: 14538863 | BJ12: 1340000 | BK12: 1960000 | BL12: 0 | BM12: 0 | BN12: 0 | BO12: 250898 | BP12: 670000 | BQ12: 24306416 | BR12: 28527314 | BS12: 43066177
B13: 800043769 | C13: 2022-12-31 | D13: SERVICIOS DE DRAGADOS Y CONSTRUCCIONES SAS | E13: F4290 - Construcción de otras obras de ingeniería civil | F13: 08. SOCIEDAD POR ACCIONES SIMPLIFICADA SAS | G13: CALLE 37 46-60 | H13: ATLANTICO | I13: BARRANQUILLA-ATLANTICO | J13: Periodo Actual | K13: 2602489 | L13: 5631517 | M13: 0 | N13: 82839 | O13: 0 | P13: 0 | Q13: 0 | R13: 0 | S13: 0 | T13: 8316845 | U13: 0 | V13: 8316845 | W13: 16803422 | X13: 0 | Y13: 0 | Z13: 0 | AA13: 0 | AB13: 0 | AC13: 0 | AD13: 0 | AE13: 0 | AF13: 4561826 | AG13: 0 | AH13: 0 | AI13: 2788513 | AJ13: 0 | AK13: 24153761 | AL13: 32470606 | AM13: 242334 | AN13: 0 | AO13: 242334 | AP13: 1626601 | AQ13: 92714 | AR13: 59048 | AS13: 59048 | AT13: 0 | AU13: 0 | AV13: 2020697 | AW13: 0 | AX13: 2020697 | AY13: 0 | AZ13: 0 | BA13: 0 | BB13: 2299944 | BC13: 1845432 | BD13: 244214 | BE13: 5450495 | BF13: 5450495 | BG13: 1896541 | BH13: 11736626 | BI13: 13757323 | BJ13: 1800000 | BK13: 0 | BL13: 0 | BM13: 0 | BN13: 0 | BO13: 8146891 | BP13: 137676 | BQ13: 8628716 | BR13: 18713283 | BS13: 32470606
B14: 800043977 | C14: 2022-12-31 | D14: COZADEL SAS | E14: F4290 - Construcción de otras obras de ingeniería civil | F14: 08. SOCIEDAD POR ACCIONES SIMPLIFICADA SAS | G14: CR 67 75-112 | H14: ATLANTICO | I14: BARRANQUILLA-ATLANTICO | J14: Periodo Actual | K14: 142905 | L14: 10252176 | M14: 632553 | N14: 1331546 | Q14: 651411 | T14: 13010591 | V14: 13010591 | W14: 1318159 | AA14: 7088669 | AI14: 1917 | AK14: 8408745 | AL14: 21419336 | AM14: 169824 | AO14: 169824 | AP14: 8906218 | AQ14: 427204 | AR14: 2648054 | AS14: 2648054 | AV14: 12151300 | AX14: 12151300 | BE14: 6499772 | BG14: 391619 | BH14: 6891391 | BI14: 19042691 | BJ14: 400000 | BO14: 365000 | BP14: 20000 | BQ14: 1591645 | BR14: 2376645 | BS14: 21419336
B15: 800044735 | C15: 2022-12-31 | D15: SERVI-METAL SAS | E15: F4290 - Construcción de otras obras de ingeniería civil | F15: 08. SOCIEDAD POR ACCIONES SIMPLIFICADA SAS | G15: CL 73 19 56 BRR LA LIBERTAD | H15: SANTANDER | I15: BARRANCABERMEJA-SANTANDER | J15: Periodo Actual | K15: 154219 | L15: 4419964 | T15: 4574183 | V15: 4574183 | W15: 1218952 | AK15: 1218952 | AL15: 5793135 | AM15: 69028 | AO15: 69028 | AP15: 904198 | AQ15: 100 | AR15: 612167 | AS15: 612167 | AU15: 63605 | AV15: 1649098 | AX15: 1649098 | BI15: 1649098 | BJ15: 1500000 | BP15: 127458 | BQ15: 2516579 | BR15: 4144037 | BS15: 5793135
B16: 800045199 | C16: 2022-12-31 | D16: CONSTRUDISEÑOS AGROEQUIPOS COMERCIAL CONACOM SAS | E16: F4290 - Construcción de otras obras de ingeniería civil | F16: 08. SOCIEDAD POR ACCIONES SIMPLIFICADA SAS | G16: KM 2 VIA FLORENCIA - NEIVA | H16: CAQUETA | I16: FLORENCIA-CAQUETA | J16: Periodo Actual | K16: 15243 | L16: 1090689 | M16: 1658248 | N16: 41336 | Q16: 415760 | T16: 3221276 | V16: 3221276 | W16: 1026047 | Y16: 1423963 | AK16: 2450010 | AL16: 5671286 | AP16: 1407380 | AR16: 108570 | AT16: 108570 | AV16: 1515950 | AX16: 1515950 | BB16: 100000 | BE16: 160983 | BF16: 160983 | BH16: 260983 | BI16: 1776933 | BJ16: 16050 | BO16: 640008 | BP16: 57961 | BQ16: 3180334 | BR16: 3894353 | BS16: 5671286
B17: 800049960 | C17: 2022-12-31 | D17: TECNITENQUES INGENIEROS S.AS. EN REORGANIZACION | E17: F4290 - Construcción de otras obras de ingeniería civil | F17: 08. SOCIEDAD POR ACCIONES SIMPLIFICADA SAS | G17: CR 9 115 06/30 OF 2603 | H17: BOGOTA D.C. | I17: BOGOTA D.C. | J17: Periodo Actual | K17: 2426191 | L17: 16411808 | M17: 4946149 | N17: 4186830 | R17: 6676823 | T17: 34647801 | V17: 34647801 | W17: 102394102 | Y17: 5940505 | AH17: 13520977 | AK17: 121855584 | AL17: 156503385 | AP17: 7860172 | AQ17: 8713026 | AU17: 6163492 | AV17: 22736690 | AX17: 22736690 | BB17: 16011676 | BC17: 8853595 | BD17: 3395248 | BE17: 21029416 | BF17: 21029416 | BH17: 49289935 | BI17: 72026625 | BJ17: 6000000 | BO17: 51534542 | BP17: 3000000 | BQ17: 23942218 | BR17: 84476760 | BS17: 156503385
B18: 800050326 | C18: 2022-12-31 | D18: IOV Y CIA S.A.S | E18: F4290 - Construcción de otras obras de ingeniería civil | F18: 08. SOCIEDAD POR ACCIONES SIMPLIFICADA SAS | G18: CL 24 16 07 OF 403 ED OFICENTRO | H18: SUCRE | I18: SINCELEJO-SUCRE | J18: Periodo Actual | K18: 274216 | L18: 1513335 | Q18: 265443 | T18: 2052994 | V18: 2052994 | W18: 2055631 | AG18: 17629 | AK18: 2073260 | AL18: 4126254 | AP18: 1161778 | AV18: 1161778 | AX18: 1161778 | BB18: 266873 | BH18: 266873 | BI18: 1428651 | BJ18: 700000 | BQ18: 1997603 | BR18: 2697603 | BS18: 4126254
B19: 800050699 | C19: 2022-12-31 | D19: ALEMAN BELLO S.A.S. | E19: F4290 - Construcción de otras obras de ingeniería civil | F19: 08. SOCIEDAD POR ACCIONES SIMPLIFICADA SAS | G19: CLL 25 SUR 69 A 22 | H19: BOGOTA D.C. | I19: BOGOTA D.C. | J19: Periodo Actual | K19: 326450 | L19: 2113583 | N19: 1657556 | T19: 4097589 | V19: 4097589 | W19: 4535581 | AK19: 4535581 | AL19: 8633170 | AM19: 605979 | AO19: 605979 | AP19: 640314 | AQ19: 71340 | AV19: 1317633 | AX19: 1317633 | BC19: 327152 | BE19: 2580246 | BF19: 2580246 | BH19: 2907398 | BI19: 4225031 | BJ19: 800000 | BP19: 458004 | BQ19: 3150135 | BR19: 4408139 | BS19: 8633170
B20: 800055215 | C20: 2022-12-31 | D20: Valores Rivera Vergara SAS | E20: F4290 - Construcción de otras obras de ingeniería civil | F20: 08. SOCIEDAD POR ACCIONES SIMPLIFICADA SAS | G20: CALLE 10 Via Zaragoza Cartago - CONDOMINIO COLINAS DEL CAMPESTRE Casa 67 | H20: VALLE | I20: CARTAGO-VALLE | J20: Periodo Actual | K20: 807050 | L20: 165244 | M20: 2585883 | T20: 3558177 | V20: 3558177 | AL20: 3558177 | AM20: 24019 | AO20: 24019 | AP20: 991828 | AQ20: 193501 | AV20: 1209348 | AX20: 1209348 | BC20: 31329 | BH20: 31329 | BI20: 1240677 | BJ20: 500000 | BQ20: 1817500 | BR20: 2317500 | BS20: 3558177
B21: 800055393 | C21: 2022-12-31 | D21: INTRICON SA | E21: F4290 - Construcción de otras obras de ingeniería civil | F21: 01. SOCIEDAD ANÓNIMA | G21: CL 72 9 55 OF704 | H21: BOGOTA D.C. | I21: BOGOTA D.C. | J21: Periodo Actual | K21: 1428455 | L21: 7817908 | M21: 5693209 | N21: 1778760 | R21: 190000 | T21: 16908332 | V21: 16908332 | W21: 5471458 | AA21: 0 | AK21: 5471458 | AL21: 22379790 | AM21: 349014 | AO21: 349014 | AP21: 428791 | AQ21: 253236 | AU21: 655687 | AV21: 1686728 | AX21: 1686728 | AY21: 420037 | AZ21: 30324 | BA21: 450361 | BB21: 3925065 | BD21: 749269 | BE21: 5665420 | BG21: 1216165 | BH21: 12006280 | BI21: 13693008 | BJ21: 600000 | BP21: 482180 | BQ21: 7604602 | BR21: 8686782 | BS21: 22379790
B22: 800056653 | C22: 2022-12-31 | D22: GAVIRIA Y BORBON ASOCIADOS LTDA | E22: F4290 - Construcción de otras obras de ingeniería civil | F22: 03. SOCIEDAD LIMITADA | G22: CARRERA 66 96 38 | H22: BOGOTA D.C. | I22: BOGOTA D.C. | J22: Periodo Actual | K22: 181891 | L22: 1357384 | N22: 3067 | T22: 1542342 | V22: 1542342 | W22: 1804041 | AD22: 814758 | AK22: 2618799 | AL22: 4161141 | AP22: 576532 | AV22: 576532 | AX22: 576532 | BB22: 2065003 | BH22: 2065003 | BI22: 2641535 | BJ22: 121000 | BQ22: 1398606 | BR22: 1519606 | BS22: 4161141
B23: 800063392 | C23: 2022-12-31 | D23: Alfa SAIT S.A.S.BIC | E23: F4290 - Construcción de otras obras de ingeniería civil | F23: 08. SOCIEDAD POR ACCIONES SIMPLIFICADA SAS | G23: KM 7 + 400 ANILLO VIAL - PALENQUE - FLORIDABLANCA 22 31 CENTRO INDUSTRIAL Y LOGISTICO SAN JORGE BG 54 | H23: SANTANDER | I23: GIRON-SANTANDER | J23: Periodo Actual | K23: 54113 | L23: 5167525 | M23: 654319 | N23: 0 | O23: 0 | P23: 0 | Q23: 0 | R23: 0 | S23: 0 | T23: 5875957 | U23: 0 | V23: 5875957 | W23: 746572 | X23: 0 | Y23: 0 | Z23: 0 | AA23: 0 | AB23: 0 | AC23: 0 | AD23: 0 | AE23: 0 | AF23: 45828 | AG23: 0 | AH23: 0 | AI23: 696951 | AJ23: 0 | AK23: 1489351 | AL23: 7365308 | AN23: 0 | AO23: 0 | AP23: 3236235 | AR23: 613920 | AS23: 613920 | AT23: 0 | AU23: 0 | AV23: 3850155 | AW23: 0 | AX23: 3850155 | AY23: 0 | BA23: 0 | BB23: 472407 | BE23: 87903 | BH23: 560310 | BI23: 4410465 | BJ23: 805000 | BM23: 696950 | BN23: 19916 | BP23: 402500 | BQ23: 1030477 | BR23: 2954843 | BS23: 7365308
B24: 800067647 | C24: 2022-12-31 | D24: Colserpetrol SAS | E24: F4290 - Construcción de otras obras de ingeniería civil | F24: 05. SOCIEDAD EN COMANDITA POR ACCIONES | G24: CALLE 57B 35A46 | H24: META | I24: VILLAVICENCIO-META | J24: Periodo Actual | K24: 1195385 | L24: 7833663 | M24: 13193 | T24: 9042241 | V24: 9042241 | W24: 14746376 | AK24: 14746376 | AL24: 23788617 | AM24: 14976 | AN24: 787813 | AO24: 802789 | AP24: 618526 | AQ24: 14421 | AR24: 747076 | AS24: 747076 | AV24: 2182812 | AX24: 2182812 | BG24: 2499770 | BH24: 2499770 | BI24: 4682582 | BJ24: 18880676 | BQ24: 225359 | BR24: 19106035 | BS24: 23788617
B25: 800071658 | C25: 2022-12-31 | D25: SOCIEDAD CONSTRUCTORA DE PROECTOS SAS | E25: F4290 - Construcción de otras obras de ingeniería civil | F25: 08. SOCIEDAD POR ACCIONES SIMPLIFICADA SAS | G25: AV COLOMBIA No 2 35 | H25: VALLE | I25: CALI-VALLE | J25: Periodo Actual | K25: 24686 | L25: 519324 | M25: 1666581 | N25: 1357 | Q25: 316134 | R25: 875484 | T25: 3403566 | V25: 3403566 | W25: 3686774 | AH25: 2860256 | AI25: 4508882 | AK25: 11055912 | AL25: 14459478 | AM25: 57980 | AO25: 57980 | AP25: 453637 | AQ25: 143247 | AR25: 285304 | AS25: 285304 | AU25: 3065 | AV25: 943233 | AX25: 943233 | BB25: 2435651 | BE25: 535516 | BF25: 535516 | BG25: 1424749 | BH25: 4395916 | BI25: 5339149 | BJ25: 96772 | BP25: 60421 | BQ25: 8963136 | BR25: 9120329 | BS25: 14459478
B26: 800071993 | C26: 2022-12-31 | D26: MANSER INGENIERIA SAS | E26: F4290 - Construcción de otras obras de ingeniería civil | F26: 08. SOCIEDAD POR ACCIONES SIMPLIFICADA SAS | G26: CRA 19 6 14 P 2 | H26: CASANARE | I26: YOPAL-CASANARE | J26: Periodo Actual | K26: 1184183 | L26: 951332 | M26: 1902449 | T26: 4037964 | V26: 4037964 | W26: 214376 | X26: 838085 | AI26: 7500 | AK26: 1059961 | AL26: 5097925 | AP26: 36341 | AV26: 36341 | AX26: 36341 | BB26: 667658 | BH26: 667658 | BI26: 703999 | BJ26: 600000 | BQ26: 3793926 | BR26: 4393926 | BS26: 5097925
B27: 800072941 | C27: 2022-12-31 | D27: INVERSIONES Y CONSTRUCCIONES DONADO SAS | E27: F4290 - Construcción de otras obras de ingeniería civil | F27: 08. SOCIEDAD POR ACCIONES SIMPLIFICADA SAS | G27: CR 44 82 145 | H27: ATLANTICO | I27: BARRANQUILLA-ATLANTICO | J27: Periodo Actual | K27: 17893 | L27: 19551 | M27: 0 | N27: 31649 | O27: 0 | P27: 0 | Q27: 0 | R27: 162011 | S27: 0 | T27: 231104 | U27: 0 | V27: 231104 | W27: 1220087 | X27: 0 | Y27: 0 | Z27: 0 | AA27: 0 | AB27: 0 | AC27: 0 | AD27: 0 | AE27: 0 | AF27: 0 | AG27: 0 | AH27: 0 | AI27: 41347 | AJ27: 0 | AK27: 1261434 | AL27: 1492538 | AM27: 65222 | AN27: 42529 | AO27: 107751 | AP27: 0 | AQ27: 0 | AR27: 0 | AS27: 0 | AT27: 0 | AU27: 0 | AV27: 107751 | AW27: 0 | AX27: 107751 | AY27: 0 | AZ27: 382472 | BA27: 382472 | BB27: 0 | BC27: 0 | BD27: 0 | BE27: 0 | BF27: 0 | BG27: 0 | BH27: 382472 | BI27: 490223 | BJ27: 20000 | BK27: 0 | BL27: 0 | BM27: 0 | BN27: 169897 | BO27: 0 | BP27: 0 | BQ27: 812418 | BR27: 1002315 | BS27: 1492538
B28: 800075337 | C28: 2022-12-31 | D28: SUELOS INGENIERIA SAS | E28: F4290 - Construcción de otras obras de ingeniería civil | F28: 01. SOCIEDAD ANÓNIMA | G28: CALLE 43 46 66 | H28: ATLANTICO | I28: BARRANQUILLA-ATLANTICO | J28: Periodo Actual | K28: 10466 | L28: 1662784 | M28: 1835547 | N28: 0 | O28: 0 | P28: 0 | Q28: 0 | R28: 0 | S28: 0 | T28: 3508797 | U28: 0 | V28: 3508797 | W28: 9027263 | X28: 0 | Y28: 0 | Z28: 9726727 | AA28: 0 | AB28: 0 | AC28: 0 | AD28: 0 | AE28: 0 | AF28: 0 | AG28: 0 | AH28: 0 | AI28: 0 | AJ28: 0 | AK28: 18753990 | AL28: 22262787 | AM28: 159438 | AN28: 45387 | AO28: 204825 | AP28: 442029 | AQ28: 975800 | AR28: 0 | AS28: 0 | AT28: 0 | AU28: 0 | AV28: 1622654 | AW28: 0 | AX28: 1622654 | AY28: 0 | AZ28: 0 | BA28: 0 | BB28: 7271380 | BC28: 0 | BD28: 0 | BE28: 2810490 | BF28: 2810490 | BG28: 2197915 | BH28: 12279785 | BI28: 13902439 | BJ28: 3200000 | BK28: 1369794 | BL28: 0 | BM28: 0 | BN28: 0 | BO28: 0 | BP28: 268905 | BQ28: 3521649 | BR28: 8360348 | BS28: 22262787
B29: 800075746 | C29: 2022-12-31 | D29: SINFOROSO ROBLEDO Y CIA S.A.S. | E29: F4290 - Construcción de otras obras de ingeniería civil | F29: 08. SOCIEDAD POR ACCIONES SIMPLIFICADA SAS | G29: CRA 28 71 27 | H29: CALDAS | I29: MANIZALES-CALDAS | J29: Periodo Actual | K29: 393539 | L29: 439851 | T29: 833390 | V29: 833390 | W29: 756041 | AK29: 756041 | AL29: 1589431 | AQ29: 21762 | AV29: 21762 | AX29: 21762 | BI29: 21762 | BJ29: 146000 | BK29: 304000 | BP29: 55651 | BQ29: 1062018 | BR29: 1567669 | BS29: 1589431
B30: 800075951 | C30: 2022-12-31 | D30: GARPER CONSTRUCCIONES Y MAQUINARIA SAS | E30: F4290 - Construcción de otras obras de ingeniería civil | F30: 08. SOCIEDAD POR ACCIONES SIMPLIFICADA SAS | G30: CL 93 18 81 | H30: BOGOTA D.C. | I30: BOGOTA D.C. | J30: Periodo Actual | K30: 0 | L30: 61835 | M30: 2285 | N30: 4545 | Q30: 278174 | T30: 346839 | V30: 346839 | W30: 41307 | AI30: 303638 | AK30: 344945 | AL30: 691784 | AP30: 124707 | AV30: 124707 | AX30: 124707 | BG30: 123085 | BH30: 123085 | BI30: 247792 | BJ30: 71000 | BP30: 796451 | BQ30: -423459 | BR30: 443992 | BS30: 691784
B31: 800078011 | C31: 2022-12-31 | D31: ICMO SOCIEDAD POR ACCIONES SIMPLIFICADA | E31: F4290 - Construcción de otras obras de ingeniería civil | F31: 08. SOCIEDAD POR ACCIONES SIMPLIFICADA SAS | G31: CR 129 17 F 64 | H31: BOGOTA D.C. | I31: BOGOTA D.C. | J31: Periodo Actual | K31: 24692 | L31: 18709927 | Q31: 68 | T31: 18734687 | V31: 18734687 | W31: 6404178 | AK31: 6404178 | AL31: 25138865 | AP31: 6186993 | AQ31: 2202795 | AR31: 4857227 | AS31: 4857227 | AV31: 13247015 | AX31: 13247015 | BB31: 5299053 | BH31: 5299053 | BI31: 18546068 | BJ31: 1000000 | BP31: 654697 | BQ31: 4938100 | BR31: 6592797 | BS31: 25138865
B32: 800078608 | C32: 2022-12-31 | D32: INARCON SAS | E32: F4290 - Construcción de otras obras de ingeniería civil | F32: 08. SOCIEDAD POR ACCIONES SIMPLIFICADA SAS | G32: Calle 36 # 31-39 of 228 Ctro Empresarial Chicamocha | H32: SANTANDER | I32: BUCARAMANGA-SANTANDER | J32: Periodo Actual | K32: 1177105 | L32: 2587378 | M32: 508743 | N32: 59743 | R32: 1392888 | T32: 5725857 | V32: 5725857 | W32: 1083292 | AA32: 25992 | AK32: 1109284 | AL32: 6835141 | AM32: 228737 | AO32: 228737 | AP32: 229282 | AQ32: 0 | AR32: 179566 | AS32: 179566 | AU32: 347966 | AV32: 985551 | AX32: 985551 | AZ32: 0 | BA32: 0 | BB32: 389672 | BC32: 0 | BE32: 1442038 | BF32: 1442038 | BG32: 74635 | BH32: 1906345 | BI32: 2891896 | BJ32: 500000 | BP32: 255341 | BQ32: 3187904 | BR32: 3943245 | BS32: 6835141
B33: 800079382 | C33: 2022-12-31 | D33: UNION INDUSTRIAL DE BARRANCABERMEJA SAS | E33: F4290 - Construcción de otras obras de ingeniería civil | F33: 08. SOCIEDAD POR ACCIONES SIMPLIFICADA SAS | G33: CR 3 48 40 | H33: SANTANDER | I33: BARRANCABERMEJA-SANTANDER | J33: Periodo Actual | K33: 5053 | L33: 2761651 | T33: 2766704 | V33: 2766704 | W33: 1432546 | Y33: 92368 | AA33: 996588 | AK33: 2521502 | AL33: 5288206 | AM33: 140929 | AN33: 56682 | AO33: 197611 | AP33: 340252 | AQ33: 11825 | AR33: 227448 | AS33: 227448 | AU33: 76296 | AV33: 853432 | AX33: 853432 | BB33: 1446675 | BG33: 77858 | BH33: 1524533 | BI33: 2377965 | BJ33: 500000 | BP33: 1409765 | BQ33: 1000476 | BR33: 2910241 | BS33: 5288206
B34: 800079482 | C34: 2022-12-31 | D34: EQUIPOS CONSTRUCCIONES Y OBRAS S.A. | E34: F4290 - Construcción de otras obras de ingeniería civil | F34: 01. SOCIEDAD ANÓNIMA | G34: cr 15 73 32 ofc 306 | H34: BOGOTA D.C. | I34: BOGOTA D.C. | J34: Periodo Actual | K34: 8147921 | L34: 32471664 | M34: 5049129 | N34: 1558315 | T34: 47227029 | V34: 47227029 | W34: 13533216 | X34: 1454372 | AA34: 25783 | AF34: 764137 | AH34: 310342 | AK34: 16087850 | AL34: 63314879 | AM34: 232754 | AO34: 232754 | AP34: 15193401 | AQ34: 2384333 | AR34: 7603664 | AS34: 7358359 | AT34: 245305 | AV34: 25414152 | AX34: 25414152 | BB34: 823576 | BC34: 2064605 | BE34: 2796842 | BF34: 2796842 | BH34: 5685023 | BI34: 31099175 | BJ34: 900000 | BP34: 16273140 | BQ34: 15042564 | BR34: 32215704 | BS34: 63314879
B35: 800085861 | C35: 2022-12-31 | D35: SILVA ARIZA SA | E35: F4290 - Construcción de otras obras de ingeniería civil | F35: 01. SOCIEDAD ANÓNIMA | G35: AV CL 100 19A 50 OF 401Y402 | H35: BOGOTA D.C. | I35: BOGOTA D.C. | J35: Periodo Actual | K35: 167965 | L35: 7626929 | N35: 1678174 | T35: 9473068 | V35: 9473068 | W35: 5640447 | Y35: 920998 | AA35: 144841 | AF35: 0 | AK35: 6706286 | AL35: 16179354 | AP35: 4488085 | AQ35: 174614 | AR35: 1023857 | AU35: 910595 | AV35: 6597151 | AX35: 6597151 | BC35: 0 | BE35: 1789053 | BH35: 1789053 | BI35: 8386204 | BJ35: 1000000 | BO35: 72575 | BP35: 405511 | BQ35: 6315064 | BR35: 7793150 | BS35: 16179354
B36: 800088443 | C36: 2022-12-31 | D36: ITAC CONSTRUCCIONES SAS | E36: F4290 - Construcción de otras obras de ingeniería civil | F36: 08. SOCIEDAD POR ACCIONES SIMPLIFICADA SAS | G36: AK 45 #108A-50 PISO 6 | H36: BOGOTA D.C. | I36: BOGOTA D.C. | J36: Periodo Actual | K36: 904159 | L36: 25456 | M36: 325188 | N36: 140989 | R36: 2183107 | T36: 3578899 | V36: 3578899 | W36: 1526616 | AK36: 1526616 | AL36: 5105515 | AM36: 98753 | AO36: 98753 | AP36: 158208 | AQ36: 3260 | AU36: 974899 | AV36: 1235120 | AX36: 1235120 | BG36: 1000000 | BH36: 1000000 | BI36: 2235120 | BJ36: 1330000 | BP36: 122862 | BQ36: 1417533 | BR36: 2870395 | BS36: 5105515
B37: 800089032 | C37: 2022-12-31 | D37: ANDINA POZOS LTDA | E37: F4290 - Construcción de otras obras de ingeniería civil | F37: 03. SOCIEDAD LIMITADA | G37: CALLE 8N 4 28 | H37: CUNDINAMARCA | I37: COTA-CUNDINAMARCA | J37: Periodo Actual | K37: 5530000 | L37: 1357000 | M37: 4100000 | N37: 110000 | T37: 11097000 | V37: 11097000 | W37: 2238000 | AA37: 2000 | AK37: 2240000 | AL37: 13337000 | AM37: 71000 | AO37: 71000 | AP37: 216000 | AQ37: 278000 | AR37: 784000 | AS37: 784000 | AV37: 1349000 | AX37: 1349000 | BI37: 1349000 | BJ37: 800000 | BN37: 8709000 | BP37: 146000 | BQ37: 2333000 | BR37: 11988000 | BS37: 13337000
B38: 800089623 | C38: 2022-12-31 | D38: CORROSION Y SERVICIOS SAS | E38: F4290 - Construcción de otras obras de ingeniería civil | F38: 08. SOCIEDAD POR ACCIONES SIMPLIFICADA SAS | G38: CR 28 BIS 48A 22 | H38: BOGOTA D.C. | I38: BOGOTA D.C. | J38: Periodo Actual | K38: 251825 | L38: 3399244 | T38: 3651069 | V38: 3651069 | W38: 311868 | AI38: 103165 | AK38: 415033 | AL38: 4066102 | AP38: 467523 | AV38: 467523 | AX38: 467523 | BB38: 412431 | BH38: 412431 | BI38: 879954 | BJ38: 500000 | BO38: 109297 | BP38: 347812 | BQ38: 2229039 | BR38: 3186148 | BS38: 4066102
B39: 800092242 | C39: 2022-12-31 | D39: CABALLERO ACEVEDO SAS | E39: F4290 - Construcción de otras obras de ingeniería civil | F39: 08. SOCIEDAD POR ACCIONES SIMPLIFICADA SAS | G39: BRR SANTA LUCIA CRA69 31 139 ED RONDA REAL P 10 OF 1003 | H39: BOLIVAR | I39: CARTAGENA-BOLIVAR | J39: Periodo Actual | K39: 1404210 | L39: 3729246 | M39: 0 | N39: 269873 | O39: 0 | P39: 0 | Q39: 0 | R39: 1424238 | S39: 0 | T39: 6827567 | U39: 0 | V39: 6827567 | W39: 1617649 | X39: 0 | Y39: 0 | Z39: 0 | AA39: 0 | AB39: 0 | AC39: 0 | AD39: 0 | AE39: 0 | AF39: 0 | AG39: 0 | AH39: 0 | AI39: 0 | AJ39: 0 | AK39: 1617649 | AL39: 8445216 | AM39: 62395 | AN39: 0 | AO39: 62395 | AP39: 327896 | AQ39: 231236 | AR39: 862485 | AS39: 862485 | AT39: 0 | AU39: 0 | AV39: 1484012 | AW39: 0 | AX39: 1484012 | AY39: 0 | AZ39: 0 | BA39: 0 | BB39: 0 | BC39: 41670 | BD39: 0 | BE39: 0 | BF39: 0 | BG39: 2445292 | BH39: 2486962 | BI39: 3970974 | BJ39: 270000 | BK39: 0 | BL39: 0 | BM39: 0 | BN39: 0 | BO39: 1350000 | BP39: 11107 | BQ39: 2843135 | BR39: 4474242 | BS39: 8445216
B40: 800093266 | C40: 2022-12-31 | D40: GARCIA RIOS CONSTRUCTORES SAS | E40: F4290 - Construcción de otras obras de ingeniería civil | F40: 08. SOCIEDAD POR ACCIONES SIMPLIFICADA SAS | G40: CALLE 6 NORTE 2N 36 OFICINA 308 | H40: VALLE | I40: CALI-VALLE | J40: Periodo Actual | K40: 54042 | L40: 1634586 | R40: 2268814 | T40: 3957442 | V40: 3957442 | W40: 2564350 | AD40: 6340608 | AF40: 36909 | AK40: 8941867 | AL40: 12899309 | AM40: 20232 | AO40: 20232 | AP40: 87718 | AQ40: 1947 | AU40: 2760558 | AV40: 2870455 | AX40: 2870455 | BB40: 13794741 | BG40: 4794118 | BH40: 18588859 | BI40: 21459314 | BJ40: 3200000 | BP40: 427057 | BQ40: -12187062 | BR40: -8560005 | BS40: 12899309
B41: 800096053 | C41: 2022-12-31 | D41: EDYCON CUBIERTAS S.A.S. | E41: F4290 - Construcción de otras obras de ingeniería civil | F41: 08. SOCIEDAD POR ACCIONES SIMPLIFICADA SAS | G41: CALLE 100 SUR No 49 - 95 | H41: ANTIOQUIA | I41: LA-ESTRELLA-ANTIOQUIA | J41: Periodo Actual | K41: 236912 | L41: 301309 | M41: 39465 | N41: 0 | O41: 0 | P41: 0 | Q41: 33820 | R41: 1304 | S41: 0 | T41: 612810 | U41: 0 | V41: 612810 | W41: 675558 | X41: 0 | Y41: 0 | Z41: 0 | AA41: 0 | AB41: 0 | AC41: 0 | AD41: 0 | AE41: 0 | AF41: 0 | AG41: 0 | AH41: 0 | AI41: 0 | AJ41: 0 | AK41: 675558 | AL41: 1288368 | AM41: 0 | AN41: 0 | AO41: 0 | AP41: 581414 | AQ41: 0 | AR41: 23058 | AS41: 23058 | AT41: 0 | AU41: 0 | AV41: 604472 | AW41: 0 | AX41: 604472 | AY41: 0 | AZ41: 0 | BA41: 0 | BB41: 0 | BC41: 48306 | BD41: 0 | BE41: 0 | BF41: 0 | BG41: 0 | BH41: 48306 | BI41: 652778 | BJ41: 43500 | BK41: 0 | BL41: 0 | BM41: 0 | BN41: 0 | BO41: 0 | BP41: 21750 | BQ41: 570340 | BR41: 635590 | BS41: 1288368
B42: 800100277 | C42: 2022-12-31 | D42: LAGUNA MORANTE SAS EN REORGANIZACION | E42: F4290 - Construcción de otras obras de ingeniería civil | F42: 01. SOCIEDAD ANÓNIMA | G42: AV CRISANTO LUQUE URB EL REFUGIO BLO 14 APTO 4 | H42: BOLIVAR | I42: CARTAGENA-BOLIVAR | J42: Periodo Actual | K42: 16708 | L42: 4531162 | Q42: 942877 | T42: 5490747 | V42: 5490747 | W42: 3834966 | AG42: 1280611 | AI42: 2832413 | AK42: 7947990 | AL42: 13438737 | AM42: 160922 | AN42: 17416 | AO42: 178338 | AP42: 201784 | AQ42: 13016 | AR42: 0 | AV42: 393138 | AX42: 393138 | AZ42: 125272 | BA42: 125272 | BC42: 2875390 | BE42: 284248 | BF42: 284248 | BG42: 1409511 | BH42: 4694421 | BI42: 5087559 | BJ42: 500000 | BP42: 456494 | BQ42: 7394684 | BR42: 8351178 | BS42: 13438737
B43: 800102384 | C43: 2022-12-31 | D43: IMECONS LIMITADA | E43: F4290 - Construcción de otras obras de ingeniería civil | F43: 03. SOCIEDAD LIMITADA | G43: CARRERA 20 49 42 BARRIO COLOMBIA | H43: SANTANDER | I43: BARRANCABERMEJA-SANTANDER | J43: Periodo Actual | K43: 593644 | L43: 61639 | M43: 0 | N43: 1451 | T43: 656734 | V43: 656734 | W43: 296963 | AK43: 296963 | AL43: 953697 | AP43: 12481 | AV43: 12481 | AX43: 12481 | BI43: 12481 | BJ43: 193000 | BQ43: 748216 | BR43: 941216 | BS43: 953697
B44: 800104214 | C44: 2022-12-31 | D44: INCITECO SAS | E44: F4290 - Construcción de otras obras de ingeniería civil | F44: 08. SOCIEDAD POR ACCIONES SIMPLIFICADA SAS | G44: CL 127D 70D 27 | H44: BOGOTA D.C. | I44: BOGOTA D.C. | J44: Periodo Actual | K44: 12899940 | L44: 9981260 | M44: 8630423 | T44: 31511623 | V44: 31511623 | W44: 1726381 | X44: 265600 | AA44: 1293066 | AF44: 1383 | AI44: 4894 | AK44: 3291324 | AL44: 34802947 | AM44: 304584 | AO44: 304584 | AP44: 4178510 | AQ44: 898178 | AR44: 880308 | AS44: 880308 | AV44: 6261580 | AX44: 6261580 | BC44: 46593 | BE44: 2194118 | BF44: 2194118 | BH44: 2240711 | BI44: 8502291 | BJ44: 351962 | BP44: 490113 | BQ44: 25458581 | BR44: 26300656 | BS44: 34802947
B45: 800107800 | C45: 2022-12-31 | D45: PAVIMENTOS EL DORADO S.A.S. | E45: F4290 - Construcción de otras obras de ingeniería civil | F45: 08. SOCIEDAD POR ACCIONES SIMPLIFICADA SAS | G45: CR 16 A 80 63 OF 702 | H45: BOGOTA D.C. | I45: BOGOTA D.C. | J45: Periodo Actual | K45: 2007443 | L45: 21075397 | M45: 320429 | Q45: 22347809 | R45: 419731 | T45: 46170809 | V45: 46170809 | W45: 12912412 | AK45: 12912412 | AL45: 59083221 | AM45: 242140 | AO45: 242140 | AP45: 673464 | AQ45: 86504 | AU45: 285568 | AV45: 1287676 | AX45: 1287676 | BB45: 18563483 | BE45: 2000248 | BF45: 2000248 | BG45: 1396261 | BH45: 21959992 | BI45: 23247668 | BJ45: 2650000 | BN45: 7129384 | BP45: 267866 | BQ45: 25788303 | BR45: 35835553 | BS45: 59083221
B46: 800109273 | C46: 2022-12-31 | D46: CNV CONSTRUCCIONES SAS | E46: F4290 - Construcción de otras obras de ingeniería civil | F46: 08. SOCIEDAD POR ACCIONES SIMPLIFICADA SAS | G46: CR 25 3 45 OF 9921 CC DEL ESTE | H46: ANTIOQUIA | I46: MEDELLIN-ANTIOQUIA | J46: Periodo Actual | K46: 2694965 | L46: 34545770 | M46: 5439771 | N46: 1040045 | Q46: 81033 | T46: 43801584 | V46: 43801584 | W46: 9226785 | AD46: 26003356 | AF46: 567089 | AH46: 883252 | AK46: 36680482 | AL46: 80482066 | AM46: 155990 | AO46: 155990 | AP46: 11300741 | AQ46: 203032 | AR46: 13212381 | AT46: 13212381 | AU46: 5463117 | AV46: 30335261 | AX46: 30335261 | BB46: 3553890 | BC46: 26960 | BE46: 16461152 | BF46: 16461152 | BG46: 5907193 | BH46: 25949195 | BI46: 56284456 | BJ46: 1295110 | BK46: 12653312 | BP46: 10126905 | BQ46: 122283 | BR46: 24197610 | BS46: 80482066
B47: 800112169 | C47: 2022-12-31 | D47: CONSTRUOBRAS SAS | E47: F4290 - Construcción de otras obras de ingeniería civil | F47: 08. SOCIEDAD POR ACCIONES SIMPLIFICADA SAS | G47: CR 11A 11N 34 | H47: QUINDIO | I47: ARMENIA-QUINDIO | J47: Periodo Actual | K47: 534985 | L47: 2095762 | M47: 200455 | N47: 254395 | T47: 3085597 | V47: 3085597 | W47: 41594 | AF47: 2196 | AK47: 43790 | AL47: 3129387 | AM47: 85159 | AO47: 85159 | AP47: 1228266 | AQ47: 25944 | AR47: 1170295 | AT47: 1170295 | AU47: 47028 | AV47: 2556692 | AX47: 2556692 | BI47: 2556692 | BJ47: 100000 | BP47: 74749 | BQ47: 397946 | BR47: 572695 | BS47: 3129387
B48: 800112185 | C48: 2022-12-31 | D48: CONSTRUCCIONES PUBENZA SAS | E48: F4290 - Construcción de otras obras de ingeniería civil | F48: 08. SOCIEDAD POR ACCIONES SIMPLIFICADA SAS | G48: CL 77B 57 141 OF 708 | H48: ATLANTICO | I48: BARRANQUILLA-ATLANTICO | J48: Periodo Actual | K48: 677428 | L48: 560599 | M48: 2191010 | R48: 3400359 | T48: 6829396 | V48: 6829396 | W48: 1512346 | AD48: 0 | AF48: 98157 | AH48: 1108568 | AK48: 2719071 | AL48: 9548467 | AP48: 312880 | AQ48: 26307 | AR48: 344290 | AS48: 344290 | AU48: 1375803 | AV48: 2059280 | AX48: 2059280 | BC48: 76938 | BE48: 879880 | BF48: 879880 | BG48: 3400700 | BH48: 4357518 | BI48: 6416798 | BJ48: 900000 | BP48: 316200 | BQ48: 1915469 | BR48: 3131669 | BS48: 9548467
B49: 800112904 | C49: 2022-12-31 | D49: TEMPLADO SAS | E49: F4290 - Construcción de otras obras de ingeniería civil | F49: 08. SOCIEDAD POR ACCIONES SIMPLIFICADA SAS | G49: CL 72 65 228 | H49: ATLANTICO | I49: GALAPA-ATLANTICO | J49: Periodo Actual | K49: 3772981 | L49: 6929262 | M49: 13182350 | N49: 4795 | T49: 23889388 | V49: 23889388 | W49: 12994100 | AA49: 32903 | AH49: 1692671 | AI49: 710437 | AK49: 15430111 | AL49: 39319499 | AM49: 1089826 | AO49: 1089826 | AP49: 2451289 | AQ49: 552433 | AU49: 12043334 | AV49: 16136882 | AX49: 16136882 | BE49: 233199 | BF49: 233199 | BH49: 233199 | BI49: 16370081 | BJ49: 360000 | BN49: 985224 | BP49: 6062911 | BQ49: 15541283 | BR49: 22949418 | BS49: 39319499
B50: 800113634 | C50: 2022-12-31 | D50: CAPRELCO SAS | E50: F4290 - Construcción de otras obras de ingeniería civil | F50: 08. SOCIEDAD POR ACCIONES SIMPLIFICADA SAS | G50: Ak 15 No 124 29 Of 302 | H50: BOGOTA D.C. | I50: BOGOTA D.C. | J50: Periodo Actual | K50: 348474 | L50: 509698 | M50: 228370 | N50: 25000 | R50: 1839945 | T50: 2951487 | V50: 2951487 | W50: 134592 | AK50: 134592 | AL50: 3086079 | AM50: 16885 | AO50: 16885 | AP50: 90530 | AQ50: 31523 | AR50: 1449 | AT50: 1449 | AV50: 140387 | AX50: 140387 | BE50: 291430 | BF50: 291430 | BG50: 1353429 | BH50: 1644859 | BI50: 1785246 | BJ50: 500000 | BP50: 49897 | BQ50: 750936 | BR50: 1300833 | BS50: 3086079
B51: 800113677 | C51: 2022-12-31 | D51: PETROLABIN S.A.S | E51: F4290 - Construcción de otras obras de ingeniería civil | F51: 08. SOCIEDAD POR ACCIONES SIMPLIFICADA SAS | G51: CRA 37 52 43 OFC 801 EDF VIP CENTER | H51: SANTANDER | I51: BUCARAMANGA-SANTANDER | J51: Periodo Actual | K51: 1639966 | L51: 12509301 | M51: 2510 | Q51: 21400730 | T51: 35552507 | V51: 35552507 | W51: 11368159 | X51: 27985765 | AF51: 755745 | AH51: 4874463 | AK51: 44984132 | AL51: 80536639 | AM51: 572499 | AO51: 572499 | AP51: 4885415 | AV51: 5457914 | AX51: 5457914 | BC51: 2010207 | BE51: 14712324 | BF51: 14712324 | BG51: 7785152 | BH51: 24507683 | BI51: 29965597 | BJ51: 2400000 | BK51: 4000000 | BP51: 19713 | BQ51: 44151329 | BR51: 50571042 | BS51: 80536639
B52: 800113757 | C52: 2022-12-31 | D52: INGE C Y C S.A.S | E52: F4290 - Construcción de otras obras de ingeniería civil | F52: 08. SOCIEDAD POR ACCIONES SIMPLIFICADA SAS | G52: CR 35A 57 91 OF 201 | H52: BOGOTA D.C. | I52: BOGOTA D.C. | J52: Periodo Actual | K52: 2150 | L52: 12235 | M52: 173890 | N52: 9755 | T52: 198030 | V52: 198030 | W52: 108069 | Y52: 548229 | AD52: 29082 | AK52: 685380 | AL52: 883410 | AM52: 1751 | AO52: 1751 | AP52: 15364 | AQ52: 17680 | AV52: 34795 | AX52: 34795 | BI52: 34795 | BJ52: 50000 | BP52: 22894 | BQ52: 775721 | BR52: 848615 | BS52: 883410
B53: 800119086 | C53: 2022-12-31 | D53: PROYECTOS Y VIAS SASPROYECTOS Y VIAS SAS | E53: F4290 - Construcción de otras obras de ingeniería civil | F53: 08. SOCIEDAD POR ACCIONES SIMPLIFICADA SAS | G53: CL 30A 81 37 | H53: ANTIOQUIA | I53: MEDELLIN-ANTIOQUIA | J53: Periodo Actual | K53: 2785497 | L53: 11118654 | M53: 100158 | N53: 460662 | Q53: 2112983 | T53: 16577954 | V53: 16577954 | W53: 11480319 | Y53: 1152126 | AA53: 14480 | AD53: 300000 | AK53: 12946925 | AL53: 29524879 | AP53: 1193286 | AV53: 1193286 | AX53: 1193286 | BB53: 1755593 | BC53: 1871430 | BH53: 3627023 | BI53: 4820309 | BJ53: 800000 | BN53: 109685 | BO53: 5125524 | BP53: 3815838 | BQ53: 14853523 | BR53: 24704570 | BS53: 29524879
B54: 800124466 | C54: 2022-12-31 | D54: GABRIEL VERGARA VERGARA SAS | E54: F4290 - Construcción de otras obras de ingeniería civil | F54: 08. SOCIEDAD POR ACCIONES SIMPLIFICADA SAS | G54: CR 40 N NO 27 35 | H54: SUCRE | I54: SINCELEJO-SUCRE | J54: Periodo Actual | K54: 2056 | L54: 1001431 | M54: 928992 | N54: 13898 | Q54: 6219 | T54: 1952596 | V54: 1952596 | W54: 1238165 | AC54: 302173 | AF54: 73152 | AK54: 1613490 | AL54: 3566086 | AM54: 14258 | AO54: 14258 | AP54: 13704 | AQ54: 192054 | AV54: 220016 | AX54: 220016 | BB54: 1085422 | BG54: 846462 | BH54: 1931884 | BI54: 2151900 | BJ54: 500000 | BP54: 120566 | BQ54: 793620 | BR54: 1414186 | BS54: 3566086
B55: 800125980 | C55: 2022-12-31 | D55: EMECON SA EN REORGANIZACION | E55: F4290 - Construcción de otras obras de ingeniería civil | F55: 01. SOCIEDAD ANÓNIMA | G55: ZONA INDUSTRIAL KM 20.5 | H55: CUNDINAMARCA | I55: TOCANCIPA-CUNDINAMARCA | J55: Periodo Actual | K55: 115869 | L55: 7096414 | M55: 5395323 | T55: 12607606 | V55: 12607606 | W55: 16437435 | X55: 1397441 | AA55: 327631 | AD55: 128211 | AF55: 400395 | AK55: 18691113 | AL55: 31298719 | AM55: 205456 | AO55: 205456 | AP55: 2556542 | AQ55: 306973 | AU55: 6332864 | AV55: 9401835 | AX55: 9401835 | BC55: 4050893 | BH55: 4050893 | BI55: 13452728 | BJ55: 550000 | BP55: 387760 | BQ55: 16908231 | BR55: 17845991 | BS55: 31298719
B56: 800129071 | C56: 2022-12-31 | D56: SOTARCO SAS | E56: F4290 - Construcción de otras obras de ingeniería civil | F56: 08. SOCIEDAD POR ACCIONES SIMPLIFICADA SAS | G56: CARRERA 45 9 SUR 12 AP 603 | H56: ANTIOQUIA | I56: MEDELLIN-ANTIOQUIA | J56: Periodo Actual | K56: 460025 | L56: 232586 | M56: 902989 | N56: 139919 | R56: 3260547 | T56: 4996066 | V56: 4996066 | W56: 43881 | AK56: 43881 | AL56: 5039947 | AM56: 21550 | AO56: 21550 | AP56: 484479 | AQ56: 53542 | AR56: 94090 | AS56: 94090 | AU56: 78151 | AV56: 731812 | AX56: 731812 | BG56: 666401 | BH56: 666401 | BI56: 1398213 | BJ56: 355500 | BN56: 120000 | BQ56: 3166234 | BR56: 3641734 | BS56: 5039947
B57: 800134130 | C57: 2022-12-31 | D57: solidos ingenieros civiles sa | E57: F4290 - Construcción de otras obras de ingeniería civil | F57: 01. SOCIEDAD ANÓNIMA | G57: cra 30 10c 228 of 405 | H57: ANTIOQUIA | I57: MEDELLIN-ANTIOQUIA | J57: Periodo Actual | K57: 129457 | L57: 7299326 | M57: 0 | N57: 232845 | T57: 7661628 | V57: 7661628 | W57: 4143000 | X57: 0 | AK57: 4143000 | AL57: 11804628 | AM57: 246347 | AO57: 246347 | AP57: 3512216 | AQ57: 5675 | AR57: 693014 | AS57: 693014 | AV57: 4457252 | AX57: 4457252 | BC57: 671821 | BH57: 671821 | BI57: 5129073 | BJ57: 90000 | BO57: 2436885 | BP57: 45000 | BQ57: 4103670 | BR57: 6675555 | BS57: 11804628
B58: 800137478 | C58: 2022-12-31 | D58: METALORIENTE SAS | E58: F4290 - Construcción de otras obras de ingeniería civil | F58: 08. SOCIEDAD POR ACCIONES SIMPLIFICADA SAS | G58: KM 1.5 VIA CAVASA PARCELACION LA NUBIA VEREDA CAUCA SECO | H58: VALLE | I58: CANDELARIA-VALLE | J58: Periodo Actual | K58: 14335 | L58: 1803190 | M58: 2743201 | N58: 452327 | Q58: 406540 | T58: 5419593 | V58: 5419593 | W58: 1495879 | AA58: 126104 | AF58: 297365 | AK58: 1919348 | AL58: 7338941 | AP58: 2479670 | AR58: 1135396 | AV58: 3615066 | AX58: 3615066 | BB58: 165127 | BH58: 165127 | BI58: 3780193 | BJ58: 200000 | BO58: 551774 | BP58: 116926 | BQ58: 2690048 | BR58: 3558748 | BS58: 7338941
B59: 800140959 | C59: 2022-12-31 | D59: CYG INGENIERIA Y CONSTRUCCIONES S A S | E59: F4290 - Construcción de otras obras de ingeniería civil | F59: 08. SOCIEDAD POR ACCIONES SIMPLIFICADA SAS | G59: CRA 7 75 -51 OF 602 | H59: BOGOTA D.C. | I59: BOGOTA D.C. | J59: Periodo Actual | K59: 3342135 | L59: 18292869 | M59: 9491331 | Q59: 24553213 | T59: 55679548 | V59: 55679548 | W59: 173348 | AK59: 173348 | AL59: 55852896 | AM59: 269997 | AO59: 269997 | AP59: 5020674 | AQ59: 272265 | AR59: 14136974 | AS59: 14136974 | AV59: 19699910 | AX59: 19699910 | BB59: 9497770 | BC59: 19288 | BG59: 2504197 | BH59: 12021255 | BI59: 31721165 | BJ59: 2400000 | BO59: 9930000 | BP59: 1200000 | BQ59: 10601731 | BR59: 24131731 | BS59: 55852896
B60: 800141509 | C60: 2022-12-31 | D60: CORA SAS | E60: F4290 - Construcción de otras obras de ingeniería civil | F60: 08. SOCIEDAD POR ACCIONES SIMPLIFICADA SAS | G60: CARRERA 3 A 23-64 | H60: BOYACA | I60: PUERTO-BOYACA-BOYACA | J60: Periodo Actual | K60: 156328 | L60: 918758 | N60: 151229 | R60: 283897 | T60: 1510212 | V60: 1510212 | W60: 791384 | AI60: 123640 | AK60: 915024 | AL60: 2425236 | AP60: 209588 | AQ60: 179935 | AR60: 981715 | AS60: 0 | AT60: 981715 | AV60: 1371238 | AX60: 1371238 | AY60: 36923 | BA60: 36923 | BH60: 36923 | BI60: 1408161 | BJ60: 155000 | BQ60: 862075 | BR60: 1017075 | BS60: 2425236
B61: 800143273 | C61: 2022-12-31 | D61: MONTAJES Y CONSTRUCCIONES FERMAR SAS | E61: F4290 - Construcción de otras obras de ingeniería civil | F61: 08. SOCIEDAD POR ACCIONES SIMPLIFICADA SAS | G61: CRA 19 55 59 | H61: SANTANDER | I61: BARRANCABERMEJA-SANTANDER | J61: Periodo Actual | K61: 11635646 | L61: 15627371 | M61: 0 | N61: 0 | O61: 0 | P61: 0 | Q61: 0 | R61: 0 | S61: 0 | T61: 27263017 | U61: 0 | V61: 27263017 | W61: 5357716 | X61: 0 | Y61: 0 | Z61: 0 | AA61: 0 | AB61: 0 | AC61: 0 | AD61: 0 | AE61: 0 | AF61: 0 | AG61: 0 | AH61: 0 | AI61: 0 | AJ61: 0 | AK61: 5357716 | AL61: 32620733 | AM61: 0 | AN61: 0 | AO61: 0 | AP61: 1341071 | AR61: 0 | AS61: 0 | AT61: 0 | AU61: 0 | AV61: 1341071 | AW61: 0 | AX61: 1341071 | AY61: 0 | AZ61: 0 | BA61: 0 | BB61: 3082816 | BC61: 0 | BD61: 0 | BE61: 2177509 | BF61: 2177509 | BG61: 0 | BH61: 5260325 | BI61: 6601396 | BJ61: 1309000 | BK61: 0 | BL61: 0 | BM61: 0 | BN61: 0 | BO61: 0 | BP61: 0 | BQ61: 24710337 | BR61: 26019337 | BS61: 32620733
B62: 800143610 | C62: 2022-12-31 | D62: SOFORESTA SAS | E62: F4290 - Construcción de otras obras de ingeniería civil | F62: 08. SOCIEDAD POR ACCIONES SIMPLIFICADA SAS | G62: CRA 12 7 45 | H62: HUILA | I62: NEIVA-HUILA | J62: Periodo Actual | K62: 1111879 | L62: 11839466 | M62: 1683159 | T62: 14634504 | V62: 14634504 | W62: 13236974 | AA62: 71771 | AK62: 13308745 | AL62: 27943249 | AM62: 546070 | AO62: 546070 | AP62: 3212230 | AQ62: 94684 | AR62: 877335 | AS62: 877335 | AV62: 4730319 | AX62: 4730319 | BE62: 7729472 | BF62: 7729472 | BH62: 7729472 | BI62: 12459791 | BJ62: 600000 | BO62: 878418 | BP62: 1590838 | BQ62: 12414202 | BR62: 15483458 | BS62: 27943249
B63: 800144081 | C63: 2022-12-31 | D63: ODIS OBRAS Y DISEÑOS S A S | E63: F4290 - Construcción de otras obras de ingeniería civil | F63: 08. SOCIEDAD POR ACCIONES SIMPLIFICADA SAS | G63: Carrera 27 A 50 34 | H63: BOGOTA D.C. | I63: BOGOTA D.C. | J63: Periodo Actual | K63: 17352 | L63: 354123 | M63: 169211 | T63: 540686 | V63: 540686 | W63: 163779 | Y63: 1153760 | AK63: 1317539 | AL63: 1858225 | AM63: 33770 | AO63: 33770 | AP63: 151933 | AQ63: 16181 | AV63: 201884 | AX63: 201884 | BI63: 201884 | BJ63: 31000 | BP63: 18980 | BQ63: 1606361 | BR63: 1656341 | BS63: 1858225
B64: 800144156 | C64: 2022-12-31 | D64: HIDROESTRUCTURAS SAS | E64: F4290 - Construcción de otras obras de ingeniería civil | F64: 08. SOCIEDAD POR ACCIONES SIMPLIFICADA SAS | G64: CLL 6 44 37 OF 214 | H64: VALLE | I64: CALI-VALLE | J64: Periodo Actual | K64: 402 | L64: 656411 | M64: 0 | N64: 14464 | O64: 0 | P64: 0 | Q64: 508135 | R64: 0 | S64: 0 | T64: 1179412 | U64: 0 | V64: 1179412 | W64: 79173 | X64: 0 | Y64: 0 | Z64: 0 | AA64: 0 | AB64: 0 | AC64: 0 | AD64: 36675 | AE64: 0 | AF64: 134836 | AG64: 0 | AK64: 250684 | AL64: 1430096 | AP64: 11832 | AQ64: 3658 | AV64: 15490 | AX64: 15490 | BB64: 83800 | BC64: 199 | BH64: 83999 | BI64: 99489 | BJ64: 194710 | BK64: 0 | BL64: 0 | BM64: 0 | BO64: 10013 | BP64: 10129 | BQ64: 1115755 | BR64: 1330607 | BS64: 1430096
B65: 800146310 | C65: 2022-12-31 | D65: AZUL URBANO LIMITADA | E65: F4290 - Construcción de otras obras de ingeniería civil | F65: 03. SOCIEDAD LIMITADA | G65: CR 8 45 35 OF 929 CENTRO DE NEGOCIOS ALAMEDAS DEL SINU | H65: CORDOBA | I65: MONTERIA-CORDOBA | J65: Periodo Actual | K65: 58144 | L65: 1222077 | M65: 8801105 | Q65: 325507 | T65: 10406833 | V65: 10406833 | W65: 375354 | AA65: 679 | AK65: 376033 | AL65: 10782866 | AM65: 42701 | AO65: 42701 | AP65: 358005 | AQ65: 53400 | AV65: 454106 | AX65: 454106 | BB65: 5693365 | BE65: 2418112 | BF65: 2418112 | BH65: 8111477 | BI65: 8565583 | BJ65: 400000 | BP65: 74761 | BQ65: 1742522 | BR65: 2217283 | BS65: 10782866
B66: 800147021 | C66: 2022-12-31 | D66: LLANOPOZO SA | E66: F4290 - Construcción de otras obras de ingeniería civil | F66: 01. SOCIEDAD ANÓNIMA | G66: TV 93 53-32 IN 11 | H66: BOGOTA D.C. | I66: BOGOTA D.C. | J66: Periodo Actual | K66: 2023727 | L66: 3613290 | M66: 268351 | N66: 565246 | T66: 6470614 | V66: 6470614 | W66: 2468850 | AF66: 70139 | AK66: 2538989 | AL66: 9009603 | AP66: 3206067 | AR66: 0 | AS66: 0 | AV66: 3206067 | AX66: 3206067 | BD66: 0 | BE66: 2591665 | BF66: 2591665 | BH66: 2591665 | BI66: 5797732 | BJ66: 400000 | BO66: 2058457 | BP66: 200000 | BQ66: 553414 | BR66: 3211871 | BS66: 9009603
B67: 800150987 | C67: 2022-12-31 | D67: INGEDUCTOS S.A. EN REORGANIZACION | E67: F4290 - Construcción de otras obras de ingeniería civil | F67: 01. SOCIEDAD ANÓNIMA | G67: CL 45 B 22 54 | H67: BOGOTA D.C. | I67: BOGOTA D.C. | J67: Periodo Actual | K67: 4066 | L67: 4390733 | Q67: 911950 | T67: 5306749 | V67: 5306749 | W67: 686985 | AK67: 686985 | AL67: 5993734 | AM67: 654720 | AO67: 654720 | AP67: 2337195 | AQ67: 1855 | AR67: 1709143 | AS67: 1709143 | AU67: 727972 | AV67: 5430885 | AX67: 5430885 | BI67: 5430885 | BJ67: 220000 | BO67: 540000 | BP67: 5366 | BQ67: -202517 | BR67: 562849 | BS67: 5993734
B68: 800155260 | C68: 2022-12-31 | D68: RAMIREZ ARENAS S.A.S | E68: F4290 - Construcción de otras obras de ingeniería civil | F68: 08. SOCIEDAD POR ACCIONES SIMPLIFICADA SAS | G68: PARQUE INDUSTRIAL PROVINCIA DE SOTO II ETP BODEGA 38 CL 73 42W 19 BR PORVENIR | H68: SANTANDER | I68: BUCARAMANGA-SANTANDER | J68: Periodo Actual | K68: 143595 | L68: 309896 | M68: 459083 | N68: 89193 | T68: 1001767 | V68: 1001767 | W68: 1292953 | Y68: 238189 | AF68: 61947 | AK68: 1593089 | AL68: 2594856 | AM68: 37316 | AO68: 37316 | AP68: 98087 | AQ68: 41870 | AR68: 139410 | AS68: 139410 | AU68: 77401 | AV68: 394084 | AX68: 394084 | AY68: 50850 | BA68: 50850 | BB68: 134004 | BC68: 66938 | BE68: 610863 | BF68: 610863 | BG68: 39954 | BH68: 902609 | BI68: 1296693 | BJ68: 150000 | BP68: 182738 | BQ68: 965425 | BR68: 1298163 | BS68: 2594856
B69: 800159596 | C69: 2022-12-31 | D69: COMPAÑIA DE INGENIERIA Y CONSTRUCCIONES DEL CARIBE S.A.S. | E69: F4290 - Construcción de otras obras de ingeniería civil | F69: 08. SOCIEDAD POR ACCIONES SIMPLIFICADA SAS | G69: CR 51B #76-136 OF 409 | H69: ATLANTICO | I69: BARRANQUILLA-ATLANTICO | J69: Periodo Actual | K69: 212261 | L69: 957970 | Q69: 346160 | T69: 1516391 | V69: 1516391 | W69: 887425 | AK69: 887425 | AL69: 2403816 | AP69: 900131 | AV69: 900131 | AX69: 900131 | BB69: 670074 | BH69: 670074 | BI69: 1570205 | BJ69: 500000 | BP69: 71891 | BQ69: 261720 | BR69: 833611 | BS69: 2403816
B70: 800164423 | C70: 2022-12-31 | D70: PAMER INGENIERIA SAS | E70: F4290 - Construcción de otras obras de ingeniería civil | F70: 08. SOCIEDAD POR ACCIONES SIMPLIFICADA SAS | G70: CALLE 12 1D - 45 BARRIO EL CARMEN | H70: ATLANTICO | I70: MALAMBO-ATLANTICO | J70: Periodo Actual | K70: 7489 | L70: 4019208 | M70: 1010983 | N70: 138623 | Q70: 215540 | T70: 5391843 | V70: 5391843 | W70: 1351646 | AK70: 1351646 | AL70: 6743489 | AM70: 65494 | AO70: 65494 | AP70: 566913 | AQ70: 28398 | AR70: 382866 | AT70: 382866 | AU70: 15185 | AV70: 1058856 | AX70: 1058856 | BE70: 1754184 | BF70: 1754184 | BH70: 1754184 | BI70: 2813040 | BJ70: 350000 | BN70: 161450 | BP70: 357541 | BQ70: 3061458 | BR70: 3930449 | BS70: 6743489
B71: 800170850 | C71: 2022-12-31 | D71: RAPITEC SAS | E71: F4290 - Construcción de otras obras de ingeniería civil | F71: 08. SOCIEDAD POR ACCIONES SIMPLIFICADA SAS | G71: CR 11D 119 37CR 11D 119 37 | H71: BOGOTA D.C. | I71: BOGOTA D.C. | J71: Periodo Actual | K71: 34055 | L71: 2020600 | N71: 137003 | R71: 534215 | T71: 2725873 | V71: 2725873 | W71: 0 | AD71: 776809 | AF71: 970 | AI71: 150000 | AK71: 927779 | AL71: 3653652 | AM71: 87269 | AO71: 87269 | AP71: 87653 | AQ71: 116573 | AR71: 150000 | AS71: 150000 | AV71: 441495 | AX71: 441495 | BI71: 441495 | BJ71: 1000000 | BN71: 4519 | BP71: 91369 | BQ71: 2116269 | BR71: 3212157 | BS71: 3653652
B72: 800176128 | C72: 2022-12-31 | D72: CINCEL SAS | E72: F4290 - Construcción de otras obras de ingeniería civil | F72: 08. SOCIEDAD POR ACCIONES SIMPLIFICADA SAS | G72: DG 32 33A SUR 25 OF 101 | H72: ANTIOQUIA | I72: ENVIGADO-ANTIOQUIA | J72: Periodo Actual | K72: 10296 | L72: 3688386 | M72: 522687 | N72: 27828 | R72: 4354650 | T72: 8603847 | V72: 8603847 | W72: 13513 | AH72: 9450 | AK72: 22963 | AL72: 8626810 | AP72: 65188 | AQ72: 92749 | AR72: 158025 | AS72: 158025 | AU72: 1302635 | AV72: 1618597 | AX72: 1618597 | BG72: 1800000 | BH72: 1800000 | BI72: 3418597 | BJ72: 182000 | BP72: 240399 | BQ72: 4785814 | BR72: 5208213 | BS72: 8626810
B73: 800177012 | C73: 2022-12-31 | D73: JASA LTDA | E73: F4290 - Construcción de otras obras de ingeniería civil | F73: 03. SOCIEDAD LIMITADA | G73: AV 6 #7N-71 ZONA INDUSTRIAL | H73: NORTE DE SANTANDER | I73: CUCUTA-NORTE DE SANTANDER | J73: Periodo Actual | K73: 4221544 | L73: 7145563 | M73: 14547336 | N73: 306795 | T73: 26221238 | V73: 26221238 | W73: 4665457 | Y73: 2248854 | AA73: 20967 | AF73: 268999 | AK73: 7204277 | AL73: 33425515 | AP73: 803566 | AV73: 803566 | AX73: 803566 | BB73: 1479829 | BE73: 17824401 | BF73: 17824401 | BH73: 19304230 | BI73: 20107796 | BJ73: 2005000 | BO73: 799000 | BP73: 1003719 | BQ73: 9510000 | BR73: 13317719 | BS73: 33425515
B74: 800177854 | C74: 2022-12-31 | D74: MONTAJES TECNICOS ZAMBRANO Y VARGAS SAS | E74: F4290 - Construcción de otras obras de ingeniería civil | F74: 08. SOCIEDAD POR ACCIONES SIMPLIFICADA SAS | G74: CARRERA 34 22 - 56 BRR SAN BENITO | H74: META | I74: VILLAVICENCIO-META | J74: Periodo Actual | K74: 5644756 | L74: 55719108 | M74: 11299979 | N74: 4438842 | T74: 77102685 | V74: 77102685 | W74: 16864503 | AA74: 4 | AH74: 14564 | AK74: 16879071 | AL74: 93981756 | AM74: 915038 | AO74: 915038 | AP74: 14805303 | AQ74: 9673214 | AR74: 22092101 | AV74: 47485656 | AX74: 47485656 | BC74: 76843 | BE74: 2939922 | BH74: 3016765 | BI74: 50502421 | BJ74: 1200000 | BP74: 600000 | BQ74: 41679335 | BR74: 43479335 | BS74: 93981756
B75: 800186250 | C75: 2022-12-31 | D75: ESTAHL INGENIERIA SOCIEDAD POR ACCIONES SIMPLIFICADA SAS | E75: F4290 - Construcción de otras obras de ingeniería civil | F75: 08. SOCIEDAD POR ACCIONES SIMPLIFICADA SAS | G75: KM 2 VIA FUNZA SIBERIA PARQUE INDUSTRIAL JAPON PERU BG 7 | H75: CUNDINAMARCA | I75: FUNZA-CUNDINAMARCA | J75: Periodo Actual | K75: 2378206 | L75: 22436034 | M75: 5529171 | N75: 1637455 | T75: 31980866 | V75: 31980866 | W75: 4537166 | AA75: 37913 | AF75: 2007530 | AK75: 6582609 | AL75: 38563475 | AM75: 380023 | AO75: 380023 | AP75: 4386477 | AQ75: 241863 | AR75: 2736350 | AS75: 2736350 | AU75: 20422247 | AV75: 28166960 | AX75: 28166960 | BC75: 314176 | BE75: 1901386 | BF75: 1901386 | BG75: 1255742 | BH75: 3471304 | BI75: 31638264 | BJ75: 1620847 | BK75: 2666082 | BQ75: 2638282 | BR75: 6925211 | BS75: 38563475
B76: 800192570 | C76: 2022-12-31 | D76: AG CONSTRUCCION Y DISEÑO SAS | E76: F4290 - Construcción de otras obras de ingeniería civil | F76: 08. SOCIEDAD POR ACCIONES SIMPLIFICADA SAS | G76: CR 23 124 87 OF 205 | H76: BOGOTA D.C. | I76: BOGOTA D.C. | J76: Periodo Actual | K76: 131768 | L76: 2270825 | M76: 368094 | N76: 1436364 | T76: 4207051 | V76: 4207051 | W76: 1188552 | AE76: 484685 | AI76: 437780 | AK76: 2111017 | AL76: 6318068 | AM76: 55387 | AN76: 333311 | AO76: 388698 | AQ76: 84015 | AR76: 460142 | AV76: 932855 | AX76: 932855 | BB76: 1158712 | BD76: 1782329 | BH76: 2941041 | BI76: 3873896 | BJ76: 150000 | BO76: 8159 | BP76: 183090 | BQ76: 2102923 | BR76: 2444172 | BS76: 6318068
B77: 800192783 | C77: 2022-12-31 | D77: SOCIEDAD CORPORACION FINANZAS DE AMERICA CORFIAMERICA | E77: F4290 - Construcción de otras obras de ingeniería civil | F77: 08. SOCIEDAD POR ACCIONES SIMPLIFICADA SAS | G77: CRA 10 No. 16 92 OFI 607 | H77: BOGOTA D.C. | I77: BOGOTA D.C. | J77: Periodo Actual | K77: 4012 | L77: 1717272 | M77: 13660205 | Q77: 47037022 | T77: 62418511 | V77: 62418511 | AL77: 62418511 | AM77: 1821196 | AO77: 1821196 | AP77: 19315857 | AQ77: 4230321 | AR77: 0 | AS77: 0 | AV77: 25367374 | AX77: 25367374 | BB77: 40274169 | BE77: 4595708 | BF77: 4595708 | BH77: 44869877 | BI77: 70237251 | BJ77: 400000 | BN77: 12729221 | BP77: 51035 | BQ77: -20998996 | BR77: -7818740 | BS77: 62418511
B78: 800193071 | C78: 2022-12-31 | D78: CASTRO ROJAS INGENIEROS Y ARQUITECTOS S.A.S. | E78: F4290 - Construcción de otras obras de ingeniería civil | F78: 08. SOCIEDAD POR ACCIONES SIMPLIFICADA SAS | G78: CALLE 114 53 72 INT. 102 | H78: BOGOTA D.C. | I78: BOGOTA D.C. | J78: Periodo Actual | K78: 232683 | L78: 1722956 | M78: 309057 | Q78: 1500 | R78: 140800 | T78: 2406996 | V78: 2406996 | W78: 2233451 | X78: 791990 | AA78: 1155 | AD78: 83328 | AK78: 3109924 | AL78: 5516920 | AM78: 84354 | AO78: 84354 | AP78: 1321000 | AR78: 90060 | AV78: 1495414 | AX78: 1495414 | BI78: 1495414 | BJ78: 63000 | BK78: 670 | BP78: 36287 | BQ78: 3921549 | BR78: 4021506 | BS78: 5516920
B79: 800193524 | C79: 2022-12-31 | D79: ELECTRICOS Y CIVILES CONSTRUCTORES SAS | E79: F4290 - Construcción de otras obras de ingeniería civil | F79: 08. SOCIEDAD POR ACCIONES SIMPLIFICADA SAS | G79: CR 5 13 56 OF 601 | H79: HUILA | I79: NEIVA-HUILA | J79: Periodo Actual | K79: 204309 | L79: 653078 | M79: 744000 | N79: 26957 | T79: 1628344 | V79: 1628344 | W79: 200714 | AK79: 200714 | AL79: 1829058 | AP79: 13625 | AQ79: 13781 | AV79: 27406 | AX79: 27406 | BB79: 454000 | BH79: 454000 | BI79: 481406 | BJ79: 40000 | BN79: 223278 | BP79: 87925 | BQ79: 996449 | BR79: 1347652 | BS79: 1829058
B80: 800195564 | C80: 2022-12-31 | D80: HV INGENIERIA Y CONSTRUCCIONES SAS | E80: F4290 - Construcción de otras obras de ingeniería civil | F80: 08. SOCIEDAD POR ACCIONES SIMPLIFICADA SAS | G80: CL 77B 57 103 OF 1105 ED GREEN TOWERS | H80: ATLANTICO | I80: BARRANQUILLA-ATLANTICO | J80: Periodo Actual | K80: 397446 | L80: 651873 | M80: 2211983 | N80: 185532 | T80: 3446834 | V80: 3446834 | W80: 638970 | AK80: 638970 | AL80: 4085804 | AP80: 850886 | AR80: 611610 | AS80: 611610 | AV80: 1462496 | AX80: 1462496 | BB80: 436590 | BH80: 436590 | BI80: 1899086 | BJ80: 100000 | BP80: 60597 | BQ80: 2026121 | BR80: 2186718 | BS80: 4085804
B81: 800196467 | C81: 2022-12-31 | D81: INGENIERIA JOULES MEC SAS | E81: F4290 - Construcción de otras obras de ingeniería civil | F81: 08. SOCIEDAD POR ACCIONES SIMPLIFICADA SAS | G81: CALLE 35 SUR N 5 150 ZONA INDUSTRIAL | H81: HUILA | I81: NEIVA-HUILA | J81: Periodo Actual | K81: 545246 | L81: 14719973 | M81: 1852210 | N81: 572928 | Q81: 157695 | R81: 4087136 | T81: 21935188 | V81: 21935188 | W81: 22075828 | X81: 90000 | AA81: 16860 | AK81: 22182688 | AL81: 44117876 | AM81: 1410449 | AO81: 1410449 | AP81: 4838802 | AQ81: 391667 | AV81: 6640918 | AX81: 6640918 | BC81: 1224159 | BG81: 5299360 | BH81: 6523519 | BI81: 13164437 | BJ81: 3300000 | BO81: 7306539 | BP81: 2429007 | BQ81: 17917893 | BR81: 30953439 | BS81: 44117876
B82: 800196832 | C82: 2022-12-31 | D82: FOMENTO CENTRAL MINERO SAS | E82: F4290 - Construcción de otras obras de ingeniería civil | F82: 08. SOCIEDAD POR ACCIONES SIMPLIFICADA SAS | G82: calle 41N 4N 133 | H82: VALLE | I82: CALI-VALLE | J82: Periodo Actual | K82: 2221 | L82: 113253 | M82: 33580 | N82: 11685 | O82: 0 | P82: 0 | Q82: 43977 | R82: 0 | S82: 0 | T82: 204716 | U82: 0 | V82: 204716 | W82: 531549 | X82: 92396 | Y82: 8976233 | Z82: 0 | AA82: 128364 | AB82: 0 | AC82: 0 | AD82: 0 | AE82: 0 | AF82: 0 | AG82: 0 | AH82: 0 | AI82: 0 | AJ82: 0 | AK82: 9728542 | AL82: 9933258 | AM82: 8468 | AN82: 0 | AO82: 8468 | AP82: 32226 | AQ82: 1098 | AS82: 0 | AT82: 0 | AU82: 0 | AV82: 41792 | AX82: 41792 | AY82: 0 | AZ82: 0 | BA82: 0 | BB82: 0 | BC82: 0 | BD82: 3212 | BE82: 909711 | BF82: 909711 | BG82: 945731 | BH82: 1858654 | BI82: 1900446 | BJ82: 340000 | BK82: 196560 | BL82: 0 | BM82: 0 | BN82: 1655 | BO82: 7178379 | BP82: 40061 | BQ82: 276157 | BR82: 8032812 | BS82: 9933258
B83: 800198573 | C83: 2022-12-31 | D83: HAGSA EN REESTRUCTURACION | E83: F4290 - Construcción de otras obras de ingeniería civil | F83: 01. SOCIEDAD ANÓNIMA | G83: CR 61 DD 40A 03 SANTA CLARA II | H83: ANTIOQUIA | I83: RIONEGRO-ANTIOQUIA | J83: Periodo Actual | K83: 855508 | L83: 894309 | M83: 18044535 | N83: 364867 | T83: 20159219 | V83: 20159219 | W83: 0 | AD83: 1288668 | AE83: 600000 | AI83: 218000 | AK83: 2106668 | AL83: 22265887 | AM83: 8139 | AN83: 46705 | AO83: 54844 | AP83: 255850 | AQ83: 524011 | AR83: 83132 | AU83: 125309 | AV83: 1043146 | AX83: 1043146 | BB83: 1738949 | BE83: 6107023 | BG83: 1863295 | BH83: 9709267 | BI83: 10752413 | BJ83: 1000000 | BN83: 2857713 | BP83: 583110 | BQ83: 7072651 | BR83: 11513474 | BS83: 22265887
B84: 800199185 | C84: 2022-12-31 | D84: HIFO SA | E84: F4290 - Construcción de otras obras de ingeniería civil | F84: 01. SOCIEDAD ANÓNIMA | G84: CRA 7B No. 126-61 | H84: BOGOTA D.C. | I84: BOGOTA D.C. | J84: Periodo Actual | K84: 700 | L84: 279828 | M84: 86314 | Q84: 90000 | R84: 4503 | T84: 461345 | V84: 461345 | W84: 191450 | AK84: 191450 | AL84: 652795 | AP84: 285347 | AV84: 285347 | AX84: 285347 | BE84: 149396 | BH84: 149396 | BI84: 434743 | BJ84: 200000 | BP84: 4445 | BQ84: 13607 | BR84: 218052 | BS84: 652795
B85: 800200439 | C85: 2022-12-31 | D85: UNIVERSAL DE PRODUCTOS Y SERVICIOS SAS | E85: F4290 - Construcción de otras obras de ingeniería civil | F85: 08. SOCIEDAD POR ACCIONES SIMPLIFICADA SAS | G85: AUTOPISTA SUR CRA 7 39A 119 | H85: CUNDINAMARCA | I85: SOACHA-CUNDINAMARCA | J85: Periodo Actual | K85: 1725 | L85: 2189907 | M85: 637129 | N85: 745991 | T85: 3574752 | V85: 3574752 | W85: 915232 | AK85: 915232 | AL85: 4489984 | AM85: 197804 | AO85: 197804 | AP85: 449225 | AQ85: 1291640 | AR85: 104530 | AS85: 104530 | AV85: 2043199 | AX85: 2043199 | BD85: 25861 | BE85: 883447 | BF85: 883447 | BG85: 15252 | BH85: 924560 | BI85: 2967759 | BJ85: 400000 | BP85: 73117 | BQ85: 1049108 | BR85: 1522225 | BS85: 4489984
B86: 800203342 | C86: 2022-12-31 | D86: GRUCON SAS | E86: F4290 - Construcción de otras obras de ingeniería civil | F86: 08. SOCIEDAD POR ACCIONES SIMPLIFICADA SAS | G86: CALLE 37 B 84 A 63 | H86: ANTIOQUIA | I86: MEDELLIN-ANTIOQUIA | J86: Periodo Actual | K86: 939328 | L86: 9221781 | N86: 1015949 | T86: 11177058 | V86: 11177058 | W86: 570258 | AF86: 11132 | AK86: 581390 | AL86: 11758448 | AM86: 64737 | AO86: 64737 | AP86: 1164803 | AQ86: 1051315 | AR86: 444137 | AS86: 444137 | AV86: 2724992 | AX86: 2724992 | BC86: 187416 | BE86: 1422156 | BH86: 1609572 | BI86: 4334564 | BJ86: 2800 | BP86: 1400 | BQ86: 7419684 | BR86: 7423884 | BS86: 11758448
B87: 800205166 | C87: 2022-12-31 | D87: ROCALES Y CONCRETOS SOCIEDAD POR ACCIONES SIMPLIFICADA | E87: F4290 - Construcción de otras obras de ingeniería civil | F87: 08. SOCIEDAD POR ACCIONES SIMPLIFICADA SAS | G87: CALLE 6 NORTE 2N 36 OFICINA 516 | H87: VALLE | I87: CALI-VALLE | J87: Periodo Actual | K87: 2792955 | L87: 21554750 | M87: 2763823 | N87: 17898 | Q87: 160000 | R87: 6739506 | T87: 34028932 | V87: 34028932 | W87: 6960634 | AA87: 8837 | AI87: 20169519 | AK87: 27138990 | AL87: 61167922 | AM87: 665120 | AO87: 665120 | AP87: 10877080 | AQ87: 514305 | AR87: 1503218 | AS87: 1503218 | AU87: 6855740 | AV87: 20415463 | AX87: 20415463 | BE87: 8001343 | BF87: 8001343 | BG87: 7243146 | BH87: 15244489 | BI87: 35659952 | BJ87: 360000 | BP87: 180000 | BQ87: 24967970 | BR87: 25507970 | BS87: 61167922
B88: 800206723 | C88: 2022-12-31 | D88: CONSTRUCTORA LANDA SAS | E88: F4290 - Construcción de otras obras de ingeniería civil | F88: 08. SOCIEDAD POR ACCIONES SIMPLIFICADA SAS | G88: CRA 46 94 36 | H88: BOGOTA D.C. | I88: BOGOTA D.C. | J88: Periodo Actual | K88: 870175 | L88: 8095990 | M88: 0 | N88: 200702 | T88: 9166867 | V88: 9166867 | W88: 13055832 | Y88: 18916242 | AK88: 31972074 | AL88: 41138941 | AM88: 572701 | AO88: 572701 | AP88: 1540128 | AQ88: 225995 | AR88: 376251 | AS88: 376251 | AV88: 2715075 | AX88: 2715075 | BB88: 1487861 | BC88: 27752 | BE88: 13119434 | BF88: 13119434 | BH88: 14635047 | BI88: 17350122 | BJ88: 500000 | BP88: 378520 | BQ88: 22910299 | BR88: 23788819 | BS88: 41138941
B89: 800207312 | C89: 2022-12-31 | D89: CANOGA GARDEN CONSTRUCCIONES S.A.S. | E89: F4290 - Construcción de otras obras de ingeniería civil | F89: 08. SOCIEDAD POR ACCIONES SIMPLIFICADA SAS | G89: CL 110 9 25 OF 1706 | H89: BOGOTA D.C. | I89: BOGOTA D.C. | J89: Periodo Actual | K89: 622 | L89: 0 | M89: 0 | N89: 110902 | O89: 0 | P89: 0 | Q89: 3130 | R89: 0 | S89: 0 | T89: 114654 | U89: 0 | V89: 114654 | W89: 0 | X89: 0 | Y89: 0 | Z89: 0 | AA89: 0 | AB89: 0 | AC89: 0 | AD89: 0 | AE89: 0 | AF89: 0 | AG89: 0 | AH89: 0 | AI89: 0 | AJ89: 0 | AK89: 0 | AL89: 114654 | AM89: 0 | AN89: 0 | AO89: 0 | AP89: 0 | AQ89: 106089 | AR89: 0 | AS89: 0 | AT89: 0 | AU89: 0 | AV89: 106089 | AW89: 0 | AX89: 106089 | AY89: 0 | AZ89: 0 | BA89: 0 | BB89: 0 | BC89: 0 | BD89: 0 | BE89: 0 | BF89: 0 | BG89: 0 | BH89: 0 | BI89: 106089 | BJ89: 1000 | BK89: 0 | BL89: 0 | BM89: 0 | BN89: 0 | BO89: 16641477 | BP89: 500 | BQ89: -16634412 | BR89: 8565 | BS89: 114654
B90: 800207622 | C90: 2022-12-31 | D90: ICAGEL LIMITADA | E90: F4290 - Construcción de otras obras de ingeniería civil | F90: 03. SOCIEDAD LIMITADA | G90: CONJUNTO VILLA ROCIO CASA 10 | H90: TOLIMA | I90: IBAGUE-TOLIMA | J90: Periodo Actual | K90: 21768 | L90: 532396 | M90: 241033 | N90: 1092 | T90: 796289 | V90: 796289 | W90: 115317 | AK90: 115317 | AL90: 911606 | AP90: 7509 | AV90: 7509 | AX90: 7509 | BI90: 7509 | BJ90: 205000 | BN90: 411637 | BP90: 56735 | BQ90: 230725 | BR90: 904097 | BS90: 911606
B91: 800208210 | C91: 2022-12-31 | D91: RCH CONSTRUCTORES ASOCIADOS SAS | E91: F4290 - Construcción de otras obras de ingeniería civil | F91: 08. SOCIEDAD POR ACCIONES SIMPLIFICADA SAS | G91: CRA 7 127 48 OFC 701 | H91: BOGOTA D.C. | I91: BOGOTA D.C. | J91: Periodo Actual | K91: 2120605 | L91: 17957165 | M91: 13463855 | Q91: 9916282 | T91: 43457907 | V91: 43457907 | W91: 1338417 | Y91: 341423 | AK91: 1679840 | AL91: 45137747 | AM91: 515659 | AO91: 515659 | AP91: 4042747 | AQ91: 1499101 | AV91: 6057507 | AX91: 6057507 | BB91: 10419493 | BH91: 10419493 | BI91: 16477000 | BJ91: 4100000 | BK91: 650000 | BN91: 965167 | BP91: 1279336 | BQ91: 21666244 | BR91: 28660747 | BS91: 45137747
B92: 800209530 | C92: 2022-12-31 | D92: CONSTRUCTORA FG SAS | E92: F4290 - Construcción de otras obras de ingeniería civil | F92: 08. SOCIEDAD POR ACCIONES SIMPLIFICADA SAS | G92: CRA 57 84 211 | H92: ATLANTICO | I92: BARRANQUILLA-ATLANTICO | J92: Periodo Actual | K92: 43159 | L92: 33582653 | M92: 1560000 | N92: 1682446 | Q92: 2481090 | R92: 5139912 | T92: 44489260 | V92: 44489260 | W92: 4394717 | X92: 500000 | AA92: 238987 | AD92: 12464202 | AK92: 17597906 | AL92: 62087166 | AP92: 3100180 | AQ92: 338440 | AR92: 4146225 | AS92: 4146225 | AU92: 281980 | AV92: 7866825 | AX92: 7866825 | BB92: 17748829 | BH92: 17748829 | BI92: 25615654 | BJ92: 130100 | BK92: 13921840 | BO92: 2611138 | BP92: 3086411 | BQ92: 16722023 | BR92: 36471512 | BS92: 62087166
B93: 800210073 | C93: 2022-12-31 | D93: O&P INGENIERIA SAS | E93: F4290 - Construcción de otras obras de ingeniería civil | F93: 08. SOCIEDAD POR ACCIONES SIMPLIFICADA SAS | G93: CALLE 93 N 15-59 OFC 104 | H93: BOGOTA D.C. | I93: BOGOTA D.C. | J93: Periodo Actual | K93: 27768 | L93: 6238435 | N93: 924822 | T93: 7191025 | V93: 7191025 | W93: 1264661 | X93: 120000 | AA93: 1244711 | AD93: 4043282 | AF93: 1070288 | AK93: 7742942 | AL93: 14933967 | AP93: 1681765 | AV93: 1681765 | AX93: 1681765 | BB93: 2623898 | BE93: 4462603 | BF93: 4462603 | BH93: 7086501 | BI93: 8768266 | BJ93: 1825000 | BP93: 583800 | BQ93: 3756901 | BR93: 6165701 | BS93: 14933967
B94: 800215694 | C94: 2022-12-31 | D94: VESGA MORENO INGENIEROS SAS BIC | E94: F4290 - Construcción de otras obras de ingeniería civil | F94: 08. SOCIEDAD POR ACCIONES SIMPLIFICADA SAS | G94: CALLE 31A 26 15 OFC 602 C.E LA FLORIDA | H94: SANTANDER | I94: FLORIDABLANCA-SANTANDER | J94: Periodo Actual | K94: 1525545 | L94: 4218536 | M94: 1259352 | Q94: 310757 | T94: 7314190 | V94: 7314190 | W94: 1056492 | AK94: 1056492 | AL94: 8370682 | AM94: 209644 | AO94: 209644 | AP94: 282003 | AQ94: 219309 | AR94: 145103 | AU94: 983018 | AV94: 1839077 | AX94: 1839077 | BC94: 17634 | BE94: 2599005 | BH94: 2616639 | BI94: 4455716 | BJ94: 829478 | BN94: 160470 | BP94: 160061 | BQ94: 2764957 | BR94: 3914966 | BS94: 8370682
B95: 800216899 | C95: 2022-12-31 | D95: CDC INGENIERIA SAS | E95: F4290 - Construcción de otras obras de ingeniería civil | F95: 08. SOCIEDAD POR ACCIONES SIMPLIFICADA SAS | G95: CRA. 7 #237-04, K3, FLORESTA DE LA SABANA | H95: BOGOTA D.C. | I95: BOGOTA D.C. | J95: Periodo Actual | K95: 1722 | L95: 756751 | M95: 251160 | T95: 1009633 | V95: 1009633 | W95: 40728 | AF95: 15191 | AK95: 55919 | AL95: 1065552 | AP95: 96278 | AU95: 18577 | AV95: 114855 | AX95: 114855 | BC95: 4881 | BG95: 595429 | BH95: 600310 | BI95: 715165 | BJ95: 1000 | BP95: 319154 | BQ95: 30233 | BR95: 350387 | BS95: 1065552
B96: 800217690 | C96: 2022-12-31 | D96: COMEC LTDA CONSTRUCCION DE OBRA DE INGENIERIA MECANICA CIVIL Y ELECTRICA LTDA | E96: F4290 - Construcción de otras obras de ingeniería civil | F96: 03. SOCIEDAD LIMITADA | G96: CRA 26 47-36 | H96: SANTANDER | I96: BARRANCABERMEJA-SANTANDER | J96: Periodo Actual | K96: 3668 | N96: 23170 | T96: 26838 | V96: 26838 | W96: 250000 | AK96: 250000 | AL96: 276838 | AP96: 2419 | AV96: 2419 | AX96: 2419 | AY96: 15026 | BA96: 15026 | BB96: 2163198 | BH96: 2178224 | BI96: 2180643 | BJ96: 100000 | BQ96: -2003805 | BR96: -1903805 | BS96: 276838
B97: 800219705 | C97: 2022-12-31 | D97: ROCA + SAS | E97: F4290 - Construcción de otras obras de ingeniería civil | F97: 07. EMPRESA UNIPERSONAL | G97: AV CR 28 37 52 | H97: BOGOTA D.C. | I97: BOGOTA D.C. | J97: Periodo Actual | K97: 159040 | L97: 3314120 | T97: 3473160 | V97: 3473160 | W97: 5876 | AK97: 5876 | AL97: 3479036 | AP97: 576825 | AV97: 576825 | AX97: 576825 | BB97: 627391 | BH97: 627391 | BI97: 1204216 | BJ97: 1000000 | BO97: 288809 | BP97: 95644 | BQ97: 890367 | BR97: 2274820 | BS97: 3479036
B98: 800224899 | C98: 2022-12-31 | D98: FEYMA INGENIERIA S.A.S | E98: F4290 - Construcción de otras obras de ingeniería civil | F98: 08. SOCIEDAD POR ACCIONES SIMPLIFICADA SAS | G98: CARRERA 1 13 80 | H98: BOYACA | I98: TUNJA-BOYACA | J98: Periodo Actual | K98: 261881 | L98: 550958 | M98: 76727 | N98: 261971 | T98: 1151537 | V98: 1151537 | W98: 260584 | AA98: 3158 | AK98: 263742 | AL98: 1415279 | AP98: 464489 | AR98: 0 | AT98: 0 | AV98: 464489 | AX98: 464489 | BI98: 464489 | BJ98: 400000 | BP98: 169855 | BQ98: 380935 | BR98: 950790 | BS98: 1415279
B99: 800226646 | C99: 2022-12-31 | D99: BIOTECNOLOGIA DE COLOMBIA SAS | E99: F4290 - Construcción de otras obras de ingeniería civil | F99: 08. SOCIEDAD POR ACCIONES SIMPLIFICADA SAS | G99: Cra 26 90 16 diamante 2 | H99: SANTANDER | I99: BARRANCABERMEJA-SANTANDER | J99: Periodo Actual | K99: 0 | L99: 1978220 | T99: 1978220 | V99: 1978220 | W99: 931547 | AA99: 420 | AK99: 931967 | AL99: 2910187 | AM99: 15000 | AO99: 15000 | AP99: 2379849 | AQ99: 63 | AR99: 3948237 | AS99: 3948237 | AU99: 2467715 | AV99: 8810864 | AX99: 8810864 | BI99: 8810864 | BJ99: 600000 | BQ99: -6500677 | BR99: -5900677 | BS99: 2910187
B100: 800226833 | C100: 2022-12-31 | D100: RAMPINT SAS | E100: F4290 - Construcción de otras obras de ingeniería civil | F100: 08. SOCIEDAD POR ACCIONES SIMPLIFICADA SAS | G100: CL 37 35 A 23 BRR YARIMA | H100: SANTANDER | I100: BARRANCABERMEJA-SANTANDER | J100: Periodo Actual | K100: 26086397 | L100: 83703372 | N100: 9209509 | Q100: 2382759 | R100: 176069 | T100: 121558106 | V100: 121558106 | W100: 13906205 | AA100: 30719 | AI100: 232365 | AK100: 14169289 | AL100: 135727395 | AP100: 42391425 | AQ100: 5316820 | AR100: 0 | AS100: 0 | AV100: 47708245 | AX100: 47708245 | AZ100: 2408842 | BA100: 2408842 | BH100: 2408842 | BI100: 50117087 | BJ100: 46096490 | BP100: 863736 | BQ100: 38650082 | BR100: 85610308 | BS100: 135727395
B101: 800228872 | C101: 2022-12-31 | D101: CONCALI COLOMBIA SAS | E101: F4290 - Construcción de otras obras de ingeniería civil | F101: 08. SOCIEDAD POR ACCIONES SIMPLIFICADA SAS | G101: Calle 5 66 B 75 Ofic220A | H101: VALLE | I101: CALI-VALLE | J101: Periodo Actual | K101: 1511749 | L101: 2494565 | M101: 3189020 | N101: 1023570 | Q101: 296119 | T101: 8515023 | V101: 8515023 | W101: 2758184 | X101: 1854020 | AD101: 434996 | AF101: 14750 | AK101: 5061950 | AL101: 13576973 | AP101: 3384246 | AR101: 481680 | AS101: 481680 | AV101: 3865926 | AX101: 3865926 | BB101: 765658 | BE101: 1638952 | BH101: 2404610 | BI101: 6270536 | BJ101: 1000000 | BK101: 144106 | BP101: 118659 | BQ101: 6043672 | BR101: 7306437 | BS101: 13576973
...
